Workbook

Sheet 目次
A1: Ⅰ． 国内総生産(支出側)及び各需要項目 | C1: 국내총생산(지출측) 및 각 수요항목
A3: 1 | B3: 実質原系列 | C3: 실질, 원계열
A4: 2 | B4: 実質原系列(前年同期比) | C4: 실질, 원계열, 전년동기비
A5: 3 | B5: 実質原系列(寄与度) | C5: 실질, 원계열, 기여도
A6: 4 | B6: 実質季節調整系列 | C6: 실질, 계절조정계열
A7: 5 | B7: 実質季節調整系列(前期比) | C7: 실질, 계절조정계열, 전기비
A8: 6 | B8: 実質季節調整系列(寄与度) | C8: 실질, 계절조정계열, 기여도
A9: 7 | B9: 実質季節調整系列(年率) | C9: 실질, 계절조정계열, 연율
A10: 8 | B10: 実質季節調整系列(年率寄与度) | C10: 실질, 계절조정계열, 연율기여도
A11: 9 | B11: 名目原系列 | C11: 명목, 원계열
A12: 10 | B12: 名目原系列(前年同期比) | C12: 명목, 원계열, 전년동기비
A13: 11 | B13: 名目原系列(寄与度) | C13: 명목, 원계열, 기여도
A14: 12 | B14: 名目季節調整系列 | C14: 명목, 계절조정계열
... A21: 19 | B21: 四半期デフレーター季節調整系列(前期比) | C21: 사분기 디플레이터, 계절조정계열, 전기비

Sheet gaku-jg
A1: 実質原系列 | Q1: <参考> | Z1: (単位:2015暦年連鎖価格、10億円)
A2: =VLOOKUP(A1,目次!B:C,2,0) -> 실질, 원계열 | Q2: <참고> | Z2: 단위: 2015년 연쇄가격, 10억엔
B4: 国内総生産 (支出側) | C4: 民間最終 消費支出 | D4: 家計最終 消費支出 | E4: 除く持ち家の 帰属家賃 | F4: 民間住宅 | G4: 民間企業 設備 | H4: 民間在庫 変動 | I4: 政府最終 消費支出 | J4: 公的固定 資本形成 | K4: 公的在庫 変動 | L4: 財貨・サービス | O4: 開差 | Q4: 交易利得 | R4: 国内総所得 | S4: 海外からの所得 | V4: 国民総所得 | X4: 国内需要 | Y4: 民間需要 | Z4: 公的需要 | AB4: 総固定 資本形成 | AD4: 最終需要
L5: 純輸出 | M5: 輸出 | N5: 輸入 | S5: 純受取 | T5: 受取 | U5: 支払
B6: GDP (Expenditure Approach) | C6: Private Consumption | D6: Consumption of Households | E6: Excluding Imputed Rent | F6: Private Residential Investment | G6: Private Non-Resi. Investment | H6: Change in Private Inventories | I6: Government Consumption | J6: Public Investment | K6: Change in Public Inventories | L6: Goods & Services | O6: Residual | Q6: Trading Gains/Losses | R6: GDI | S6: Income from /to the Rest of the World | V6: GNI | X6: Domestic Demand | Y6: Private Demand | Z6: Public Demand | AB6: Gross Fixed Capital Formation | AD6: Final Sales of Domestic Product
L7: Net Exports | M7: Exports | N7: Imports | S7: Net | T7: Receipt | U7: Payment
B8: 국내총생산 (지출측) | C8: 민간최종 소비지출 | D8: 가계최종 소비지출 | E8: 주택 의제 임차료 제외 | F8: 민간주택 | G8: 민간기업 설비 | H8: 민간재고 변동 | I8: 정부최종 소비지출 | J8: 공적고정 자본형성 | K8: 공적재고 변동 | L8: 재화 및 서비스 | O8: 개차 | Q8: 교역이득 | R8: 국내총소득 | S8: 해외로부터의 소득 | V8: 국민총소득 | X8: 국내수요 | Y8: 민간수요 | Z8: 공적수요 | AB8: 총고정 자본형성 | AD8: 최종수요
L9: 순수출 | M9: 수출 | N9: 수입 | S9: 순수취 | T9: 수취 | U9: 지불
A10: 2014/ 1- 3. | B10: 135163 | C10: 77602.7 | D10: 76060.6 | E10: 63774.2 | F10: 5555.7 | G10: 23724.5 | H10: -3172.4 | I10: 26085.5 | J10: 8073.9 | K10: 37.4 | L10: -2603.4 | M10: 22165.5 | N10: 24769 | O10: -140.8 | Q10: -2053.1 | R10: 133109.8 | S10: 5122.6 | T10: 6485.7 | U10: 1363.2 | V10: 138232.4 | X10: 137761.4 | Y10: 103578.9 | Z10: 34180.5 | AB10: 37348.2 | AD10: 138467.8
A11: 4- 6. | B11: 128341.9 | C11: 72409 | D11: 70899.6 | E11: 58565.2 | F11: 4829.6 | G11: 18586.8 | H11: 2142.8 | I11: 25817.9 | J11: 5297.6 | K11: 11 | L11: -845.7 | M11: 22315.6 | N11: 23161.3 | O11: 93 | Q11: -1939.8 | R11: 126402.1 | S11: 4170 | T11: 6658.4 | U11: 2488.4 | V11: 130572.1 | X11: 129199.6 | Y11: 98038.2 | Z11: 31163.4 | AB11: 28720.3 | AD11: 126083.7
A12: 7- 9. | B12: 130927 | C12: 74628.9 | D12: 72945.3 | E12: 60620.3 | F12: 4924.7 | G12: 20442.1 | H12: -9 | I12: 25606.3 | J12: 6544.7 | K12: 29 | L12: -1218.8 | M12: 22658.3 | N12: 23877.1 | O12: -20.9 | Q12: -2003 | R12: 128924 | S12: 5820.6 | T12: 7306.4 | U12: 1485.8 | V12: 134744.6 | X12: 132187.4 | Y12: 99988.2 | Z12: 32200 | AB12: 31916.5 | AD12: 130897.6
A13: 10-12. | B13: 135380.8 | C13: 76076.1 | D13: 74233.6 | E13: 61911.3 | F13: 5086.3 | G13: 20386 | H13: 713.8 | I13: 26045.9 | J13: 7915 | K13: -6.2 | L13: -807.2 | M13: 23757.1 | N13: 24564.2 | O13: -28.8 | Q13: -1525.9 | R13: 133854.9 | S13: 4319.5 | T13: 6801.7 | U13: 2482.3 | V13: 138174.4 | X13: 136228.3 | Y13: 102289.3 | Z13: 33936.9 | AB13: 33373.3 | AD13: 134640
A14: 2015/ 1- 3. | B14: 135545.5 | C14: 74827.6 | D14: 73464.9 | E14: 61133.9 | F14: 4957.5 | G14: 24786.6 | H14: -2613.6 | I14: 26517.5 | J14: 7668 | K14: 46.7 | L14: -556.4 | M14: 23912.4 | N14: 24468.7 | O14: -88.3 | Q14: -254.9 | R14: 135290.7 | S14: 5697.6 | T14: 7257.1 | U14: 1559.5 | V14: 140988.3 | X14: 136120.3 | Y14: 101879.8 | Z14: 34237.8 | AB14: 37407.7 | AD14: 138207.2
A15: 4- 6. | B15: 131367 | C15: 73746 | D15: 72085.8 | E15: 59745 | F15: 4813.8 | G15: 19521.8 | H15: 2189.3 | I15: 26318.7 | J15: 5219.8 | K15: -32.5 | L15: -498.4 | M15: 22799.4 | N15: 23297.9 | O15: 88.5 | Q15: -241.2 | R15: 131125.7 | S15: 5028.2 | T15: 7785.1 | U15: 2756.9 | V15: 136154 | X15: 131839.6 | Y15: 100332 | Z15: 31509.3 | AB15: 29557.5 | AD15: 129131.4
A16: 7- 9. | B16: 133748.4 | C16: 75309.9 | D16: 73478.9 | E16: 61134.3 | F16: 5200.3 | G16: 21578 | H16: 243.6 | I16: 26060 | J16: 6227 | K16: -27.6 | L16: -829.1 | M16: 23374.8 | N16: 24203.9 | O16: -13.5 | Q16: 79.8 | R16: 133828.3 | S16: 6250.3 | T16: 7999.1 | U16: 1748.8 | V16: 140078.6 | X16: 134585.2 | Y16: 102328.6 | Z16: 32258.1 | AB16: 33008.2 | AD16: 133543.1
A17: 10-12. | B17: 137420.3 | C17: 76181.4 | D17: 74177.9 | E17: 61828.4 | F17: 5334.6 | G17: 21432.7 | H17: 1312.8 | I17: 26653.7 | J17: 7614.5 | K17: -26.5 | L17: -1096.1 | M17: 23728.8 | N17: 24825 | O17: 13.4 | Q17: 419.7 | R17: 137840 | S17: 4229.4 | T17: 7020.5 | U17: 2791.2 | V17: 142069.4 | X17: 138516.3 | Y17: 104281.6 | Z17: 34234 | AB17: 34381.1 | AD17: 136107.5
A18: 2016/ 1- 3. | B18: 136877.8 | C18: 74761.1 | D18: 73212.1 | E18: 60856.6 | F18: 5066.8 | G18: 24557.5 | H18: -2335.2 | I18: 27229.2 | J18: 8019.6 | K18: 26.6 | L18: -459.1 | M18: 23713.7 | N18: 24172.7 | O18: 11.3 | Q18: 1604.6 | R18: 138482.4 | S18: 5710 | T18: 7440.1 | U18: 1730 | V18: 144192.4 | X18: 137334.9 | Y18: 102062.1 | Z18: 35272 | AB18: 37643.4 | AD18: 139170.7
A19: 4- 6. | B19: 131994.9 | C19: 73106.3 | D19: 71380.8 | E19: 59019.7 | F19: 4975.2 | G19: 19724.6 | H19: 2286 | I19: 26742.4 | J19: 5395.3 | K19: -63.3 | L19: -177.3 | M19: 23060.4 | N19: 23237.7 | O19: 5.7 | Q19: 1323.9 | R19: 133318.8 | S19: 4334.1 | T19: 7480.7 | U19: 3146.6 | V19: 137652.9 | X19: 132170.4 | Y19: 100096 | Z19: 32074.2 | AB19: 30094.8 | AD19: 129767.3
A20: 7- 9. | B20: 134430.3 | C20: 74651.8 | D20: 72719.6 | E20: 60352.3 | F20: 5451.3 | G20: 21447.7 | H20: 17.5 | I20: 26454.7 | J20: 6393.2 | K20: -68 | L20: 84.6 | M20: 23613.5 | N20: 23528.9 | O20: -2.5 | Q20: 1260 | R20: 135690.3 | S20: 5610 | T20: 7534.4 | U20: 1924.4 | V20: 141300.3 | X20: 134345.6 | Y20: 101564.4 | Z20: 32781.4 | AB20: 33292.3 | AD20: 134485.9
A21: 10-12. | B21: 138834.5 | C21: 76265.4 | D21: 74139 | E21: 61765.7 | F21: 5599.1 | G21: 21707.5 | H21: 738 | I21: 26827.2 | J21: 7574.7 | K21: -90.6 | L21: 227.6 | M21: 24946.1 | N21: 24718.5 | O21: -14.5 | Q21: 1055.3 | R21: 139889.8 | S21: 3433.1 | T21: 6416.6 | U21: 2983.4 | V21: 143322.9 | X21: 138610.6 | Y21: 104298 | Z21: 34313.5 | AB21: 34881.9 | AD21: 138202.3
... A55: 4- 6. | B55: 137462.4 | C55: 73951 | D55: 72059.6 | E55: 59541.4 | F55: 4516.2 | G55: 21396.3 | H55: 1910.8 | I55: 29848.7 | J55: 5370.8 | K55: -44.6 | L55: 688 | M55: 28927.2 | N55: 28239.2 | O55: -174.9 | Q55: -1296.1 | R55: 136166.3 | S55: 7996.6 | T55: 14998.2 | U55: 7001.6 | V55: 144162.9 | X55: 136838.3 | Y55: 101840 | Z55: 34959.4 | AB55: 31232.5 | AD55: 135474.9
A57: ＊開差＝国内総生産(支出側)－国内総生産(支出側)の内訳項目計。
A58: 개차 = 국내총생산(지출측) - 국내총생산(지출측)의 내역항목계.
A60: ＊財貨・サービスの純輸出は連鎖方式での計算ができないため、財貨・サービスの輸出－財貨・サービスの輸入により求めている。このため寄与度とは符号が一致しない場合がある。
A61: 재화 및 서비스의 순수출은 연쇄 방식으로 계산이 불가능하기에, 재화 및 서비스의 수출 - 재화 및 서비스의 수입으로 구하고 있습니다. 따라서 기여도와 부호가 일치하지 않을 수 있습니다.

Sheet ritu-jg
A1: 実質原系列(前年同期比) | P1: <参考> | AC1: (単位:％)
A2: =VLOOKUP(A1,目次!B:C,2,0) -> 실질, 원계열, 전년동기비 | P2: <참고> | AC2: 단위: %
B4: 国内総生産 (支出側) | C4: 民間最終 消費支出 | D4: 家計最終 消費支出 | E4: 除く持ち家の 帰属家賃 | F4: 民間住宅 | G4: 民間企業 設備 | H4: 民間在庫 変動 | I4: 政府最終 消費支出 | J4: 公的固定 資本形成 | K4: 公的在庫 変動 | L4: 財貨・サービス | P4: 交易利得 | Q4: 国内総所得 | R4: 海外からの所得 | U4: 国民総所得 | W4: 国内需要 | X4: 民間需要 | Y4: 公的需要 | AA4: 総固定 資本形成 | AC4: 最終需要
L5: 純輸出 | M5: 輸出 | N5: 輸入 | R5: 純受取 | S5: 受取 | T5: 支払
B6: =HLOOKUP(B4,'gaku-jg'!4:8,3,0) -> GDP (Expenditure Approach) | C6: =HLOOKUP(C4,'gaku-jg'!4:8,3,0) -> Private Consumption | D6: =HLOOKUP(D4,'gaku-jg'!4:8,3,0) -> Consumption of Households | E6: =HLOOKUP(E4,'gaku-jg'!4:8,3,0) -> Excluding Imputed Rent | F6: =HLOOKUP(F4,'gaku-jg'!4:8,3,0) -> Private Residential Investment | G6: =HLOOKUP(G4,'gaku-jg'!4:8,3,0) -> Private Non-Resi. Investment | H6: =HLOOKUP(H4,'gaku-jg'!4:8,3,0) -> Change in Private Inventories | I6: =HLOOKUP(I4,'gaku-jg'!4:8,3,0) -> Government Consumption | ... L6: =HLOOKUP(L4,'gaku-jg'!4:8,3,0) -> Goods & Services | P6: =HLOOKUP(P4,'gaku-jg'!4:8,3,0) -> Trading Gains/Losses | Q6: =HLOOKUP(Q4,'gaku-jg'!4:8,3,0) -> GDI | R6: =HLOOKUP(R4,'gaku-jg'!4:8,3,0) -> Income from /to the Rest of the World | U6: =HLOOKUP(U4,'gaku-jg'!4:8,3,0) -> GNI | W6: =HLOOKUP(W4,'gaku-jg'!4:8,3,0) -> Domestic Demand | X6: =HLOOKUP(X4,'gaku-jg'!4:8,3,0) -> Private Demand | Y6: =HLOOKUP(Y4,'gaku-jg'!4:8,3,0) -> Public Demand | AA6: =HLOOKUP(AA4,'gaku-jg'!4:8,3,0) -> Gross Fixed Capital Formation | AC6: =HLOOKUP(AC4,'gaku-jg'!4:8,3,0) -> Final Sales of Domestic Product
L7: =HLOOKUP(L5,'gaku-jg'!5:9,3,0) -> Net Exports | M7: =HLOOKUP(M5,'gaku-jg'!5:9,3,0) -> Exports | N7: =HLOOKUP(N5,'gaku-jg'!5:9,3,0) -> Imports | R7: =HLOOKUP(R5,'gaku-jg'!5:9,3,0) -> Net | S7: =HLOOKUP(S5,'gaku-jg'!5:9,3,0) -> Receipt | T7: =HLOOKUP(T5,'gaku-jg'!5:9,3,0) -> Payment
B8: =HLOOKUP(B6,'gaku-jg'!6:10,3,0) -> 국내총생산 (지출측) | C8: =HLOOKUP(C6,'gaku-jg'!6:10,3,0) -> 민간최종 소비지출 | D8: =HLOOKUP(D6,'gaku-jg'!6:10,3,0) -> 가계최종 소비지출 | E8: =HLOOKUP(E6,'gaku-jg'!6:10,3,0) -> 주택 의제 임차료 제외 | F8: =HLOOKUP(F6,'gaku-jg'!6:10,3,0) -> 민간주택 | G8: =HLOOKUP(G6,'gaku-jg'!6:10,3,0) -> 민간기업 설비 | H8: =HLOOKUP(H6,'gaku-jg'!6:10,3,0) -> 민간재고 변동 | I8: =HLOOKUP(I6,'gaku-jg'!6:10,3,0) -> 정부최종 소비지출 | ... L8: =HLOOKUP(L6,'gaku-jg'!6:10,3,0) -> 재화 및 서비스 | P8: =HLOOKUP(P6,'gaku-jg'!6:10,3,0) -> 교역이득 | Q8: =HLOOKUP(Q6,'gaku-jg'!6:10,3,0) -> 국내총소득 | R8: =HLOOKUP(R6,'gaku-jg'!6:10,3,0) -> 해외로부터의 소득 | U8: =HLOOKUP(U6,'gaku-jg'!6:10,3,0) -> 국민총소득 | W8: =HLOOKUP(W6,'gaku-jg'!6:10,3,0) -> 국내수요 | X8: =HLOOKUP(X6,'gaku-jg'!6:10,3,0) -> 민간수요 | Y8: =HLOOKUP(Y6,'gaku-jg'!6:10,3,0) -> 공적수요 | AA8: =HLOOKUP(AA6,'gaku-jg'!6:10,3,0) -> 총고정 자본형성 | AC8: =HLOOKUP(AC6,'gaku-jg'!6:10,3,0) -> 최종수요
L9: =HLOOKUP(L7,'gaku-jg'!7:11,3,0) -> 순수출 | M9: =HLOOKUP(M7,'gaku-jg'!7:11,3,0) -> 수출 | N9: =HLOOKUP(N7,'gaku-jg'!7:11,3,0) -> 수입 | R9: =HLOOKUP(R7,'gaku-jg'!7:11,3,0) -> 순수취 | S9: =HLOOKUP(S7,'gaku-jg'!7:11,3,0) -> 수취 | T9: =HLOOKUP(T7,'gaku-jg'!7:11,3,0) -> 지불
A10: 2014/ 1- 3. | B10: 2.9 | C10: 3.4 | D10: 3.4 | E10: 3.9 | F10: 10 | G10: 8.8 | H10: *** | I10: 2 | J10: 8.3 | K10: *** | L10: *** | M10: 9.7 | N10: 15.7 | P10: *** | Q10: 2.5 | R10: *** | S10: 18.6 | T10: 42.2 | U10: 2.8 | W10: 4 | X10: 4.2 | Y10: 3.7 | AA10: 8.8 | AC10: 3.4
A11: 4- 6. | B11: -0.1 | C11: -2.6 | D11: -2.5 | E11: -3.2 | F11: -0.2 | G11: 2.6 | H11: *** | I11: 0.2 | J11: 0.9 | K11: *** | L11: *** | M11: 6.8 | N11: 6.8 | P11: *** | Q11: -0.4 | R11: *** | S11: -0.7 | T11: 26.4 | U11: -0.9 | W11: 0 | X11: -0.1 | Y11: 0.3 | AA11: 1.8 | AC11: -1.2
A12: 7- 9. | B12: -1.1 | C12: -2.4 | D12: -2.2 | E12: -2.7 | F12: -8.7 | G12: 1.7 | H12: *** | I12: 0.8 | J12: -1.1 | K12: *** | L12: *** | M12: 8.3 | N12: 6.2 | P12: *** | Q12: -1.4 | R12: *** | S12: 11.9 | T12: 15.4 | U12: -0.9 | W12: -1.2 | X12: -1.8 | Y12: 0.7 | AA12: -0.6 | AC12: -1.2
A13: 10-12. | B13: -0.5 | C13: -1.9 | D13: -1.8 | E13: -2.2 | F13: -11.8 | G13: 1.9 | H13: *** | I13: 0.8 | J13: -2.7 | K13: *** | L13: *** | M13: 12.6 | N13: 4.3 | P13: *** | Q13: -0.4 | R13: *** | S13: 27.3 | T13: 32.6 | U13: 0.2 | W13: -1.6 | X13: -2.1 | Y13: 0 | AA13: -1.5 | AC13: -0.2
A14: 2015/ 1- 3. | B14: 0.3 | C14: -3.6 | D14: -3.4 | E14: -4.1 | F14: -10.8 | G14: 4.5 | H14: *** | I14: 1.7 | J14: -5 | K14: *** | L14: *** | M14: 7.9 | N14: -1.2 | P14: *** | Q14: 1.6 | R14: *** | S14: 11.9 | T14: 14.4 | U14: 2 | W14: -1.2 | X14: -1.6 | Y14: 0.2 | AA14: 0.2 | AC14: -0.2
A15: 4- 6. | B15: 2.4 | C15: 1.8 | D15: 1.7 | E15: 2 | F15: -0.3 | G15: 5 | H15: *** | I15: 1.9 | J15: -1.5 | K15: *** | L15: *** | M15: 2.2 | N15: 0.6 | P15: *** | Q15: 3.7 | R15: *** | S15: 16.9 | T15: 10.8 | U15: 4.3 | W15: 2 | X15: 2.3 | Y15: 1.1 | AA15: 2.9 | AC15: 2.4
A16: 7- 9. | B16: 2.2 | C16: 0.9 | D16: 0.7 | E16: 0.8 | F16: 5.6 | G16: 5.6 | H16: *** | I16: 1.8 | J16: -4.9 | K16: *** | L16: *** | M16: 3.2 | N16: 1.4 | P16: *** | Q16: 3.8 | R16: *** | S16: 9.5 | T16: 17.7 | U16: 4 | W16: 1.8 | X16: 2.3 | Y16: 0.2 | AA16: 3.4 | AC16: 2
A17: 10-12. | B17: 1.5 | C17: 0.1 | D17: -0.1 | E17: -0.1 | F17: 4.9 | G17: 5.1 | H17: *** | I17: 2.3 | J17: -3.8 | K17: *** | L17: *** | M17: -0.1 | N17: 1.1 | P17: *** | Q17: 3 | R17: *** | S17: 3.2 | T17: 12.4 | U17: 2.8 | W17: 1.7 | X17: 1.9 | Y17: 0.9 | AA17: 3 | AC17: 1.1
A18: 2016/ 1- 3. | B18: 1 | C18: -0.1 | D18: -0.3 | E18: -0.5 | F18: 2.2 | G18: -0.9 | H18: *** | I18: 2.7 | J18: 4.6 | K18: *** | L18: *** | M18: -0.8 | N18: -1.2 | P18: *** | Q18: 2.4 | R18: *** | S18: 2.5 | T18: 10.9 | U18: 2.3 | W18: 0.9 | X18: 0.2 | Y18: 3 | AA18: 0.6 | AC18: 0.7
A19: 4- 6. | B19: 0.5 | C19: -0.9 | D19: -1 | E19: -1.2 | F19: 3.4 | G19: 1 | H19: *** | I19: 1.6 | J19: 3.4 | K19: *** | L19: *** | M19: 1.1 | N19: -0.3 | P19: *** | Q19: 1.7 | R19: *** | S19: -3.9 | T19: 14.1 | U19: 1.1 | W19: 0.3 | X19: -0.2 | Y19: 1.8 | AA19: 1.8 | AC19: 0.5
A20: 7- 9. | B20: 0.5 | C20: -0.9 | D20: -1 | E20: -1.3 | F20: 4.8 | G20: -0.6 | H20: *** | I20: 1.5 | J20: 2.7 | K20: *** | L20: *** | M20: 1 | N20: -2.8 | P20: *** | Q20: 1.4 | R20: *** | S20: -5.8 | T20: 10 | U20: 0.9 | W20: -0.2 | X20: -0.7 | Y20: 1.6 | AA20: 0.9 | AC20: 0.7
A21: 10-12. | B21: 1 | C21: 0.1 | D21: -0.1 | E21: -0.1 | F21: 5 | G21: 1.3 | H21: *** | I21: 0.7 | J21: -0.5 | K21: *** | L21: *** | M21: 5.1 | N21: -0.4 | P21: *** | Q21: 1.5 | R21: *** | S21: -8.6 | T21: 6.9 | U21: 0.9 | W21: 0.1 | X21: 0 | Y21: 0.2 | AA21: 1.5 | AC21: 1.5
... A55: 4- 6. | B55: 1.7 | C55: 1.1 | D55: 1.1 | E55: 1.3 | F55: 2.5 | G55: 1.9 | H55: *** | I55: -0.2 | J55: -0.7 | K55: *** | L55: *** | M55: 4.9 | N55: 3.9 | P55: *** | Q55: 2.2 | R55: *** | S55: -4.3 | T55: 0.1 | U55: 1.6 | W55: 1.5 | X55: 2.2 | Y55: -0.5 | AA55: 1.5 | AC55: 1.1

Sheet kiyo-jg
A1: 実質原系列(寄与度) | P1: <参考> | AC1: (単位:％)
A2: =VLOOKUP(A1,目次!B:C,2,0) -> 실질, 원계열, 기여도 | P2: <참고> | AC2: 단위: %
B4: 国内総生産 (支出側) | C4: 民間最終 消費支出 | D4: 家計最終 消費支出 | E4: 除く持ち家の 帰属家賃 | F4: 民間住宅 | G4: 民間企業 設備 | H4: 民間在庫 変動 | I4: 政府最終 消費支出 | J4: 公的固定 資本形成 | K4: 公的在庫 変動 | L4: 財貨・サービス | P4: 交易利得 | Q4: 国内総所得 | R4: 海外からの所得 | U4: 国民総所得 | W4: 国内需要 | X4: 民間需要 | Y4: 公的需要 | AA4: 総固定 資本形成 | AC4: 最終需要
L5: 純輸出 | M5: 輸出 | N5: 輸入 | R5: 純受取 | S5: 受取 | T5: 支払
B6: =HLOOKUP(B4,'gaku-jg'!4:8,3,0) -> GDP (Expenditure Approach) | C6: =HLOOKUP(C4,'gaku-jg'!4:8,3,0) -> Private Consumption | D6: =HLOOKUP(D4,'gaku-jg'!4:8,3,0) -> Consumption of Households | E6: =HLOOKUP(E4,'gaku-jg'!4:8,3,0) -> Excluding Imputed Rent | F6: =HLOOKUP(F4,'gaku-jg'!4:8,3,0) -> Private Residential Investment | G6: =HLOOKUP(G4,'gaku-jg'!4:8,3,0) -> Private Non-Resi. Investment | H6: =HLOOKUP(H4,'gaku-jg'!4:8,3,0) -> Change in Private Inventories | I6: =HLOOKUP(I4,'gaku-jg'!4:8,3,0) -> Government Consumption | ... L6: =HLOOKUP(L4,'gaku-jg'!4:8,3,0) -> Goods & Services | P6: =HLOOKUP(P4,'gaku-jg'!4:8,3,0) -> Trading Gains/Losses | Q6: =HLOOKUP(Q4,'gaku-jg'!4:8,3,0) -> GDI | R6: =HLOOKUP(R4,'gaku-jg'!4:8,3,0) -> Income from /to the Rest of the World | U6: =HLOOKUP(U4,'gaku-jg'!4:8,3,0) -> GNI | W6: =HLOOKUP(W4,'gaku-jg'!4:8,3,0) -> Domestic Demand | X6: =HLOOKUP(X4,'gaku-jg'!4:8,3,0) -> Private Demand | Y6: =HLOOKUP(Y4,'gaku-jg'!4:8,3,0) -> Public Demand | AA6: =HLOOKUP(AA4,'gaku-jg'!4:8,3,0) -> Gross Fixed Capital Formation | AC6: =HLOOKUP(AC4,'gaku-jg'!4:8,3,0) -> Final Sales of Domestic Product
L7: =HLOOKUP(L5,'gaku-jg'!5:9,3,0) -> Net Exports | M7: =HLOOKUP(M5,'gaku-jg'!5:9,3,0) -> Exports | N7: =HLOOKUP(N5,'gaku-jg'!5:9,3,0) -> Imports | R7: =HLOOKUP(R5,'gaku-jg'!5:9,3,0) -> Net | S7: =HLOOKUP(S5,'gaku-jg'!5:9,3,0) -> Receipt | T7: =HLOOKUP(T5,'gaku-jg'!5:9,3,0) -> Payment
B8: =HLOOKUP(B6,'gaku-jg'!6:10,3,0) -> 국내총생산 (지출측) | C8: =HLOOKUP(C6,'gaku-jg'!6:10,3,0) -> 민간최종 소비지출 | D8: =HLOOKUP(D6,'gaku-jg'!6:10,3,0) -> 가계최종 소비지출 | E8: =HLOOKUP(E6,'gaku-jg'!6:10,3,0) -> 주택 의제 임차료 제외 | F8: =HLOOKUP(F6,'gaku-jg'!6:10,3,0) -> 민간주택 | G8: =HLOOKUP(G6,'gaku-jg'!6:10,3,0) -> 민간기업 설비 | H8: =HLOOKUP(H6,'gaku-jg'!6:10,3,0) -> 민간재고 변동 | I8: =HLOOKUP(I6,'gaku-jg'!6:10,3,0) -> 정부최종 소비지출 | ... L8: =HLOOKUP(L6,'gaku-jg'!6:10,3,0) -> 재화 및 서비스 | P8: =HLOOKUP(P6,'gaku-jg'!6:10,3,0) -> 교역이득 | Q8: =HLOOKUP(Q6,'gaku-jg'!6:10,3,0) -> 국내총소득 | R8: =HLOOKUP(R6,'gaku-jg'!6:10,3,0) -> 해외로부터의 소득 | U8: =HLOOKUP(U6,'gaku-jg'!6:10,3,0) -> 국민총소득 | W8: =HLOOKUP(W6,'gaku-jg'!6:10,3,0) -> 국내수요 | X8: =HLOOKUP(X6,'gaku-jg'!6:10,3,0) -> 민간수요 | Y8: =HLOOKUP(Y6,'gaku-jg'!6:10,3,0) -> 공적수요 | AA8: =HLOOKUP(AA6,'gaku-jg'!6:10,3,0) -> 총고정 자본형성 | AC8: =HLOOKUP(AC6,'gaku-jg'!6:10,3,0) -> 최종수요
L9: =HLOOKUP(L7,'gaku-jg'!7:11,3,0) -> 순수출 | M9: =HLOOKUP(M7,'gaku-jg'!7:11,3,0) -> 수출 | N9: =HLOOKUP(N7,'gaku-jg'!7:11,3,0) -> 수입 | R9: =HLOOKUP(R7,'gaku-jg'!7:11,3,0) -> 순수취 | S9: =HLOOKUP(S7,'gaku-jg'!7:11,3,0) -> 수취 | T9: =HLOOKUP(T7,'gaku-jg'!7:11,3,0) -> 지불
A10: 2014/ 1- 3. | B10: 2.9 | C10: 1.9 | D10: 1.9 | E10: 1.8 | F10: 0.4 | G10: 1.5 | H10: -0.6 | I10: 0.4 | J10: 0.5 | K10: 0.1 | L10: -1.3 | M10: 1.5 | N10: -2.8 | P10: -0.5 | Q10: 2.5 | R10: 0.5 | S10: 0.8 | T10: -0.3 | U10: 2.8 | W10: 4.1 | X10: 3.2 | Y10: 0.9 | AA10: 2.3 | AC10: 3.4
A11: 4- 6. | B11: -0.1 | C11: -1.5 | D11: -1.4 | E11: -1.5 | F11: 0 | G11: 0.4 | H11: 1.1 | I11: 0 | J11: 0 | K11: 0 | L11: -0.1 | M11: 1.1 | N11: -1.2 | P11: -0.3 | Q11: -0.4 | R11: -0.4 | S11: 0 | T11: -0.4 | U11: -0.9 | W11: 0 | X11: -0.1 | Y11: 0.1 | AA11: 0.4 | AC11: -1.2
A12: 7- 9. | B12: -1.1 | C12: -1.4 | D12: -1.3 | E12: -1.3 | F12: -0.4 | G12: 0.3 | H12: 0.1 | I12: 0.2 | J12: -0.1 | K12: 0.1 | L12: 0.2 | M12: 1.3 | N12: -1.1 | P12: -0.3 | Q12: -1.4 | R12: 0.4 | S12: 0.6 | T12: -0.1 | U12: -0.9 | W12: -1.2 | X12: -1.4 | Y12: 0.2 | AA12: -0.1 | AC12: -1.2
A13: 10-12. | B13: -0.5 | C13: -1.1 | D13: -1 | E13: -1 | F13: -0.5 | G13: 0.3 | H13: -0.3 | I13: 0.2 | J13: -0.2 | K13: 0 | L13: 1.2 | M13: 2 | N13: -0.8 | P13: 0.1 | Q13: -0.4 | R13: 0.6 | S13: 1.1 | T13: -0.4 | U13: 0.2 | W13: -1.6 | X13: -1.6 | Y13: 0 | AA13: -0.4 | AC13: -0.2
A14: 2015/ 1- 3. | B14: 0.3 | C14: -2.1 | D14: -1.9 | E14: -2 | F14: -0.4 | G14: 0.8 | H14: 0.4 | I14: 0.3 | J14: -0.3 | K14: 0 | L14: 1.6 | M14: 1.3 | N14: 0.2 | P14: 1.3 | Q14: 1.6 | R14: 0.4 | S14: 0.6 | T14: -0.1 | U14: 2 | W14: -1.2 | X14: -1.3 | Y14: 0 | AA14: 0 | AC14: -0.2
A15: 4- 6. | B15: 2.4 | C15: 1 | D15: 0.9 | E15: 0.9 | F15: 0 | G15: 0.7 | H15: 0 | I15: 0.4 | J15: -0.1 | K15: 0 | L15: 0.3 | M15: 0.4 | N15: -0.1 | P15: 1.3 | Q15: 3.7 | R15: 0.7 | S15: 0.9 | T15: -0.2 | U15: 4.3 | W15: 2.1 | X15: 1.8 | Y15: 0.3 | AA15: 0.7 | AC15: 2.4
A16: 7- 9. | B16: 2.2 | C16: 0.5 | D16: 0.4 | E16: 0.4 | F16: 0.2 | G16: 0.9 | H16: 0.2 | I16: 0.4 | J16: -0.2 | K16: -0.1 | L16: 0.3 | M16: 0.6 | N16: -0.3 | P16: 1.5 | Q16: 3.8 | R16: 0.3 | S16: 0.5 | T16: -0.2 | U16: 4 | W16: 1.9 | X16: 1.8 | Y16: 0 | AA16: 0.8 | AC16: 2
A17: 10-12. | B17: 1.5 | C17: 0.1 | D17: 0 | E17: -0.1 | F17: 0.2 | G17: 0.8 | H17: 0.5 | I17: 0.5 | J17: -0.2 | K17: 0 | L17: -0.2 | M17: 0 | N17: -0.2 | P17: 1.4 | Q17: 3 | R17: -0.1 | S17: 0.2 | T17: -0.2 | U17: 2.8 | W17: 1.7 | X17: 1.5 | Y17: 0.2 | AA17: 0.8 | AC17: 1.1
A18: 2016/ 1- 3. | B18: 1 | C18: 0 | D18: -0.2 | E18: -0.2 | F18: 0.1 | G18: -0.2 | H18: 0.2 | I18: 0.6 | J18: 0.3 | K18: 0 | L18: 0.1 | M18: -0.1 | N18: 0.2 | P18: 1.3 | Q18: 2.4 | R18: 0 | S18: 0.1 | T18: -0.1 | U18: 2.3 | W18: 0.9 | X18: 0.1 | Y18: 0.8 | AA18: 0.2 | AC18: 0.8
A19: 4- 6. | B19: 0.5 | C19: -0.5 | D19: -0.6 | E19: -0.6 | F19: 0.1 | G19: 0.1 | H19: 0.1 | I19: 0.3 | J19: 0.1 | K19: 0 | L19: 0.2 | M19: 0.2 | N19: 0 | P19: 1.1 | Q19: 1.7 | R19: -0.5 | S19: -0.2 | T19: -0.3 | U19: 1.1 | W19: 0.3 | X19: -0.2 | Y19: 0.4 | AA19: 0.4 | AC19: 0.4
A20: 7- 9. | B20: 0.5 | C20: -0.5 | D20: -0.6 | E20: -0.6 | F20: 0.2 | G20: -0.1 | H20: -0.2 | I20: 0.3 | J20: 0.1 | K20: 0 | L20: 0.7 | M20: 0.2 | N20: 0.5 | P20: 0.8 | Q20: 1.4 | R20: -0.5 | S20: -0.3 | T20: -0.1 | U20: 0.9 | W20: -0.2 | X20: -0.6 | Y20: 0.4 | AA20: 0.2 | AC20: 0.7
A21: 10-12. | B21: 1 | C21: 0.1 | D21: 0 | E21: 0 | F21: 0.2 | G21: 0.2 | H21: -0.4 | I21: 0.1 | J21: 0 | K21: 0 | L21: 1 | M21: 0.9 | N21: 0.1 | P21: 0.4 | Q21: 1.5 | R21: -0.6 | S21: -0.4 | T21: -0.1 | U21: 0.9 | W21: 0.1 | X21: 0 | Y21: 0.1 | AA21: 0.4 | AC21: 1.5
... A55: 4- 6. | B55: 1.7 | C55: 0.6 | D55: 0.6 | E55: 0.6 | F55: 0.1 | G55: 0.3 | H55: 0.6 | I55: 0 | J55: 0 | K55: 0 | L55: 0.2 | M55: 1.1 | N55: -0.9 | P55: 0.5 | Q55: 2.2 | R55: -0.5 | S55: -0.5 | T55: 0 | U55: 1.6 | W55: 1.5 | X55: 1.7 | Y55: -0.1 | AA55: 0.4 | AC55: 1.1
A57: ＊国内総生産(支出側)、国内総所得、国民総所得は前年同期比
A58: 국내총생산(지출측), 국내총소득, 국민총소득은 전년동기비.
A60: ＊国内総生産(支出側)に対する寄与度、ただし交易利得、海外からの所得は国民総所得に対する寄与度
A61: 국내총생산(지출측)에 대한 기여도, 다만 교역이득 및 해외로부터의 소득은 국민총소득에 대한 기여도.
A63: ＊四捨五入の関係上、各項目の寄与度の合計は必ずしも国内総生産(支出側)、もしくは国民総所得の増加率には一致しない。
A64: 반올림의 관계상, 각 항목의 기여도 합계는 반드시 국내총생산(지출측) 혹은 국민총소득의 증가율과 일치하지 않습니다.
A66: ＊財貨・サービスの輸入は国内総生産(支出側)、海外からの所得支払は国民総所得の控除項目となるので、寄与度は逆符号で表示した。例えば、財貨・サービスの輸入が増加すると、寄与度はマイナスの符号となる。
A67: 재화 및 서비스의 수입은 국내총생산(지출측)의 공제 항목이, 해외로부터의 소득 지불은 국민총소득의 공제 항목이 되기 때문에 기여도는 역부호로 표시됩니다. 예를 들면, 재화 및 서비스의 수입이 증가하면, 기여도는 마이너스의 부호가 됩니다.
A69: ＊財貨・サービスの純輸出の寄与度は財貨・サービスの輸出の寄与度－財貨・サービスの輸入の寄与度により求めている。
A70: 재화 및 서비스의 순수출 기여도는 재화 및 서비스의 수출 기여도 - 재화및 서비스의 수입 기여도로 구하고 있습니다.

Sheet gaku-jk
A1: 実質季節調整系列 | Q1: <参考> | AA1: (単位:2015暦年連鎖価格、10億円)
A2: =VLOOKUP(A1,目次!B:C,2,0) -> 실질, 계절조정계열 | Q2: <참고> | AA2: 단위: 2015년 연쇄가격, 10억엔
B4: 国内総生産 (支出側) | C4: 民間最終 消費支出 | D4: 家計最終 消費支出 | E4: 除く持ち家の 帰属家賃 | F4: 民間住宅 | G4: 民間企業 設備 | H4: 民間在庫 変動 | I4: 政府最終 消費支出 | J4: 公的固定 資本形成 | K4: 公的在庫 変動 | L4: 財貨・サービス | O4: 開差 | Q4: 交易利得 | R4: 国内総所得 | S4: 海外からの所得 | V4: 国民総所得 | X4: 国内需要 | Y4: 民間需要 | Z4: 公的需要 | AB4: 総固定 資本形成 | AD4: 最終需要
L5: 純輸出 | M5: 輸出 | N5: 輸入 | S5: 純受取 | T5: 受取 | U5: 支払
B6: =HLOOKUP(B4,'gaku-jg'!4:8,3,0) -> GDP (Expenditure Approach) | C6: =HLOOKUP(C4,'gaku-jg'!4:8,3,0) -> Private Consumption | D6: =HLOOKUP(D4,'gaku-jg'!4:8,3,0) -> Consumption of Households | E6: =HLOOKUP(E4,'gaku-jg'!4:8,3,0) -> Excluding Imputed Rent | F6: =HLOOKUP(F4,'gaku-jg'!4:8,3,0) -> Private Residential Investment | G6: =HLOOKUP(G4,'gaku-jg'!4:8,3,0) -> Private Non-Resi. Investment | H6: =HLOOKUP(H4,'gaku-jg'!4:8,3,0) -> Change in Private Inventories | I6: =HLOOKUP(I4,'gaku-jg'!4:8,3,0) -> Government Consumption | ... L6: =HLOOKUP(L4,'gaku-jg'!4:8,3,0) -> Goods & Services | O6: =HLOOKUP(O4,'gaku-jg'!4:8,3,0) -> Residual | Q6: =HLOOKUP(Q4,'gaku-jg'!4:8,3,0) -> Trading Gains/Losses | R6: =HLOOKUP(R4,'gaku-jg'!4:8,3,0) -> GDI | S6: =HLOOKUP(S4,'gaku-jg'!4:8,3,0) -> Income from /to the Rest of the World | V6: =HLOOKUP(V4,'gaku-jg'!4:8,3,0) -> GNI | X6: =HLOOKUP(X4,'gaku-jg'!4:8,3,0) -> Domestic Demand | Y6: =HLOOKUP(Y4,'gaku-jg'!4:8,3,0) -> Private Demand | Z6: =HLOOKUP(Z4,'gaku-jg'!4:8,3,0) -> Public Demand | AB6: =HLOOKUP(AB4,'gaku-jg'!4:8,3,0) -> Gross Fixed Capital Formation | AD6: =HLOOKUP(AD4,'gaku-jg'!4:8,3,0) -> Final Sales of Domestic Product
L7: =HLOOKUP(L5,'gaku-jg'!5:9,3,0) -> Net Exports | M7: =HLOOKUP(M5,'gaku-jg'!5:9,3,0) -> Exports | N7: =HLOOKUP(N5,'gaku-jg'!5:9,3,0) -> Imports | S7: =HLOOKUP(S5,'gaku-jg'!5:9,3,0) -> Net | T7: =HLOOKUP(T5,'gaku-jg'!5:9,3,0) -> Receipt | U7: =HLOOKUP(U5,'gaku-jg'!5:9,3,0) -> Payment
B8: =HLOOKUP(B6,'gaku-jg'!6:10,3,0) -> 국내총생산 (지출측) | C8: =HLOOKUP(C6,'gaku-jg'!6:10,3,0) -> 민간최종 소비지출 | D8: =HLOOKUP(D6,'gaku-jg'!6:10,3,0) -> 가계최종 소비지출 | E8: =HLOOKUP(E6,'gaku-jg'!6:10,3,0) -> 주택 의제 임차료 제외 | F8: =HLOOKUP(F6,'gaku-jg'!6:10,3,0) -> 민간주택 | G8: =HLOOKUP(G6,'gaku-jg'!6:10,3,0) -> 민간기업 설비 | H8: =HLOOKUP(H6,'gaku-jg'!6:10,3,0) -> 민간재고 변동 | I8: =HLOOKUP(I6,'gaku-jg'!6:10,3,0) -> 정부최종 소비지출 | ... L8: =HLOOKUP(L6,'gaku-jg'!6:10,3,0) -> 재화 및 서비스 | O8: =HLOOKUP(O6,'gaku-jg'!6:10,3,0) -> 개차 | Q8: =HLOOKUP(Q6,'gaku-jg'!6:10,3,0) -> 교역이득 | R8: =HLOOKUP(R6,'gaku-jg'!6:10,3,0) -> 국내총소득 | S8: =HLOOKUP(S6,'gaku-jg'!6:10,3,0) -> 해외로부터의 소득 | V8: =HLOOKUP(V6,'gaku-jg'!6:10,3,0) -> 국민총소득 | X8: =HLOOKUP(X6,'gaku-jg'!6:10,3,0) -> 국내수요 | Y8: =HLOOKUP(Y6,'gaku-jg'!6:10,3,0) -> 민간수요 | Z8: =HLOOKUP(Z6,'gaku-jg'!6:10,3,0) -> 공적수요 | AB8: =HLOOKUP(AB6,'gaku-jg'!6:10,3,0) -> 총고정 자본형성 | AD8: =HLOOKUP(AD6,'gaku-jg'!6:10,3,0) -> 최종수요
L9: =HLOOKUP(L7,'gaku-jg'!7:11,3,0) -> 순수출 | M9: =HLOOKUP(M7,'gaku-jg'!7:11,3,0) -> 수출 | N9: =HLOOKUP(N7,'gaku-jg'!7:11,3,0) -> 수입 | S9: =HLOOKUP(S7,'gaku-jg'!7:11,3,0) -> 순수취 | T9: =HLOOKUP(T7,'gaku-jg'!7:11,3,0) -> 수취 | U9: =HLOOKUP(U7,'gaku-jg'!7:11,3,0) -> 지불
A10: 2014/ 1- 3. | B10: 536079.8 | C10: 310537.1 | D10: 303699.6 | E10: 254538.3 | F10: 22342.4 | G10: 83971.7 | H10: -2364.3 | I10: 103419.8 | J10: 28088.8 | K10: 72.4 | L10: -9826.5 | M10: 88661.8 | N10: 98488.3 | O10: -161.7 | Q10: -8930.1 | R10: 527149.7 | S10: 18011 | T10: 25346.9 | U10: 7335.9 | V10: 545160.7 | X10: 545914.6 | Y10: 414334.5 | Z10: 131588.4 | AB10: 134371 | AD10: 538509.9
A11: 4- 6. | B11: 526459.3 | C11: 295355.2 | D11: 288851.5 | E11: 239544.2 | F11: 20444.3 | G11: 82284.1 | H11: 2516.3 | I11: 103083.9 | J11: 27125.3 | K11: 93.4 | L11: -4566.9 | M11: 89849 | N11: 94415.9 | O11: 123.8 | Q11: -7366.4 | R11: 519092.8 | S11: 17980.4 | T11: 25581.7 | U11: 7601.3 | V11: 537073.3 | X11: 531020.9 | Y11: 400672.8 | Z11: 130346.6 | AB11: 129850.5 | AD11: 523719
A12: 7- 9. | B12: 526816.9 | C12: 297947.7 | D12: 291714.6 | E12: 242420.3 | F12: 19412 | G12: 82779.3 | H12: -111.6 | I12: 103766.5 | J12: 27876.4 | K12: 138.9 | L12: -4885.4 | M12: 91200.1 | N12: 96085.6 | O12: -106.9 | Q12: -7492.4 | R12: 519324.4 | S12: 19837.4 | T12: 27614.1 | U12: 7776.7 | V12: 539161.8 | X12: 531866.9 | Y12: 400023.7 | Z12: 131836.8 | AB12: 130071.1 | AD12: 526766.7
A13: 10-12. | B13: 529228.1 | C13: 298485.8 | D13: 292248.7 | E13: 242936.9 | F13: 19451.4 | G13: 83410.5 | H13: -1339.3 | I13: 104019.9 | J13: 28042.8 | K13: 5.4 | L13: -2613.6 | M13: 93871.4 | N13: 96485.1 | O13: -234.8 | Q13: -6226.8 | R13: 523001.3 | S13: 22416.3 | T13: 30774 | U13: 8357.7 | V13: 545417.6 | X13: 532035.6 | Y13: 399959.9 | Z13: 132069 | AB13: 130907.1 | AD13: 530653.8
A14: 2015/ 1- 3. | B14: 537485.1 | C14: 299896.4 | D14: 293389.6 | E14: 244052.1 | F14: 19965.6 | G14: 87598.7 | H14: 27.5 | I14: 105007.1 | J14: 26723.6 | K14: 87.1 | L14: -1758.9 | M14: 95317 | N14: 97075.9 | O14: -62 | Q14: -1892.2 | R14: 535593 | S14: 20195.5 | T14: 28572.5 | U14: 8377 | V14: 555788.5 | X14: 539323.8 | Y14: 407464.6 | Z14: 131858 | AB14: 134292.5 | AD14: 537372.1
A15: 4- 6. | B15: 538298.2 | C15: 300262.6 | D15: 293466.4 | E15: 244107.8 | F15: 20356.2 | G15: 86413.1 | H15: 2466.8 | I15: 105123 | J15: 26501.1 | K15: -73.6 | L15: -2919 | M15: 92095.6 | N15: 95014.6 | O15: 168.1 | Q15: -372.1 | R15: 537926.1 | S15: 21484.3 | T15: 29978.4 | U15: 8494.1 | V15: 559410.4 | X15: 541077.6 | Y15: 409539.8 | Z15: 131539.1 | AB15: 133270.3 | AD15: 535857.8
A16: 7- 9. | B16: 538760.8 | C16: 301120 | D16: 294141.2 | E16: 244770 | F16: 20460.9 | G16: 87608.4 | H16: 957.4 | I16: 105624.6 | J16: 26502.4 | K16: -104.3 | L16: -3323.4 | M16: 94468 | N16: 97791.4 | O16: -85 | Q16: 658.8 | R16: 539419.7 | S16: 21124.1 | T16: 30245.7 | U16: 9121.6 | V16: 560543.7 | X16: 542141.3 | Y16: 410139.2 | Z16: 132003.7 | AB16: 134570.5 | AD16: 537936.7
A17: 10-12. | B17: 537827.9 | C17: 299132 | D17: 292020.9 | E17: 242623.4 | F17: 20437.1 | G17: 87451.7 | H17: 1035.9 | I17: 106489 | J17: 27191.5 | K17: -75.2 | L17: -3813 | M17: 93403.6 | N17: 97216.6 | O17: -21.1 | Q17: 1620.4 | R17: 539448.3 | S17: 22068.5 | T17: 31460.2 | U17: 9391.7 | V17: 561516.8 | X17: 541643.7 | Y17: 408046.7 | Z17: 133595.2 | AB17: 135076.7 | AD17: 536883.9
A18: 2016/ 1- 3. | B18: 541992.2 | C18: 299391.6 | D18: 292200.3 | E18: 242774.2 | F18: 20430.5 | G18: 86905.7 | H18: 1220.5 | I18: 107769.2 | J18: 27951.5 | K18: 11.5 | L18: -1680.1 | M18: 94169.7 | N18: 95849.8 | O18: -8.4 | Q18: 5643.7 | R18: 547635.8 | S18: 20242.7 | T18: 29445.1 | U18: 9202.5 | V18: 567878.5 | X18: 543662.4 | Y18: 407935.1 | Z18: 135726.4 | AB18: 135286.1 | AD18: 540780.2
A19: 4- 6. | B19: 541063.1 | C19: 297476.8 | D19: 290172.2 | E19: 240724.1 | F19: 21022.5 | G19: 87075.4 | H19: 2894.1 | I19: 106834 | J19: 27130 | K19: -196.3 | L19: -1173.5 | M19: 93568.9 | N19: 94742.4 | O19: 0.1 | Q19: 5712.9 | R19: 546776 | S19: 19124.6 | T19: 28868.3 | U19: 9743.7 | V19: 565900.5 | X19: 542225.6 | Y19: 408459.6 | Z19: 133765.9 | AB19: 135227.5 | AD19: 538378.5
A20: 7- 9. | B20: 542162.7 | C20: 298679.4 | D20: 291245.7 | E20: 241779.3 | F20: 21386 | G20: 87509.2 | H20: 129.3 | I20: 107219.4 | J20: 27192.2 | K20: -272.1 | L20: 315.5 | M20: 95629.4 | N20: 95313.9 | O20: 3.8 | Q20: 5468.1 | R20: 547630.8 | S20: 18411.9 | T20: 28465 | U20: 10053.1 | V20: 566042.8 | X20: 541846.9 | Y20: 407705.7 | Z20: 134141.5 | AB20: 136088.1 | AD20: 542302.3
A21: 10-12. | B21: 542875.8 | C21: 299401.3 | D21: 291910 | E21: 242420.4 | F21: 21497.9 | G21: 88130.8 | H21: -1414.7 | I21: 107205.1 | J21: 27224 | K21: -340.5 | L21: 1168.5 | M21: 97745.7 | N21: 96577.2 | O21: 3.3 | Q21: 4086.3 | R21: 546962.1 | S21: 18586.9 | T21: 28642.5 | U21: 10055.6 | V21: 565549 | X21: 541729.5 | Y21: 407635.6 | Z21: 134094.3 | AB21: 136854.2 | AD21: 544601
... A55: 4- 6. | B55: 564278.8 | C55: 300860.9 | D55: 292765.7 | E55: 242559.9 | F55: 18812.8 | G55: 93710.2 | H55: 2942 | I55: 119300.8 | J55: 25995.7 | K55: -119.4 | L55: 3104.8 | M55: 117794.7 | N55: 114689.9 | O55: -329.2 | Q55: -4421.8 | R55: 559856.9 | S55: 34204.4 | T55: 57518.3 | U55: 23313.9 | V55: 594061.4 | X55: 561179.2 | Y55: 416201.3 | Z55: 144882.4 | AB55: 138323.5 | AD55: 561614.7
A57: ＊年率で表示している。
A58: 연율로 표시하고 있습니다.
A60: ＊開差＝国内総生産(支出側)－国内総生産(支出側)の内訳項目計。
A61: =HLOOKUP(A60,'gaku-jg'!57:58,2,0) -> 개차 = 국내총생산(지출측) - 국내총생산(지출측)의 내역항목계.
A63: ＊財貨・サービスの純輸出は連鎖方式での計算ができないため、財貨・サービスの輸出－財貨・サービスの輸入により求めている。このため寄与度とは符号が一致しない場合がある。
A64: =HLOOKUP(A63,'gaku-jg'!60:61,2,0) -> 재화 및 서비스의 순수출은 연쇄 방식으로 계산이 불가능하기에, 재화 및 서비스의 수출 - 재화 및 서비스의 수입으로 구하고 있습니다. 따라서 기여도와 부호가 일치하지 않을 수 있습니다.

Sheet ritu-jk
A1: 実質季節調整系列(前期比) | P1: <参考> | AC1: (単位:％)
A2: =VLOOKUP(A1,目次!B:C,2,0) -> 실질, 계절조정계열, 전기비 | P2: <참고> | AC2: 단위: %
B4: 国内総生産 (支出側) | C4: 民間最終 消費支出 | D4: 家計最終 消費支出 | E4: 除く持ち家の 帰属家賃 | F4: 民間住宅 | G4: 民間企業 設備 | H4: 民間在庫 変動 | I4: 政府最終 消費支出 | J4: 公的固定 資本形成 | K4: 公的在庫 変動 | L4: 財貨・サービス | P4: 交易利得 | Q4: 国内総所得 | R4: 海外からの所得 | U4: 国民総所得 | W4: 国内需要 | X4: 民間需要 | Y4: 公的需要 | AA4: 総固定 資本形成 | AC4: 最終需要
L5: 純輸出 | M5: 輸出 | N5: 輸入 | R5: 純受取 | S5: 受取 | T5: 支払
B6: =HLOOKUP(B4,'gaku-jg'!4:8,3,0) -> GDP (Expenditure Approach) | C6: =HLOOKUP(C4,'gaku-jg'!4:8,3,0) -> Private Consumption | D6: =HLOOKUP(D4,'gaku-jg'!4:8,3,0) -> Consumption of Households | E6: =HLOOKUP(E4,'gaku-jg'!4:8,3,0) -> Excluding Imputed Rent | F6: =HLOOKUP(F4,'gaku-jg'!4:8,3,0) -> Private Residential Investment | G6: =HLOOKUP(G4,'gaku-jg'!4:8,3,0) -> Private Non-Resi. Investment | H6: =HLOOKUP(H4,'gaku-jg'!4:8,3,0) -> Change in Private Inventories | I6: =HLOOKUP(I4,'gaku-jg'!4:8,3,0) -> Government Consumption | ... L6: =HLOOKUP(L4,'gaku-jg'!4:8,3,0) -> Goods & Services | P6: =HLOOKUP(P4,'gaku-jg'!4:8,3,0) -> Trading Gains/Losses | Q6: =HLOOKUP(Q4,'gaku-jg'!4:8,3,0) -> GDI | R6: =HLOOKUP(R4,'gaku-jg'!4:8,3,0) -> Income from /to the Rest of the World | U6: =HLOOKUP(U4,'gaku-jg'!4:8,3,0) -> GNI | W6: =HLOOKUP(W4,'gaku-jg'!4:8,3,0) -> Domestic Demand | X6: =HLOOKUP(X4,'gaku-jg'!4:8,3,0) -> Private Demand | Y6: =HLOOKUP(Y4,'gaku-jg'!4:8,3,0) -> Public Demand | AA6: =HLOOKUP(AA4,'gaku-jg'!4:8,3,0) -> Gross Fixed Capital Formation | AC6: =HLOOKUP(AC4,'gaku-jg'!4:8,3,0) -> Final Sales of Domestic Product
L7: =HLOOKUP(L5,'gaku-jg'!5:9,3,0) -> Net Exports | M7: =HLOOKUP(M5,'gaku-jg'!5:9,3,0) -> Exports | N7: =HLOOKUP(N5,'gaku-jg'!5:9,3,0) -> Imports | R7: =HLOOKUP(R5,'gaku-jg'!5:9,3,0) -> Net | S7: =HLOOKUP(S5,'gaku-jg'!5:9,3,0) -> Receipt | T7: =HLOOKUP(T5,'gaku-jg'!5:9,3,0) -> Payment
B8: =HLOOKUP(B6,'gaku-jg'!6:10,3,0) -> 국내총생산 (지출측) | C8: =HLOOKUP(C6,'gaku-jg'!6:10,3,0) -> 민간최종 소비지출 | D8: =HLOOKUP(D6,'gaku-jg'!6:10,3,0) -> 가계최종 소비지출 | E8: =HLOOKUP(E6,'gaku-jg'!6:10,3,0) -> 주택 의제 임차료 제외 | F8: =HLOOKUP(F6,'gaku-jg'!6:10,3,0) -> 민간주택 | G8: =HLOOKUP(G6,'gaku-jg'!6:10,3,0) -> 민간기업 설비 | H8: =HLOOKUP(H6,'gaku-jg'!6:10,3,0) -> 민간재고 변동 | I8: =HLOOKUP(I6,'gaku-jg'!6:10,3,0) -> 정부최종 소비지출 | ... L8: =HLOOKUP(L6,'gaku-jg'!6:10,3,0) -> 재화 및 서비스 | P8: =HLOOKUP(P6,'gaku-jg'!6:10,3,0) -> 교역이득 | Q8: =HLOOKUP(Q6,'gaku-jg'!6:10,3,0) -> 국내총소득 | R8: =HLOOKUP(R6,'gaku-jg'!6:10,3,0) -> 해외로부터의 소득 | U8: =HLOOKUP(U6,'gaku-jg'!6:10,3,0) -> 국민총소득 | W8: =HLOOKUP(W6,'gaku-jg'!6:10,3,0) -> 국내수요 | X8: =HLOOKUP(X6,'gaku-jg'!6:10,3,0) -> 민간수요 | Y8: =HLOOKUP(Y6,'gaku-jg'!6:10,3,0) -> 공적수요 | AA8: =HLOOKUP(AA6,'gaku-jg'!6:10,3,0) -> 총고정 자본형성 | AC8: =HLOOKUP(AC6,'gaku-jg'!6:10,3,0) -> 최종수요
L9: =HLOOKUP(L7,'gaku-jg'!7:11,3,0) -> 순수출 | M9: =HLOOKUP(M7,'gaku-jg'!7:11,3,0) -> 수출 | N9: =HLOOKUP(N7,'gaku-jg'!7:11,3,0) -> 수입 | R9: =HLOOKUP(R7,'gaku-jg'!7:11,3,0) -> 순수취 | S9: =HLOOKUP(S7,'gaku-jg'!7:11,3,0) -> 수취 | T9: =HLOOKUP(T7,'gaku-jg'!7:11,3,0) -> 지불
A10: 2014/ 1- 3. | B10: 0.8 | C10: 1.9 | D10: 2.1 | E10: 2.5 | F10: 1.4 | G10: 2.6 | H10: *** | I10: 0.3 | J10: -2.3 | K10: *** | L10: *** | M10: 6.2 | N10: 6.2 | P10: *** | Q10: 0.5 | R10: *** | S10: 3.6 | T10: 15.4 | U10: 0.4 | W10: 1 | X10: 1.4 | Y10: -0.3 | AA10: 1.3 | AC10: 1.3
A11: 4- 6. | B11: -1.8 | C11: -4.9 | D11: -4.9 | E11: -5.9 | F11: -8.5 | G11: -2 | H11: *** | I11: -0.3 | J11: -3.4 | K11: *** | L11: *** | M11: 1.3 | N11: -4.1 | P11: *** | Q11: -1.5 | R11: *** | S11: 0.9 | T11: 3.6 | U11: -1.5 | W11: -2.7 | X11: -3.3 | Y11: -0.9 | AA11: -3.4 | AC11: -2.7
A12: 7- 9. | B12: 0.1 | C12: 0.9 | D12: 1 | E12: 1.2 | F12: -5 | G12: 0.6 | H12: *** | I12: 0.7 | J12: 2.8 | K12: *** | L12: *** | M12: 1.5 | N12: 1.8 | P12: *** | Q12: 0 | R12: *** | S12: 7.9 | T12: 2.3 | U12: 0.4 | W12: 0.2 | X12: -0.2 | Y12: 1.1 | AA12: 0.2 | AC12: 0.6
A13: 10-12. | B13: 0.5 | C13: 0.2 | D13: 0.2 | E13: 0.2 | F13: 0.2 | G13: 0.8 | H13: *** | I13: 0.2 | J13: 0.6 | K13: *** | L13: *** | M13: 2.9 | N13: 0.4 | P13: *** | Q13: 0.7 | R13: *** | S13: 11.4 | T13: 7.5 | U13: 1.2 | W13: 0 | X13: 0 | Y13: 0.2 | AA13: 0.6 | AC13: 0.7
A14: 2015/ 1- 3. | B14: 1.6 | C14: 0.5 | D14: 0.4 | E14: 0.5 | F14: 2.6 | G14: 5 | H14: *** | I14: 0.9 | J14: -4.7 | K14: *** | L14: *** | M14: 1.5 | N14: 0.6 | P14: *** | Q14: 2.4 | R14: *** | S14: -7.2 | T14: 0.2 | U14: 1.9 | W14: 1.4 | X14: 1.9 | Y14: -0.2 | AA14: 2.6 | AC14: 1.3
A15: 4- 6. | B15: 0.2 | C15: 0.1 | D15: 0 | E15: 0 | F15: 2 | G15: -1.4 | H15: *** | I15: 0.1 | J15: -0.8 | K15: *** | L15: *** | M15: -3.4 | N15: -2.1 | P15: *** | Q15: 0.4 | R15: *** | S15: 4.9 | T15: 1.4 | U15: 0.7 | W15: 0.3 | X15: 0.5 | Y15: -0.2 | AA15: -0.8 | AC15: -0.3
A16: 7- 9. | B16: 0.1 | C16: 0.3 | D16: 0.2 | E16: 0.3 | F16: 0.5 | G16: 1.4 | H16: *** | I16: 0.5 | J16: 0 | K16: *** | L16: *** | M16: 2.6 | N16: 2.9 | P16: *** | Q16: 0.3 | R16: *** | S16: 0.9 | T16: 7.4 | U16: 0.2 | W16: 0.2 | X16: 0.1 | Y16: 0.4 | AA16: 1 | AC16: 0.4
A17: 10-12. | B17: -0.2 | C17: -0.7 | D17: -0.7 | E17: -0.9 | F17: -0.1 | G17: -0.2 | H17: *** | I17: 0.8 | J17: 2.6 | K17: *** | L17: *** | M17: -1.1 | N17: -0.6 | P17: *** | Q17: 0 | R17: *** | S17: 4 | T17: 3 | U17: 0.2 | W17: -0.1 | X17: -0.5 | Y17: 1.2 | AA17: 0.4 | AC17: -0.2
A18: 2016/ 1- 3. | B18: 0.8 | C18: 0.1 | D18: 0.1 | E18: 0.1 | F18: 0 | G18: -0.6 | H18: *** | I18: 1.2 | J18: 2.8 | K18: *** | L18: *** | M18: 0.8 | N18: -1.4 | P18: *** | Q18: 1.5 | R18: *** | S18: -6.4 | T18: -2 | U18: 1.1 | W18: 0.4 | X18: 0 | Y18: 1.6 | AA18: 0.2 | AC18: 0.7
A19: 4- 6. | B19: -0.2 | C19: -0.6 | D19: -0.7 | E19: -0.8 | F19: 2.9 | G19: 0.2 | H19: *** | I19: -0.9 | J19: -2.9 | K19: *** | L19: *** | M19: -0.6 | N19: -1.2 | P19: *** | Q19: -0.2 | R19: *** | S19: -2 | T19: 5.9 | U19: -0.3 | W19: -0.3 | X19: 0.1 | Y19: -1.4 | AA19: 0 | AC19: -0.4
A20: 7- 9. | B20: 0.2 | C20: 0.4 | D20: 0.4 | E20: 0.4 | F20: 1.7 | G20: 0.5 | H20: *** | I20: 0.4 | J20: 0.2 | K20: *** | L20: *** | M20: 2.2 | N20: 0.6 | P20: *** | Q20: 0.2 | R20: *** | S20: -1.4 | T20: 3.2 | U20: 0 | W20: -0.1 | X20: -0.2 | Y20: 0.3 | AA20: 0.6 | AC20: 0.7
A21: 10-12. | B21: 0.1 | C21: 0.2 | D21: 0.2 | E21: 0.3 | F21: 0.5 | G21: 0.7 | H21: *** | I21: 0 | J21: 0.1 | K21: *** | L21: *** | M21: 2.2 | N21: 1.3 | P21: *** | Q21: -0.1 | R21: *** | S21: 0.6 | T21: 0 | U21: -0.1 | W21: 0 | X21: 0 | Y21: 0 | AA21: 0.6 | AC21: 0.4
... A55: 4- 6. | B55: 0.5 | C55: 0.4 | D55: 0.4 | E55: 0.4 | F55: 0.5 | G55: 0.6 | H55: *** | I55: 0 | J55: -0.6 | K55: *** | L55: *** | M55: 2 | N55: 0.6 | P55: *** | Q55: 1.1 | R55: *** | S55: -4.6 | T55: 0.6 | U55: 0.5 | W55: 0.2 | X55: 0.4 | Y55: -0.3 | AA55: 0.4 | AC55: 0.6

Sheet kiyo-jk
A1: 実質季節調整系列(寄与度) | P1: <参考> | AC1: (単位:％)
A2: =VLOOKUP(A1,目次!B:C,2,0) -> 실질, 계절조정계열, 기여도 | P2: <참고> | AC2: 단위: %
B4: 国内総生産 (支出側) | C4: 民間最終 消費支出 | D4: 家計最終 消費支出 | E4: 除く持ち家の 帰属家賃 | F4: 民間住宅 | G4: 民間企業 設備 | H4: 民間在庫 変動 | I4: 政府最終 消費支出 | J4: 公的固定 資本形成 | K4: 公的在庫 変動 | L4: 財貨・サービス | P4: 交易利得 | Q4: 国内総所得 | R4: 海外からの所得 | U4: 国民総所得 | W4: 国内需要 | X4: 民間需要 | Y4: 公的需要 | AA4: 総固定 資本形成 | AC4: 最終需要
L5: 純輸出 | M5: 輸出 | N5: 輸入 | R5: 純受取 | S5: 受取 | T5: 支払
B6: =HLOOKUP(B4,'gaku-jg'!4:8,3,0) -> GDP (Expenditure Approach) | C6: =HLOOKUP(C4,'gaku-jg'!4:8,3,0) -> Private Consumption | D6: =HLOOKUP(D4,'gaku-jg'!4:8,3,0) -> Consumption of Households | E6: =HLOOKUP(E4,'gaku-jg'!4:8,3,0) -> Excluding Imputed Rent | F6: =HLOOKUP(F4,'gaku-jg'!4:8,3,0) -> Private Residential Investment | G6: =HLOOKUP(G4,'gaku-jg'!4:8,3,0) -> Private Non-Resi. Investment | H6: =HLOOKUP(H4,'gaku-jg'!4:8,3,0) -> Change in Private Inventories | I6: =HLOOKUP(I4,'gaku-jg'!4:8,3,0) -> Government Consumption | ... L6: =HLOOKUP(L4,'gaku-jg'!4:8,3,0) -> Goods & Services | P6: =HLOOKUP(P4,'gaku-jg'!4:8,3,0) -> Trading Gains/Losses | Q6: =HLOOKUP(Q4,'gaku-jg'!4:8,3,0) -> GDI | R6: =HLOOKUP(R4,'gaku-jg'!4:8,3,0) -> Income from /to the Rest of the World | U6: =HLOOKUP(U4,'gaku-jg'!4:8,3,0) -> GNI | W6: =HLOOKUP(W4,'gaku-jg'!4:8,3,0) -> Domestic Demand | X6: =HLOOKUP(X4,'gaku-jg'!4:8,3,0) -> Private Demand | Y6: =HLOOKUP(Y4,'gaku-jg'!4:8,3,0) -> Public Demand | AA6: =HLOOKUP(AA4,'gaku-jg'!4:8,3,0) -> Gross Fixed Capital Formation | AC6: =HLOOKUP(AC4,'gaku-jg'!4:8,3,0) -> Final Sales of Domestic Product
L7: =HLOOKUP(L5,'gaku-jg'!5:9,3,0) -> Net Exports | M7: =HLOOKUP(M5,'gaku-jg'!5:9,3,0) -> Exports | N7: =HLOOKUP(N5,'gaku-jg'!5:9,3,0) -> Imports | R7: =HLOOKUP(R5,'gaku-jg'!5:9,3,0) -> Net | S7: =HLOOKUP(S5,'gaku-jg'!5:9,3,0) -> Receipt | T7: =HLOOKUP(T5,'gaku-jg'!5:9,3,0) -> Payment
B8: =HLOOKUP(B6,'gaku-jg'!6:10,3,0) -> 국내총생산 (지출측) | C8: =HLOOKUP(C6,'gaku-jg'!6:10,3,0) -> 민간최종 소비지출 | D8: =HLOOKUP(D6,'gaku-jg'!6:10,3,0) -> 가계최종 소비지출 | E8: =HLOOKUP(E6,'gaku-jg'!6:10,3,0) -> 주택 의제 임차료 제외 | F8: =HLOOKUP(F6,'gaku-jg'!6:10,3,0) -> 민간주택 | G8: =HLOOKUP(G6,'gaku-jg'!6:10,3,0) -> 민간기업 설비 | H8: =HLOOKUP(H6,'gaku-jg'!6:10,3,0) -> 민간재고 변동 | I8: =HLOOKUP(I6,'gaku-jg'!6:10,3,0) -> 정부최종 소비지출 | ... L8: =HLOOKUP(L6,'gaku-jg'!6:10,3,0) -> 재화 및 서비스 | P8: =HLOOKUP(P6,'gaku-jg'!6:10,3,0) -> 교역이득 | Q8: =HLOOKUP(Q6,'gaku-jg'!6:10,3,0) -> 국내총소득 | R8: =HLOOKUP(R6,'gaku-jg'!6:10,3,0) -> 해외로부터의 소득 | U8: =HLOOKUP(U6,'gaku-jg'!6:10,3,0) -> 국민총소득 | W8: =HLOOKUP(W6,'gaku-jg'!6:10,3,0) -> 국내수요 | X8: =HLOOKUP(X6,'gaku-jg'!6:10,3,0) -> 민간수요 | Y8: =HLOOKUP(Y6,'gaku-jg'!6:10,3,0) -> 공적수요 | AA8: =HLOOKUP(AA6,'gaku-jg'!6:10,3,0) -> 총고정 자본형성 | AC8: =HLOOKUP(AC6,'gaku-jg'!6:10,3,0) -> 최종수요
L9: =HLOOKUP(L7,'gaku-jg'!7:11,3,0) -> 순수출 | M9: =HLOOKUP(M7,'gaku-jg'!7:11,3,0) -> 수출 | N9: =HLOOKUP(N7,'gaku-jg'!7:11,3,0) -> 수입 | R9: =HLOOKUP(R7,'gaku-jg'!7:11,3,0) -> 순수취 | S9: =HLOOKUP(S7,'gaku-jg'!7:11,3,0) -> 수취 | T9: =HLOOKUP(T7,'gaku-jg'!7:11,3,0) -> 지불
A10: 2014/ 1- 3. | B10: 0.8 | C10: 1.1 | D10: 1.2 | E10: 1.2 | F10: 0.1 | G10: 0.4 | H10: -0.5 | I10: 0.1 | J10: -0.1 | K10: 0 | L10: -0.2 | M10: 1 | N10: -1.2 | P10: -0.3 | Q10: 0.5 | R10: 0 | S10: 0.2 | T10: -0.2 | U10: 0.4 | W10: 1 | X10: 1.1 | Y10: -0.1 | AA10: 0.3 | AC10: 1.3
A11: 4- 6. | B11: -1.8 | C11: -2.9 | D11: -2.8 | E11: -2.8 | F11: -0.4 | G11: -0.3 | H11: 1 | I11: -0.1 | J11: -0.2 | K11: 0 | L11: 1 | M11: 0.2 | N11: 0.8 | P11: 0.3 | Q11: -1.5 | R11: 0 | S11: 0 | T11: 0 | U11: -1.5 | W11: -2.8 | X11: -2.6 | Y11: -0.2 | AA11: -0.9 | AC11: -2.8
A12: 7- 9. | B12: 0.1 | C12: 0.5 | D12: 0.5 | E12: 0.5 | F12: -0.2 | G12: 0.1 | H12: -0.5 | I12: 0.1 | J12: 0.1 | K12: 0 | L12: -0.1 | M12: 0.3 | N12: -0.3 | P12: 0 | Q12: 0 | R12: 0.3 | S12: 0.4 | T12: 0 | U12: 0.4 | W12: 0.2 | X12: -0.1 | Y12: 0.3 | AA12: 0 | AC12: 0.6
A13: 10-12. | B13: 0.5 | C13: 0.1 | D13: 0.1 | E13: 0.1 | F13: 0 | G13: 0.1 | H13: -0.2 | I13: 0 | J13: 0 | K13: 0 | L13: 0.4 | M13: 0.5 | N13: -0.1 | P13: 0.2 | Q13: 0.7 | R13: 0.5 | S13: 0.6 | T13: -0.1 | U13: 1.2 | W13: 0 | X13: 0 | Y13: 0 | AA13: 0.2 | AC13: 0.7
A14: 2015/ 1- 3. | B14: 1.6 | C14: 0.3 | D14: 0.2 | E14: 0.2 | F14: 0.1 | G14: 0.8 | H14: 0.3 | I14: 0.2 | J14: -0.3 | K14: 0 | L14: 0.2 | M14: 0.3 | N14: -0.1 | P14: 0.8 | Q14: 2.4 | R14: -0.4 | S14: -0.4 | T14: 0 | U14: 1.9 | W14: 1.4 | X14: 1.4 | Y14: 0 | AA14: 0.6 | AC14: 1.3
A15: 4- 6. | B15: 0.2 | C15: 0.1 | D15: 0 | E15: 0 | F15: 0.1 | G15: -0.2 | H15: 0.5 | I15: 0 | J15: 0 | K15: 0 | L15: -0.2 | M15: -0.6 | N15: 0.4 | P15: 0.3 | Q15: 0.4 | R15: 0.2 | S15: 0.3 | T15: 0 | U15: 0.7 | W15: 0.3 | X15: 0.4 | Y15: -0.1 | AA15: -0.2 | AC15: -0.3
A16: 7- 9. | B16: 0.1 | C16: 0.2 | D16: 0.1 | E16: 0.1 | F16: 0 | G16: 0.2 | H16: -0.3 | I16: 0.1 | J16: 0 | K16: 0 | L16: -0.1 | M16: 0.4 | N16: -0.6 | P16: 0.2 | Q16: 0.3 | R16: -0.1 | S16: 0 | T16: -0.1 | U16: 0.2 | W16: 0.2 | X16: 0.1 | Y16: 0.1 | AA16: 0.2 | AC16: 0.4
A17: 10-12. | B17: -0.2 | C17: -0.4 | D17: -0.4 | E17: -0.4 | F17: 0 | G17: 0 | H17: 0 | I17: 0.2 | J17: 0.1 | K17: 0 | L17: -0.1 | M17: -0.2 | N17: 0.1 | P17: 0.2 | Q17: 0 | R17: 0.2 | S17: 0.2 | T17: 0 | U17: 0.2 | W17: -0.1 | X17: -0.4 | Y17: 0.3 | AA17: 0.1 | AC17: -0.2
A18: 2016/ 1- 3. | B18: 0.8 | C18: 0 | D18: 0 | E18: 0 | F18: 0 | G18: -0.1 | H18: 0 | I18: 0.2 | J18: 0.1 | K18: 0 | L18: 0.4 | M18: 0.1 | N18: 0.3 | P18: 0.7 | Q18: 1.5 | R18: -0.3 | S18: -0.4 | T18: 0 | U18: 1.1 | W18: 0.4 | X18: 0 | Y18: 0.4 | AA18: 0 | AC18: 0.7
A19: 4- 6. | B19: -0.2 | C19: -0.4 | D19: -0.4 | E19: -0.4 | F19: 0.1 | G19: 0 | H19: 0.3 | I19: -0.2 | J19: -0.2 | K19: 0 | L19: 0.1 | M19: -0.1 | N19: 0.2 | P19: 0 | Q19: -0.2 | R19: -0.2 | S19: -0.1 | T19: -0.1 | U19: -0.3 | W19: -0.3 | X19: 0.1 | Y19: -0.4 | AA19: 0 | AC19: -0.4
A20: 7- 9. | B20: 0.2 | C20: 0.2 | D20: 0.2 | E20: 0.2 | F20: 0.1 | G20: 0.1 | H20: -0.5 | I20: 0.1 | J20: 0 | K20: 0 | L20: 0.3 | M20: 0.4 | N20: -0.1 | P20: 0 | Q20: 0.2 | R20: -0.1 | S20: -0.1 | T20: -0.1 | U20: 0 | W20: -0.1 | X20: -0.1 | Y20: 0.1 | AA20: 0.2 | AC20: 0.7
A21: 10-12. | B21: 0.1 | C21: 0.1 | D21: 0.1 | E21: 0.1 | F21: 0 | G21: 0.1 | H21: -0.3 | I21: 0 | J21: 0 | K21: 0 | L21: 0.2 | M21: 0.4 | N21: -0.2 | P21: -0.2 | Q21: -0.1 | R21: 0 | S21: 0 | T21: 0 | U21: -0.1 | W21: 0 | X21: 0 | Y21: 0 | AA21: 0.1 | AC21: 0.4
... A55: 4- 6. | B55: 0.5 | C55: 0.2 | D55: 0.2 | E55: 0.2 | F55: 0 | G55: 0.1 | H55: 0 | I55: 0 | J55: 0 | K55: 0 | L55: 0.3 | M55: 0.5 | N55: -0.2 | P55: 0.5 | Q55: 1.1 | R55: -0.5 | S55: -0.5 | T55: 0 | U55: 0.5 | W55: 0.2 | X55: 0.3 | Y55: -0.1 | AA55: 0.1 | AC55: 0.6
A57: ＊国内総生産(支出側)、国内総所得、国民総所得は前期比
A58: 국내총생산(지출측), 국내총소득, 국민총소득은 전기비.
A60: ＊国内総生産(支出側)に対する寄与度、ただし交易利得、海外からの所得は国民総所得に対する寄与度
A61: =HLOOKUP(A60,'kiyo-jg'!A60:A61,2,0) -> 국내총생산(지출측)에 대한 기여도, 다만 교역이득 및 해외로부터의 소득은 국민총소득에 대한 기여도.
A63: ＊四捨五入の関係上、各項目の寄与度の合計は必ずしも国内総生産(支出側)、もしくは国民総所得の増加率には一致しない。
A64: =HLOOKUP(A63,'kiyo-jg'!A63:A64,2,0) -> 반올림의 관계상, 각 항목의 기여도 합계는 반드시 국내총생산(지출측) 혹은 국민총소득의 증가율과 일치하지 않습니다.
A66: ＊財貨・サービスの輸入は国内総生産(支出側)、海外からの所得支払は国民総所得の控除項目となるので、寄与度は逆符号で表示した。例えば、財貨・サービスの輸入が増加すると、寄与度はマイナスの符号となる。
A67: =HLOOKUP(A63,'kiyo-jg'!A63:A64,2,0) -> 반올림의 관계상, 각 항목의 기여도 합계는 반드시 국내총생산(지출측) 혹은 국민총소득의 증가율과 일치하지 않습니다.
A69: ＊財貨・サービスの純輸出の寄与度は財貨・サービスの輸出の寄与度－財貨・サービスの輸入の寄与度により求めている。
A70: =HLOOKUP(A69,'kiyo-jg'!A69:A70,2,0) -> 재화 및 서비스의 순수출 기여도는 재화 및 서비스의 수출 기여도 - 재화및 서비스의 수입 기여도로 구하고 있습니다.

Sheet nritu-jk
A1: 実質季節調整系列(年率) | P1: <参考> | X1: (単位:％)
A2: =VLOOKUP(A1,目次!B:C,2,0) -> 실질, 계절조정계열, 연율 | P2: <참고> | X2: 단위: %
B4: 国内総生産 (支出側) | C4: 民間最終 消費支出 | D4: 家計最終 消費支出 | E4: 除く持ち家の 帰属家賃 | F4: 民間住宅 | G4: 民間企業 設備 | H4: 民間在庫 変動 | I4: 政府最終 消費支出 | J4: 公的固定 資本形成 | K4: 公的在庫 変動 | L4: 財貨・サービス | P4: 国民総所得 | R4: 国内需要 | S4: 民間需要 | T4: 公的需要 | V4: 総固定 資本形成 | X4: 最終需要
L5: 純輸出 | M5: 輸出 | N5: 輸入
B6: =HLOOKUP(B4,'gaku-jg'!4:8,3,0) -> GDP (Expenditure Approach) | C6: =HLOOKUP(C4,'gaku-jg'!4:8,3,0) -> Private Consumption | D6: =HLOOKUP(D4,'gaku-jg'!4:8,3,0) -> Consumption of Households | E6: =HLOOKUP(E4,'gaku-jg'!4:8,3,0) -> Excluding Imputed Rent | F6: =HLOOKUP(F4,'gaku-jg'!4:8,3,0) -> Private Residential Investment | G6: =HLOOKUP(G4,'gaku-jg'!4:8,3,0) -> Private Non-Resi. Investment | H6: =HLOOKUP(H4,'gaku-jg'!4:8,3,0) -> Change in Private Inventories | I6: =HLOOKUP(I4,'gaku-jg'!4:8,3,0) -> Government Consumption | ... L6: =HLOOKUP(L4,'gaku-jg'!4:8,3,0) -> Goods & Services | P6: =HLOOKUP(P4,'gaku-jg'!4:8,3,0) -> GNI | R6: =HLOOKUP(R4,'gaku-jg'!4:8,3,0) -> Domestic Demand | S6: =HLOOKUP(S4,'gaku-jg'!4:8,3,0) -> Private Demand | T6: =HLOOKUP(T4,'gaku-jg'!4:8,3,0) -> Public Demand | V6: =HLOOKUP(V4,'gaku-jg'!4:8,3,0) -> Gross Fixed Capital Formation | X6: =HLOOKUP(X4,'gaku-jg'!4:8,3,0) -> Final Sales of Domestic Product
L7: =HLOOKUP(L5,'gaku-jg'!5:9,3,0) -> Net Exports | M7: =HLOOKUP(M5,'gaku-jg'!5:9,3,0) -> Exports | N7: =HLOOKUP(N5,'gaku-jg'!5:9,3,0) -> Imports
B8: =HLOOKUP(B6,'gaku-jg'!6:10,3,0) -> 국내총생산 (지출측) | C8: =HLOOKUP(C6,'gaku-jg'!6:10,3,0) -> 민간최종 소비지출 | D8: =HLOOKUP(D6,'gaku-jg'!6:10,3,0) -> 가계최종 소비지출 | E8: =HLOOKUP(E6,'gaku-jg'!6:10,3,0) -> 주택 의제 임차료 제외 | F8: =HLOOKUP(F6,'gaku-jg'!6:10,3,0) -> 민간주택 | G8: =HLOOKUP(G6,'gaku-jg'!6:10,3,0) -> 민간기업 설비 | H8: =HLOOKUP(H6,'gaku-jg'!6:10,3,0) -> 민간재고 변동 | I8: =HLOOKUP(I6,'gaku-jg'!6:10,3,0) -> 정부최종 소비지출 | ... L8: =HLOOKUP(L6,'gaku-jg'!6:10,3,0) -> 재화 및 서비스 | P8: =HLOOKUP(P6,'gaku-jg'!6:10,3,0) -> 국민총소득 | R8: =HLOOKUP(R6,'gaku-jg'!6:10,3,0) -> 국내수요 | S8: =HLOOKUP(S6,'gaku-jg'!6:10,3,0) -> 민간수요 | T8: =HLOOKUP(T6,'gaku-jg'!6:10,3,0) -> 공적수요 | V8: =HLOOKUP(V6,'gaku-jg'!6:10,3,0) -> 총고정 자본형성 | X8: =HLOOKUP(X6,'gaku-jg'!6:10,3,0) -> 최종수요
L9: =HLOOKUP(L7,'gaku-jg'!7:11,3,0) -> 순수출 | M9: =HLOOKUP(M7,'gaku-jg'!7:11,3,0) -> 수출 | N9: =HLOOKUP(N7,'gaku-jg'!7:11,3,0) -> 수입
A10: 2014/ 1- 3. | B10: 3.4 | C10: 8 | D10: 8.5 | E10: 10.3 | F10: 5.8 | G10: 10.7 | H10: *** | I10: 1.2 | J10: -8.9 | K10: *** | L10: *** | M10: 27.1 | N10: 27.2 | P10: 1.8 | R10: 4.1 | S10: 5.8 | T10: -1 | V10: 5.5 | X10: 5.3
A11: 4- 6. | B11: -7 | C11: -18.2 | D11: -18.2 | E11: -21.6 | F11: -29.9 | G11: -7.8 | H11: *** | I11: -1.3 | J11: -13 | K11: *** | L11: *** | M11: 5.5 | N11: -15.5 | P11: -5.8 | R11: -10.5 | S11: -12.6 | T11: -3.7 | V11: -12.8 | X11: -10.5
A12: 7- 9. | B12: 0.3 | C12: 3.6 | D12: 4 | E12: 4.9 | F12: -18.7 | G12: 2.4 | H12: *** | I12: 2.7 | J12: 11.5 | K12: *** | L12: *** | M12: 6.2 | N12: 7.3 | P12: 1.6 | R12: 0.6 | S12: -0.6 | T12: 4.7 | V12: 0.7 | X12: 2.3
A13: 10-12. | B13: 1.8 | C13: 0.7 | D13: 0.7 | E13: 0.9 | F13: 0.8 | G13: 3.1 | H13: *** | I13: 1 | J13: 2.4 | K13: *** | L13: *** | M13: 12.2 | N13: 1.7 | P13: 4.7 | R13: 0.1 | S13: -0.1 | T13: 0.7 | V13: 2.6 | X13: 3
A14: 2015/ 1- 3. | B14: 6.4 | C14: 1.9 | D14: 1.6 | E14: 1.8 | F14: 11 | G14: 21.6 | H14: *** | I14: 3.9 | J14: -17.5 | K14: *** | L14: *** | M14: 6.3 | N14: 2.5 | P14: 7.8 | R14: 5.6 | S14: 7.7 | T14: -0.6 | V14: 10.8 | X14: 5.2
A15: 4- 6. | B15: 0.6 | C15: 0.5 | D15: 0.1 | E15: 0.1 | F15: 8.1 | G15: -5.3 | H15: *** | I15: 0.4 | J15: -3.3 | K15: *** | L15: *** | M15: -12.8 | N15: -8.2 | P15: 2.6 | R15: 1.3 | S15: 2.1 | T15: -1 | V15: -3 | X15: -1.1
A16: 7- 9. | B16: 0.3 | C16: 1.1 | D16: 0.9 | E16: 1.1 | F16: 2.1 | G16: 5.6 | H16: *** | I16: 1.9 | J16: 0 | K16: *** | L16: *** | M16: 10.7 | N16: 12.2 | P16: 0.8 | R16: 0.8 | S16: 0.6 | T16: 1.4 | V16: 4 | X16: 1.6
A17: 10-12. | B17: -0.7 | C17: -2.6 | D17: -2.9 | E17: -3.5 | F17: -0.5 | G17: -0.7 | H17: *** | I17: 3.3 | J17: 10.8 | K17: *** | L17: *** | M17: -4.4 | N17: -2.3 | P17: 0.7 | R17: -0.4 | S17: -2 | T17: 4.9 | V17: 1.5 | X17: -0.8
A18: 2016/ 1- 3. | B18: 3.1 | C18: 0.3 | D18: 0.2 | E18: 0.2 | F18: -0.1 | G18: -2.5 | H18: *** | I18: 4.9 | J18: 11.7 | K18: *** | L18: *** | M18: 3.3 | N18: -5.5 | P18: 4.6 | R18: 1.5 | S18: -0.1 | T18: 6.5 | V18: 0.6 | X18: 2.9
A19: 4- 6. | B19: -0.7 | C19: -2.5 | D19: -2.7 | E19: -3.3 | F19: 12.1 | G19: 0.8 | H19: *** | I19: -3.4 | J19: -11.2 | K19: *** | L19: *** | M19: -2.5 | N19: -4.5 | P19: -1.4 | R19: -1.1 | S19: 0.5 | T19: -5.7 | V19: -0.2 | X19: -1.8
A20: 7- 9. | B20: 0.8 | C20: 1.6 | D20: 1.5 | E20: 1.8 | F20: 7.1 | G20: 2 | H20: *** | I20: 1.5 | J20: 0.9 | K20: *** | L20: *** | M20: 9.1 | N20: 2.4 | P20: 0.1 | R20: -0.3 | S20: -0.7 | T20: 1.1 | V20: 2.6 | X20: 2.9
A21: 10-12. | B21: 0.5 | C21: 1 | D21: 0.9 | E21: 1.1 | F21: 2.1 | G21: 2.9 | H21: *** | I21: -0.1 | J21: 0.5 | K21: *** | L21: *** | M21: 9.2 | N21: 5.4 | P21: -0.3 | R21: -0.1 | S21: -0.1 | T21: -0.1 | V21: 2.3 | X21: 1.7
... A55: 4- 6. | B55: 2.2 | C55: 1.6 | D55: 1.5 | E55: 1.8 | F55: 2 | G55: 2.6 | H55: *** | I55: 0.1 | J55: -2.2 | K55: *** | L55: *** | M55: 8 | N55: 2.5 | P55: 2.2 | R55: 0.9 | S55: 1.6 | T55: -1.1 | V55: 1.6 | X55: 2.5
A57: ＊年率表示の成長率は、実質季節調整値を用いて次式により算出した。年率表示の成長率＝｛(当期の実数÷前期の実数)の4乗－１｝×１００
A58: 연율 표시의 성장률은 실질 계절조정치를 이용하여 다음의 식에 의해 산출되었습니다. 연율 표시의 성장률 = {(당기의 실수 ÷ 전기의 실수)⁴ - 1} × 100

Sheet nkiyo-jk
A1: 実質季節調整系列(年率寄与度) | P1: <参考> | V1: (単位:％)
A2: =VLOOKUP(A1,目次!B:C,2,0) -> 실질, 계절조정계열, 연율기여도 | P2: <참고> | V2: 단위: %
B4: 国内総生産 (支出側) | C4: 民間最終 消費支出 | D4: 家計最終 消費支出 | E4: 除く持ち家の 帰属家賃 | F4: 民間住宅 | G4: 民間企業 設備 | H4: 民間在庫 変動 | I4: 政府最終 消費支出 | J4: 公的固定 資本形成 | K4: 公的在庫 変動 | L4: 財貨・サービス | P4: 国内需要 | Q4: 民間需要 | R4: 公的需要 | T4: 総固定 資本形成 | V4: 最終需要
L5: 純輸出 | M5: 輸出 | N5: 輸入
B6: =HLOOKUP(B4,'gaku-jg'!4:8,3,0) -> GDP (Expenditure Approach) | C6: =HLOOKUP(C4,'gaku-jg'!4:8,3,0) -> Private Consumption | D6: =HLOOKUP(D4,'gaku-jg'!4:8,3,0) -> Consumption of Households | E6: =HLOOKUP(E4,'gaku-jg'!4:8,3,0) -> Excluding Imputed Rent | F6: =HLOOKUP(F4,'gaku-jg'!4:8,3,0) -> Private Residential Investment | G6: =HLOOKUP(G4,'gaku-jg'!4:8,3,0) -> Private Non-Resi. Investment | H6: =HLOOKUP(H4,'gaku-jg'!4:8,3,0) -> Change in Private Inventories | I6: =HLOOKUP(I4,'gaku-jg'!4:8,3,0) -> Government Consumption | ... L6: =HLOOKUP(L4,'gaku-jg'!4:8,3,0) -> Goods & Services | P6: =HLOOKUP(P4,'gaku-jg'!4:8,3,0) -> Domestic Demand | Q6: =HLOOKUP(Q4,'gaku-jg'!4:8,3,0) -> Private Demand | R6: =HLOOKUP(R4,'gaku-jg'!4:8,3,0) -> Public Demand | T6: =HLOOKUP(T4,'gaku-jg'!4:8,3,0) -> Gross Fixed Capital Formation | V6: =HLOOKUP(V4,'gaku-jg'!4:8,3,0) -> Final Sales of Domestic Product
L7: =HLOOKUP(L5,'gaku-jg'!5:9,3,0) -> Net Exports | M7: =HLOOKUP(M5,'gaku-jg'!5:9,3,0) -> Exports | N7: =HLOOKUP(N5,'gaku-jg'!5:9,3,0) -> Imports
B8: =HLOOKUP(B6,'gaku-jg'!6:10,3,0) -> 국내총생산 (지출측) | C8: =HLOOKUP(C6,'gaku-jg'!6:10,3,0) -> 민간최종 소비지출 | D8: =HLOOKUP(D6,'gaku-jg'!6:10,3,0) -> 가계최종 소비지출 | E8: =HLOOKUP(E6,'gaku-jg'!6:10,3,0) -> 주택 의제 임차료 제외 | F8: =HLOOKUP(F6,'gaku-jg'!6:10,3,0) -> 민간주택 | G8: =HLOOKUP(G6,'gaku-jg'!6:10,3,0) -> 민간기업 설비 | H8: =HLOOKUP(H6,'gaku-jg'!6:10,3,0) -> 민간재고 변동 | I8: =HLOOKUP(I6,'gaku-jg'!6:10,3,0) -> 정부최종 소비지출 | ... L8: =HLOOKUP(L6,'gaku-jg'!6:10,3,0) -> 재화 및 서비스 | P8: =HLOOKUP(P6,'gaku-jg'!6:10,3,0) -> 국내수요 | Q8: =HLOOKUP(Q6,'gaku-jg'!6:10,3,0) -> 민간수요 | R8: =HLOOKUP(R6,'gaku-jg'!6:10,3,0) -> 공적수요 | T8: =HLOOKUP(T6,'gaku-jg'!6:10,3,0) -> 총고정 자본형성 | V8: =HLOOKUP(V6,'gaku-jg'!6:10,3,0) -> 최종수요
L9: =HLOOKUP(L7,'gaku-jg'!7:11,3,0) -> 순수출 | M9: =HLOOKUP(M7,'gaku-jg'!7:11,3,0) -> 수출 | N9: =HLOOKUP(N7,'gaku-jg'!7:11,3,0) -> 수입
A10: 2014/ 1- 3. | B10: 3.4 | C10: 4.5 | D10: 4.7 | E10: 4.6 | F10: 0.2 | G10: 1.6 | H10: -1.9 | I10: 0.2 | J10: -0.5 | K10: 0 | L10: -0.8 | M10: 3.9 | N10: -4.7 | P10: 4.2 | Q10: 4.4 | R10: -0.3 | T10: 1.4 | V10: 5.3
A11: 4- 6. | B11: -7 | C11: -11.4 | D11: -11.1 | E11: -11.2 | F11: -1.4 | G11: -1.3 | H11: 3.8 | I11: -0.3 | J11: -0.7 | K11: 0 | L11: 4.2 | M11: 0.9 | N11: 3.3 | P11: -11.3 | Q11: -10.3 | R11: -0.9 | T11: -3.4 | V11: -10.9
A12: 7- 9. | B12: 0.3 | C12: 2 | D12: 2.2 | E12: 2.2 | F12: -0.8 | G12: 0.4 | H12: -2.1 | I12: 0.5 | J12: 0.6 | K12: 0 | L12: -0.3 | M12: 1 | N12: -1.4 | P12: 0.7 | Q12: -0.5 | R12: 1.2 | T12: 0.2 | V12: 2.3
A13: 10-12. | B13: 1.8 | C13: 0.4 | D13: 0.4 | E13: 0.4 | F13: 0 | G13: 0.5 | H13: -1 | I13: 0.2 | J13: 0.1 | K13: -0.1 | L13: 1.7 | M13: 2 | N13: -0.3 | P13: 0.1 | Q13: 0 | R13: 0.2 | T13: 0.6 | V13: 3
A14: 2015/ 1- 3. | B14: 6.4 | C14: 1.1 | D14: 0.9 | E14: 0.9 | F14: 0.4 | G14: 3.3 | H14: 1.1 | I14: 0.8 | J14: -1 | K14: 0.1 | L14: 0.6 | M14: 1.1 | N14: -0.5 | P14: 5.6 | Q14: 5.8 | R14: -0.2 | T14: 2.6 | V14: 5.2
A15: 4- 6. | B15: 0.6 | C15: 0.3 | D15: 0.1 | E15: 0 | F15: 0.3 | G15: -0.9 | H15: 1.9 | I15: 0.1 | J15: -0.2 | K15: -0.2 | L15: -0.7 | M15: -2.4 | N15: 1.7 | P15: 1.3 | Q15: 1.6 | R15: -0.2 | T15: -0.8 | V15: -1.1
A16: 7- 9. | B16: 0.3 | C16: 0.7 | D16: 0.5 | E16: 0.5 | F16: 0.1 | G16: 0.9 | H16: -1.2 | I16: 0.4 | J16: 0 | K16: 0 | L16: -0.5 | M16: 1.8 | N16: -2.3 | P16: 0.8 | Q16: 0.5 | R16: 0.4 | T16: 1 | V16: 1.5
A17: 10-12. | B17: -0.7 | C17: -1.5 | D17: -1.6 | E17: -1.6 | F17: 0 | G17: -0.1 | H17: 0.1 | I17: 0.7 | J17: 0.5 | K17: 0 | L17: -0.3 | M17: -0.8 | N17: 0.5 | P17: -0.4 | Q17: -1.6 | R17: 1.2 | T17: 0.4 | V17: -0.8
A18: 2016/ 1- 3. | B18: 3.1 | C18: 0.2 | D18: 0.1 | E18: 0.1 | F18: 0 | G18: -0.4 | H18: 0.1 | I18: 1 | J18: 0.6 | K18: 0.1 | L18: 1.6 | M18: 0.6 | N18: 1 | P18: 1.5 | Q18: -0.1 | R18: 1.6 | T18: 0.2 | V18: 2.9
A19: 4- 6. | B19: -0.7 | C19: -1.4 | D19: -1.5 | E19: -1.5 | F19: 0.4 | G19: 0.1 | H19: 1.2 | I19: -0.7 | J19: -0.6 | K19: -0.2 | L19: 0.4 | M19: -0.4 | N19: 0.8 | P19: -1.1 | Q19: 0.4 | R19: -1.4 | T19: 0 | V19: -1.8
A20: 7- 9. | B20: 0.8 | C20: 0.9 | D20: 0.8 | E20: 0.8 | F20: 0.3 | G20: 0.3 | H20: -2 | I20: 0.3 | J20: 0 | K20: -0.1 | L20: 1.1 | M20: 1.5 | N20: -0.4 | P20: -0.3 | Q20: -0.6 | R20: 0.3 | T20: 0.6 | V20: 2.9
A21: 10-12. | B21: 0.5 | C21: 0.5 | D21: 0.5 | E21: 0.5 | F21: 0.1 | G21: 0.5 | H21: -1.1 | I21: 0 | J21: 0 | K21: -0.1 | L21: 0.6 | M21: 1.6 | N21: -0.9 | P21: -0.1 | Q21: -0.1 | R21: 0 | T21: 0.6 | V21: 1.7
... A55: 4- 6. | B55: 2.2 | C55: 0.9 | D55: 0.8 | E55: 0.8 | F55: 0.1 | G55: 0.5 | H55: -0.2 | I55: 0 | J55: -0.1 | K55: -0.2 | L55: 1.2 | M55: 1.8 | N55: -0.6 | P55: 0.9 | Q55: 1.2 | R55: -0.3 | T55: 0.4 | V55: 2.5
A57: ＊国内総生産(支出側)は年率表示の成長率
A58: 국내총생산(지출측)은 연율 표시의 성장률.
A60: ＊国内総生産(支出側)に対する寄与度
A61: 국내총생산(지출측)에 대한 기여도.
A63: ＊四捨五入の関係上、各項目の寄与度の合計は必ずしも国内総生産(支出側)の増加率には一致しない。
A64: 반올림의 관계상, 각 항목의 기여도 합계는 반드시 국내총생산(지출측)의 증가율과 일치하지 않습니다.
A66: ＊財貨・サービスの輸入は国内総生産(支出側)の控除項目となるので、寄与度は逆符号で表示した。例えば、財貨・サービスの輸入が増加すると、寄与度はマイナスの符号となる。
A67: 재화 및 서비스의 수입은 국내총생산(지출측)의 공제 항목이 되기 때문에 기여도는 역부호로 표시됩니다. 예를 들면, 재화 및 서비스의 수입이 증가하면, 기여도는 마이너스의 부호가 됩니다.
A69: ＊財貨・サービスの純輸出の寄与度は財貨・サービスの輸出の寄与度－財貨・サービスの輸入の寄与度により求めている。
A70: =HLOOKUP(A69,'kiyo-jk'!A69:A70,2,0) -> 재화 및 서비스의 순수출 기여도는 재화 및 서비스의 수출 기여도 - 재화및 서비스의 수입 기여도로 구하고 있습니다.

Sheet gaku-mg
A1: 名目原系列 | P1: <参考> | Y1: (単位:10億円)
A2: =VLOOKUP(A1,目次!B:C,2,0) -> 명목, 원계열 | P2: <참고> | Y2: 단위: 10억엔
B4: 国内総生産 (支出側) | C4: 民間最終 消費支出 | D4: 家計最終 消費支出 | E4: 除く持ち家の 帰属家賃 | F4: 民間住宅 | G4: 民間企業 設備 | H4: 民間在庫 変動 | I4: 政府最終 消費支出 | J4: 公的固定 資本形成 | K4: 公的在庫 変動 | L4: 財貨・サービス | P4: 海外からの所得 | S4: 国民総所得 | U4: 国内需要 | V4: 民間需要 | W4: 公的需要 | Y4: 総固定 資本形成 | AA4: 最終需要
L5: 純輸出 | M5: 輸出 | N5: 輸入 | P5: 純受取 | Q5: 受取 | R5: 支払
B6: =HLOOKUP(B4,'gaku-jg'!4:8,3,0) -> GDP (Expenditure Approach) | C6: =HLOOKUP(C4,'gaku-jg'!4:8,3,0) -> Private Consumption | D6: =HLOOKUP(D4,'gaku-jg'!4:8,3,0) -> Consumption of Households | E6: =HLOOKUP(E4,'gaku-jg'!4:8,3,0) -> Excluding Imputed Rent | F6: =HLOOKUP(F4,'gaku-jg'!4:8,3,0) -> Private Residential Investment | G6: =HLOOKUP(G4,'gaku-jg'!4:8,3,0) -> Private Non-Resi. Investment | H6: =HLOOKUP(H4,'gaku-jg'!4:8,3,0) -> Change in Private Inventories | I6: =HLOOKUP(I4,'gaku-jg'!4:8,3,0) -> Government Consumption | ... L6: =HLOOKUP(L4,'gaku-jg'!4:8,3,0) -> Goods & Services | P6: =HLOOKUP(P4,'gaku-jg'!4:8,3,0) -> Income from /to the Rest of the World | S6: =HLOOKUP(S4,'gaku-jg'!4:8,3,0) -> GNI | U6: =HLOOKUP(U4,'gaku-jg'!4:8,3,0) -> Domestic Demand | V6: =HLOOKUP(V4,'gaku-jg'!4:8,3,0) -> Private Demand | W6: =HLOOKUP(W4,'gaku-jg'!4:8,3,0) -> Public Demand | Y6: =HLOOKUP(Y4,'gaku-jg'!4:8,3,0) -> Gross Fixed Capital Formation | AA6: =HLOOKUP(AA4,'gaku-jg'!4:8,3,0) -> Final Sales of Domestic Product
L7: =HLOOKUP(L5,'gaku-jg'!5:9,3,0) -> Net Exports | M7: =HLOOKUP(M5,'gaku-jg'!5:9,3,0) -> Exports | N7: =HLOOKUP(N5,'gaku-jg'!5:9,3,0) -> Imports | P7: =HLOOKUP(P5,'gaku-jg'!5:9,3,0) -> Net | Q7: =HLOOKUP(Q5,'gaku-jg'!5:9,3,0) -> Receipt | R7: =HLOOKUP(R5,'gaku-jg'!5:9,3,0) -> Payment
B8: =HLOOKUP(B6,'gaku-jg'!6:10,3,0) -> 국내총생산 (지출측) | C8: =HLOOKUP(C6,'gaku-jg'!6:10,3,0) -> 민간최종 소비지출 | D8: =HLOOKUP(D6,'gaku-jg'!6:10,3,0) -> 가계최종 소비지출 | E8: =HLOOKUP(E6,'gaku-jg'!6:10,3,0) -> 주택 의제 임차료 제외 | F8: =HLOOKUP(F6,'gaku-jg'!6:10,3,0) -> 민간주택 | G8: =HLOOKUP(G6,'gaku-jg'!6:10,3,0) -> 민간기업 설비 | H8: =HLOOKUP(H6,'gaku-jg'!6:10,3,0) -> 민간재고 변동 | I8: =HLOOKUP(I6,'gaku-jg'!6:10,3,0) -> 정부최종 소비지출 | ... L8: =HLOOKUP(L6,'gaku-jg'!6:10,3,0) -> 재화 및 서비스 | P8: =HLOOKUP(P6,'gaku-jg'!6:10,3,0) -> 해외로부터의 소득 | S8: =HLOOKUP(S6,'gaku-jg'!6:10,3,0) -> 국민총소득 | U8: =HLOOKUP(U6,'gaku-jg'!6:10,3,0) -> 국내수요 | V8: =HLOOKUP(V6,'gaku-jg'!6:10,3,0) -> 민간수요 | W8: =HLOOKUP(W6,'gaku-jg'!6:10,3,0) -> 공적수요 | Y8: =HLOOKUP(Y6,'gaku-jg'!6:10,3,0) -> 총고정 자본형성 | AA8: =HLOOKUP(AA6,'gaku-jg'!6:10,3,0) -> 최종수요
L9: =HLOOKUP(L7,'gaku-jg'!7:11,3,0) -> 순수출 | M9: =HLOOKUP(M7,'gaku-jg'!7:11,3,0) -> 수출 | N9: =HLOOKUP(N7,'gaku-jg'!7:11,3,0) -> 수입 | P9: =HLOOKUP(P7,'gaku-jg'!7:11,3,0) -> 순수취 | Q9: =HLOOKUP(Q7,'gaku-jg'!7:11,3,0) -> 수취 | R9: =HLOOKUP(R7,'gaku-jg'!7:11,3,0) -> 지불
A10: 2014/ 1- 3. | B10: 128491.5 | C10: 75713.1 | D10: 74305.1 | E10: 61898.3 | F10: 5380.3 | G10: 23393.9 | H10: -3206.9 | I10: 24179.3 | J10: 7805.3 | K10: 47.6 | L10: -4821.2 | M10: 21886.2 | N10: 26707.3 | P10: 4957.1 | Q10: 6276.3 | R10: 1319.2 | S10: 133448.6 | U10: 133312.6 | V10: 101280.4 | W10: 32032.2 | Y10: 36579.6 | AA10: 131650.8
A11: 4- 6. | B11: 127789.1 | C11: 72543.7 | D11: 70993.2 | E11: 58605.7 | F11: 4820.2 | G11: 18423.1 | H11: 2156.2 | I11: 27415.6 | J11: 5263.6 | K11: 16 | L11: -2849.4 | M11: 21834.8 | N11: 24684.1 | P11: 4216.4 | Q11: 6732.5 | R11: 2516.1 | S11: 132005.5 | U11: 130638.4 | V11: 97943.2 | W11: 32695.2 | Y11: 28506.9 | AA11: 125616.9
A12: 7- 9. | B12: 126779.7 | C12: 74430.8 | D12: 72871.8 | E12: 60492.8 | F12: 4916.4 | G12: 20295.6 | H12: -24.9 | I12: 23922.8 | J12: 6511.8 | K12: 44.8 | L12: -3317.6 | M12: 22300.8 | N12: 25618.4 | P12: 5728.6 | Q12: 7190.8 | R12: 1462.3 | S12: 132508.3 | U12: 130097.4 | V12: 99617.9 | W12: 30479.4 | Y12: 31723.8 | AA12: 126759.8
A13: 10-12. | B13: 135750.8 | C13: 76311.4 | D13: 74312 | E13: 61941.2 | F13: 5087.6 | G13: 20347.1 | H13: 718.8 | I13: 27861.6 | J13: 7896.3 | K13: -1.6 | L13: -2470.5 | M13: 24348.2 | N13: 26818.7 | P13: 4382.7 | Q13: 6901.3 | R13: 2518.6 | S13: 140133.4 | U13: 138221.2 | V13: 102465 | W13: 35756.2 | Y13: 33331 | AA13: 135033.6
A14: 2015/ 1- 3. | B14: 133103.3 | C14: 74236.7 | D14: 72985.6 | E14: 60633.3 | F14: 4944.2 | G14: 24726.7 | H14: -2632.4 | I14: 24957.8 | J14: 7642.5 | K14: 49.5 | L14: -821.6 | M14: 24088.4 | N14: 24910 | P14: 5605.7 | Q14: 7140.1 | R14: 1534.3 | S14: 138709 | U14: 133924.9 | V14: 101275.1 | W14: 32649.8 | Y14: 37313.3 | AA14: 135686.2
A15: 4- 6. | B15: 132899.8 | C15: 74085.2 | D15: 72370.4 | E15: 60024.1 | F15: 4802.6 | G15: 19540.3 | H15: 2162.4 | I15: 27865.7 | J15: 5225.8 | K15: -29.8 | L15: -752.5 | M15: 23070.9 | N15: 23823.3 | P15: 5097.4 | Q15: 7892.2 | R15: 2794.8 | S15: 137997.2 | U15: 133652.3 | V15: 100590.5 | W15: 33061.8 | Y15: 29568.8 | AA15: 130767.2
A16: 7- 9. | B16: 131976.1 | C16: 75199.6 | D16: 73496.2 | E16: 61158.6 | F16: 5209.8 | G16: 21604.5 | H16: 236.2 | I16: 24263.6 | J16: 6231.2 | K16: -19.5 | L16: -749.4 | M16: 23417.8 | N16: 24167.2 | P16: 6163.9 | Q16: 7888.6 | R16: 1724.6 | S16: 138140 | U16: 132725.5 | V16: 102250.1 | W16: 30475.3 | Y16: 33045.6 | AA16: 131759.3
A17: 10-12. | B17: 140053.2 | C17: 76543.5 | D17: 74355.2 | E17: 62025.6 | F17: 5349.4 | G17: 21447.6 | H17: 1295.9 | I17: 28462.8 | J17: 7629.8 | K17: -19.3 | L17: -656.6 | M17: 23238.4 | N17: 23895 | P17: 4296.4 | Q17: 7131.7 | R17: 2835.4 | S17: 144349.5 | U17: 140709.8 | V17: 104636.4 | W17: 36073.4 | Y17: 34426.8 | AA17: 138776.5
A18: 2016/ 1- 3. | B18: 135811.8 | C18: 74012.5 | D18: 72601.4 | E18: 60295 | F18: 5034.4 | G18: 24370 | H18: -2291.8 | I18: 25693.5 | J18: 7934.7 | K18: 17.5 | L18: 1041.2 | M18: 22282.5 | N18: 21241.3 | P18: 5603.4 | Q18: 7301.1 | R18: 1697.7 | S18: 141415.2 | U18: 134770.6 | V18: 101125 | W18: 33645.6 | Y18: 37339 | AA18: 138086.2
A19: 4- 6. | B19: 134271 | C19: 73112.6 | D19: 71346.7 | E19: 59058 | F19: 4935.9 | G19: 19530.5 | H19: 2141.2 | I19: 28265.9 | J19: 5333.7 | K19: -65.1 | L19: 1016.4 | M19: 21028.6 | N19: 20012.2 | P19: 4369.7 | Q19: 7542.1 | R19: 3172.4 | S19: 138640.7 | U19: 133254.6 | V19: 99720.1 | W19: 33534.5 | Y19: 29800.1 | AA19: 132194.9
A20: 7- 9. | B20: 132639.5 | C20: 74040.3 | D20: 72257.3 | E20: 59989.8 | F20: 5408.4 | G20: 21170.3 | H20: 58.1 | I20: 24547 | J20: 6322.3 | K20: -71.2 | L20: 1164.5 | M20: 20995.3 | N20: 19830.8 | P20: 5490.1 | Q20: 7373.4 | R20: 1883.3 | S20: 138129.7 | U20: 131475 | V20: 100677.1 | W20: 30798 | Y20: 32901 | AA20: 132652.7
A21: 10-12. | B21: 141642.3 | C21: 76610.3 | D21: 74288 | E21: 62034.1 | F21: 5611.5 | G21: 21561.3 | H21: 703.7 | I21: 28500.8 | J21: 7575.5 | K21: -84.5 | L21: 1163.8 | M21: 23107.4 | N21: 21943.7 | P21: 3479.4 | Q21: 6503 | R21: 3023.6 | S21: 145121.7 | U21: 140478.6 | V21: 104486.8 | W21: 35991.7 | Y21: 34748.4 | AA21: 141023.2
... A55: 4- 6. | B55: 156321.1 | C55: 83794.4 | D55: 81674.2 | E55: 69569.7 | F55: 5662.5 | G55: 25098.3 | H55: 2273.3 | I55: 33682.5 | J55: 6627.1 | K55: -68.5 | L55: -748.5 | M55: 34812.6 | N55: 35561.2 | P55: 9178.9 | Q55: 17215.7 | R55: 8036.8 | S55: 165499.9 | U55: 157069.6 | V55: 116828.5 | W55: 40241.1 | Y55: 37387.9 | AA55: 154116.3

Sheet ritu-mg
A1: 名目原系列(前年同期比) | P1: <参考> | AA1: (単位:％)
A2: =VLOOKUP(A1,目次!B:C,2,0) -> 명목, 원계열, 전년동기비 | P2: <참고 | AA2: 단위: %
B4: 国内総生産 (支出側) | C4: 民間最終 消費支出 | D4: 家計最終 消費支出 | E4: 除く持ち家の 帰属家賃 | F4: 民間住宅 | G4: 民間企業 設備 | H4: 民間在庫 変動 | I4: 政府最終 消費支出 | J4: 公的固定 資本形成 | K4: 公的在庫 変動 | L4: 財貨・サービス | P4: 海外からの所得 | S4: 国民総所得 | U4: 国内需要 | V4: 民間需要 | W4: 公的需要 | Y4: 総固定 資本形成 | AA4: 最終需要
L5: 純輸出 | M5: 輸出 | N5: 輸入 | P5: 純受取 | Q5: 受取 | R5: 支払
B6: =HLOOKUP(B4,'gaku-jg'!4:8,3,0) -> GDP (Expenditure Approach) | C6: =HLOOKUP(C4,'gaku-jg'!4:8,3,0) -> Private Consumption | D6: =HLOOKUP(D4,'gaku-jg'!4:8,3,0) -> Consumption of Households | E6: =HLOOKUP(E4,'gaku-jg'!4:8,3,0) -> Excluding Imputed Rent | F6: =HLOOKUP(F4,'gaku-jg'!4:8,3,0) -> Private Residential Investment | G6: =HLOOKUP(G4,'gaku-jg'!4:8,3,0) -> Private Non-Resi. Investment | H6: =HLOOKUP(H4,'gaku-jg'!4:8,3,0) -> Change in Private Inventories | I6: =HLOOKUP(I4,'gaku-jg'!4:8,3,0) -> Government Consumption | ... L6: =HLOOKUP(L4,'gaku-jg'!4:8,3,0) -> Goods & Services | P6: =HLOOKUP(P4,'gaku-jg'!4:8,3,0) -> Income from /to the Rest of the World | S6: =HLOOKUP(S4,'gaku-jg'!4:8,3,0) -> GNI | U6: =HLOOKUP(U4,'gaku-jg'!4:8,3,0) -> Domestic Demand | V6: =HLOOKUP(V4,'gaku-jg'!4:8,3,0) -> Private Demand | W6: =HLOOKUP(W4,'gaku-jg'!4:8,3,0) -> Public Demand | Y6: =HLOOKUP(Y4,'gaku-jg'!4:8,3,0) -> Gross Fixed Capital Formation | AA6: =HLOOKUP(AA4,'gaku-jg'!4:8,3,0) -> Final Sales of Domestic Product
L7: =HLOOKUP(L5,'gaku-jg'!5:9,3,0) -> Net Exports | M7: =HLOOKUP(M5,'gaku-jg'!5:9,3,0) -> Exports | N7: =HLOOKUP(N5,'gaku-jg'!5:9,3,0) -> Imports | P7: =HLOOKUP(P5,'gaku-jg'!5:9,3,0) -> Net | Q7: =HLOOKUP(Q5,'gaku-jg'!5:9,3,0) -> Receipt | R7: =HLOOKUP(R5,'gaku-jg'!5:9,3,0) -> Payment
B8: =HLOOKUP(B6,'gaku-jg'!6:10,3,0) -> 국내총생산 (지출측) | C8: =HLOOKUP(C6,'gaku-jg'!6:10,3,0) -> 민간최종 소비지출 | D8: =HLOOKUP(D6,'gaku-jg'!6:10,3,0) -> 가계최종 소비지출 | E8: =HLOOKUP(E6,'gaku-jg'!6:10,3,0) -> 주택 의제 임차료 제외 | F8: =HLOOKUP(F6,'gaku-jg'!6:10,3,0) -> 민간주택 | G8: =HLOOKUP(G6,'gaku-jg'!6:10,3,0) -> 민간기업 설비 | H8: =HLOOKUP(H6,'gaku-jg'!6:10,3,0) -> 민간재고 변동 | I8: =HLOOKUP(I6,'gaku-jg'!6:10,3,0) -> 정부최종 소비지출 | ... L8: =HLOOKUP(L6,'gaku-jg'!6:10,3,0) -> 재화 및 서비스 | P8: =HLOOKUP(P6,'gaku-jg'!6:10,3,0) -> 해외로부터의 소득 | S8: =HLOOKUP(S6,'gaku-jg'!6:10,3,0) -> 국민총소득 | U8: =HLOOKUP(U6,'gaku-jg'!6:10,3,0) -> 국내수요 | V8: =HLOOKUP(V6,'gaku-jg'!6:10,3,0) -> 민간수요 | W8: =HLOOKUP(W6,'gaku-jg'!6:10,3,0) -> 공적수요 | Y8: =HLOOKUP(Y6,'gaku-jg'!6:10,3,0) -> 총고정 자본형성 | AA8: =HLOOKUP(AA6,'gaku-jg'!6:10,3,0) -> 최종수요
L9: =HLOOKUP(L7,'gaku-jg'!7:11,3,0) -> 순수출 | M9: =HLOOKUP(M7,'gaku-jg'!7:11,3,0) -> 수출 | N9: =HLOOKUP(N7,'gaku-jg'!7:11,3,0) -> 수입 | P9: =HLOOKUP(P7,'gaku-jg'!7:11,3,0) -> 순수취 | Q9: =HLOOKUP(Q7,'gaku-jg'!7:11,3,0) -> 수취 | R9: =HLOOKUP(R7,'gaku-jg'!7:11,3,0) -> 지불
A10: 2014/ 1- 3. | B10: 3.2 | C10: 4.2 | D10: 4.2 | E10: 5 | F10: 12.7 | G10: 9.8 | H10: *** | I10: 1.9 | J10: 10.3 | K10: *** | L10: *** | M10: 14.2 | N10: 22.9 | P10: *** | Q10: 19.5 | R10: 43.3 | S10: 3.6 | U10: 4.9 | V10: 5.2 | W10: 4 | Y10: 10.3 | AA10: 3.7
A11: 4- 6. | B11: 2 | C11: 0 | D11: 0.2 | E11: 0.3 | F11: 4.5 | G11: 3.9 | H11: *** | I11: 1.9 | J11: 5.2 | K11: *** | L11: *** | M11: 7.6 | N11: 9.3 | P11: *** | Q11: 1.7 | R11: 29.4 | S11: 1.6 | U11: 2.4 | V11: 2.4 | W11: 2.5 | Y11: 4.2 | AA11: 0.9
A12: 7- 9. | B12: 0.9 | C12: 0.1 | D12: 0.3 | E12: 0.4 | F12: -5.2 | G12: 3.1 | H12: *** | I12: 2.6 | J12: 2.8 | K12: *** | L12: *** | M12: 10.3 | N12: 9.7 | P12: *** | Q12: 14.5 | R12: 18.1 | S12: 1.4 | U12: 1.1 | V12: 0.5 | W12: 2.9 | Y12: 1.6 | AA12: 0.8
A13: 10-12. | B13: 1.8 | C13: 0.1 | D13: 0.3 | E13: 0.4 | F13: -9.1 | G13: 3.2 | H13: *** | I13: 3 | J13: 0.2 | K13: *** | L13: *** | M13: 18.1 | N13: 7.7 | P13: *** | Q13: 29.9 | R13: 35.4 | S13: 2.5 | U13: 0.5 | V13: -0.2 | W13: 2.3 | Y13: 0.4 | AA13: 2.1
A14: 2015/ 1- 3. | B14: 3.6 | C14: -2 | D14: -1.8 | E14: -2 | F14: -8.1 | G14: 5.7 | H14: *** | I14: 3.2 | J14: -2.1 | K14: *** | L14: *** | M14: 10.1 | N14: -6.7 | P14: *** | Q14: 13.8 | R14: 16.3 | S14: 3.9 | U14: 0.5 | V14: 0 | W14: 1.9 | Y14: 2 | AA14: 3.1
A15: 4- 6. | B15: 4 | C15: 2.1 | D15: 1.9 | E15: 2.4 | F15: -0.4 | G15: 6.1 | H15: *** | I15: 1.6 | J15: -0.7 | K15: *** | L15: *** | M15: 5.7 | N15: -3.5 | P15: *** | Q15: 17.2 | R15: 11.1 | S15: 4.5 | U15: 2.3 | V15: 2.7 | W15: 1.1 | Y15: 3.7 | AA15: 4.1
A16: 7- 9. | B16: 4.1 | C16: 1 | D16: 0.9 | E16: 1.1 | F16: 6 | G16: 6.4 | H16: *** | I16: 1.4 | J16: -4.3 | K16: *** | L16: *** | M16: 5 | N16: -5.7 | P16: *** | Q16: 9.7 | R16: 17.9 | S16: 4.3 | U16: 2 | V16: 2.6 | W16: 0 | Y16: 4.2 | AA16: 3.9
A17: 10-12. | B17: 3.2 | C17: 0.3 | D17: 0.1 | E17: 0.1 | F17: 5.1 | G17: 5.4 | H17: *** | I17: 2.2 | J17: -3.4 | K17: *** | L17: *** | M17: -4.6 | N17: -10.9 | P17: *** | Q17: 3.3 | R17: 12.6 | S17: 3 | U17: 1.8 | V17: 2.1 | W17: 0.9 | Y17: 3.3 | AA17: 2.8
A18: 2016/ 1- 3. | B18: 2 | C18: -0.3 | D18: -0.5 | E18: -0.6 | F18: 1.8 | G18: -1.4 | H18: *** | I18: 2.9 | J18: 3.8 | K18: *** | L18: *** | M18: -7.5 | N18: -14.7 | P18: *** | Q18: 2.3 | R18: 10.6 | S18: 2 | U18: 0.6 | V18: -0.1 | W18: 3.1 | Y18: 0.1 | AA18: 1.8
A19: 4- 6. | B19: 1 | C19: -1.3 | D19: -1.4 | E19: -1.6 | F19: 2.8 | G19: -0.1 | H19: *** | I19: 1.4 | J19: 2.1 | K19: *** | L19: *** | M19: -8.9 | N19: -16 | P19: *** | Q19: -4.4 | R19: 13.5 | S19: 0.5 | U19: -0.3 | V19: -0.9 | W19: 1.4 | Y19: 0.8 | AA19: 1.1
A20: 7- 9. | B20: 0.5 | C20: -1.5 | D20: -1.7 | E20: -1.9 | F20: 3.8 | G20: -2 | H20: *** | I20: 1.2 | J20: 1.5 | K20: *** | L20: *** | M20: -10.3 | N20: -17.9 | P20: *** | Q20: -6.5 | R20: 9.2 | S20: 0 | U20: -0.9 | V20: -1.5 | W20: 1.1 | Y20: -0.4 | AA20: 0.7
A21: 10-12. | B21: 1.1 | C21: 0.1 | D21: -0.1 | E21: 0 | F21: 4.9 | G21: 0.5 | H21: *** | I21: 0.1 | J21: -0.7 | K21: *** | L21: *** | M21: -0.6 | N21: -8.2 | P21: *** | Q21: -8.8 | R21: 6.6 | S21: 0.5 | U21: -0.2 | V21: -0.1 | W21: -0.2 | Y21: 0.9 | AA21: 1.6
... A55: 4- 6. | B55: 4.7 | C55: 3.5 | D55: 3.5 | E55: 4.1 | F55: 5.3 | G55: 4.4 | H55: *** | I55: 1.9 | J55: 2.2 | K55: *** | L55: *** | M55: 0.8 | N55: -2.9 | P55: *** | Q55: -2.1 | R55: 2.3 | S55: 4.1 | U55: 3.8 | V55: 4.5 | W55: 1.8 | Y55: 4.1 | AA55: 4.3

Sheet kiyo-mg
A1: 名目原系列(寄与度) | P1: <参考> | AA1: (単位:％)
A2: =VLOOKUP(A1,目次!B:C,2,0) -> 명목, 원계열, 기여도 | P2: <참고> | AA2: 단위: %
B4: 国内総生産 (支出側) | C4: 民間最終 消費支出 | D4: 家計最終 消費支出 | E4: 除く持ち家の 帰属家賃 | F4: 民間住宅 | G4: 民間企業 設備 | H4: 民間在庫 変動 | I4: 政府最終 消費支出 | J4: 公的固定 資本形成 | K4: 公的在庫 変動 | L4: 財貨・サービス | P4: 海外からの所得 | S4: 国民総所得 | U4: 国内需要 | V4: 民間需要 | W4: 公的需要 | Y4: 総固定 資本形成 | AA4: 最終需要
L5: 純輸出 | M5: 輸出 | N5: 輸入 | P5: 純受取 | Q5: 受取 | R5: 支払
B6: =HLOOKUP(B4,'gaku-jg'!4:8,3,0) -> GDP (Expenditure Approach) | C6: =HLOOKUP(C4,'gaku-jg'!4:8,3,0) -> Private Consumption | D6: =HLOOKUP(D4,'gaku-jg'!4:8,3,0) -> Consumption of Households | E6: =HLOOKUP(E4,'gaku-jg'!4:8,3,0) -> Excluding Imputed Rent | F6: =HLOOKUP(F4,'gaku-jg'!4:8,3,0) -> Private Residential Investment | G6: =HLOOKUP(G4,'gaku-jg'!4:8,3,0) -> Private Non-Resi. Investment | H6: =HLOOKUP(H4,'gaku-jg'!4:8,3,0) -> Change in Private Inventories | I6: =HLOOKUP(I4,'gaku-jg'!4:8,3,0) -> Government Consumption | ... L6: =HLOOKUP(L4,'gaku-jg'!4:8,3,0) -> Goods & Services | P6: =HLOOKUP(P4,'gaku-jg'!4:8,3,0) -> Income from /to the Rest of the World | S6: =HLOOKUP(S4,'gaku-jg'!4:8,3,0) -> GNI | U6: =HLOOKUP(U4,'gaku-jg'!4:8,3,0) -> Domestic Demand | V6: =HLOOKUP(V4,'gaku-jg'!4:8,3,0) -> Private Demand | W6: =HLOOKUP(W4,'gaku-jg'!4:8,3,0) -> Public Demand | Y6: =HLOOKUP(Y4,'gaku-jg'!4:8,3,0) -> Gross Fixed Capital Formation | AA6: =HLOOKUP(AA4,'gaku-jg'!4:8,3,0) -> Final Sales of Domestic Product
L7: =HLOOKUP(L5,'gaku-jg'!5:9,3,0) -> Net Exports | M7: =HLOOKUP(M5,'gaku-jg'!5:9,3,0) -> Exports | N7: =HLOOKUP(N5,'gaku-jg'!5:9,3,0) -> Imports | P7: =HLOOKUP(P5,'gaku-jg'!5:9,3,0) -> Net | Q7: =HLOOKUP(Q5,'gaku-jg'!5:9,3,0) -> Receipt | R7: =HLOOKUP(R5,'gaku-jg'!5:9,3,0) -> Payment
B8: =HLOOKUP(B6,'gaku-jg'!6:10,3,0) -> 국내총생산 (지출측) | C8: =HLOOKUP(C6,'gaku-jg'!6:10,3,0) -> 민간최종 소비지출 | D8: =HLOOKUP(D6,'gaku-jg'!6:10,3,0) -> 가계최종 소비지출 | E8: =HLOOKUP(E6,'gaku-jg'!6:10,3,0) -> 주택 의제 임차료 제외 | F8: =HLOOKUP(F6,'gaku-jg'!6:10,3,0) -> 민간주택 | G8: =HLOOKUP(G6,'gaku-jg'!6:10,3,0) -> 민간기업 설비 | H8: =HLOOKUP(H6,'gaku-jg'!6:10,3,0) -> 민간재고 변동 | I8: =HLOOKUP(I6,'gaku-jg'!6:10,3,0) -> 정부최종 소비지출 | ... L8: =HLOOKUP(L6,'gaku-jg'!6:10,3,0) -> 재화 및 서비스 | P8: =HLOOKUP(P6,'gaku-jg'!6:10,3,0) -> 해외로부터의 소득 | S8: =HLOOKUP(S6,'gaku-jg'!6:10,3,0) -> 국민총소득 | U8: =HLOOKUP(U6,'gaku-jg'!6:10,3,0) -> 국내수요 | V8: =HLOOKUP(V6,'gaku-jg'!6:10,3,0) -> 민간수요 | W8: =HLOOKUP(W6,'gaku-jg'!6:10,3,0) -> 공적수요 | Y8: =HLOOKUP(Y6,'gaku-jg'!6:10,3,0) -> 총고정 자본형성 | AA8: =HLOOKUP(AA6,'gaku-jg'!6:10,3,0) -> 최종수요
L9: =HLOOKUP(L7,'gaku-jg'!7:11,3,0) -> 순수출 | M9: =HLOOKUP(M7,'gaku-jg'!7:11,3,0) -> 수출 | N9: =HLOOKUP(N7,'gaku-jg'!7:11,3,0) -> 수입 | P9: =HLOOKUP(P7,'gaku-jg'!7:11,3,0) -> 순수취 | Q9: =HLOOKUP(Q7,'gaku-jg'!7:11,3,0) -> 수취 | R9: =HLOOKUP(R7,'gaku-jg'!7:11,3,0) -> 지불
A10: 2014/ 1- 3. | B10: 3.2 | C10: 2.4 | D10: 2.4 | E10: 2.4 | F10: 0.5 | G10: 1.7 | H10: -0.6 | I10: 0.4 | J10: 0.6 | K10: 0 | L10: -1.8 | M10: 2.2 | N10: -4 | P10: 0.5 | Q10: 0.8 | R10: -0.3 | S10: 3.6 | U10: 5 | V10: 4 | W10: 1 | Y10: 2.8 | AA10: 3.7
A11: 4- 6. | B11: 2 | C11: 0 | D11: 0.1 | E11: 0.1 | F11: 0.2 | G11: 0.5 | H11: 1.1 | I11: 0.4 | J11: 0.2 | K11: 0 | L11: -0.4 | M11: 1.2 | N11: -1.7 | P11: -0.4 | Q11: 0.1 | R11: -0.4 | S11: 1.6 | U11: 2.5 | V11: 1.9 | W11: 0.6 | Y11: 0.9 | AA11: 0.9
A12: 7- 9. | B12: 0.9 | C12: 0.1 | D12: 0.2 | E12: 0.2 | F12: -0.2 | G12: 0.5 | H12: 0.1 | I12: 0.5 | J12: 0.1 | K12: 0.1 | L12: -0.1 | M12: 1.7 | N12: -1.8 | P12: 0.5 | Q12: 0.7 | R12: -0.2 | S12: 1.4 | U12: 1.1 | V12: 0.4 | W12: 0.7 | Y12: 0.4 | AA12: 0.8
A13: 10-12. | B13: 1.8 | C13: 0.1 | D13: 0.2 | E13: 0.2 | F13: -0.4 | G13: 0.5 | H13: -0.3 | I13: 0.6 | J13: 0 | K13: 0 | L13: 1.3 | M13: 2.8 | N13: -1.4 | P13: 0.7 | Q13: 1.2 | R13: -0.5 | S13: 2.5 | U13: 0.5 | V13: -0.1 | W13: 0.6 | Y13: 0.1 | AA13: 2.1
A14: 2015/ 1- 3. | B14: 3.6 | C14: -1.1 | D14: -1 | E14: -1 | F14: -0.3 | G14: 1 | H14: 0.4 | I14: 0.6 | J14: -0.1 | K14: 0 | L14: 3.1 | M14: 1.7 | N14: 1.4 | P14: 0.5 | Q14: 0.6 | R14: -0.2 | S14: 3.9 | U14: 0.5 | V14: 0 | W14: 0.5 | Y14: 0.6 | AA14: 3.1
A15: 4- 6. | B15: 4 | C15: 1.2 | D15: 1.1 | E15: 1.1 | F15: 0 | G15: 0.9 | H15: 0 | I15: 0.4 | J15: 0 | K15: 0 | L15: 1.6 | M15: 1 | N15: 0.7 | P15: 0.7 | Q15: 0.9 | R15: -0.2 | S15: 4.5 | U15: 2.4 | V15: 2.1 | W15: 0.3 | Y15: 0.8 | AA15: 4
A16: 7- 9. | B16: 4.1 | C16: 0.6 | D16: 0.5 | E16: 0.5 | F16: 0.2 | G16: 1 | H16: 0.2 | I16: 0.3 | J16: -0.2 | K16: -0.1 | L16: 2 | M16: 0.9 | N16: 1.1 | P16: 0.3 | Q16: 0.5 | R16: -0.2 | S16: 4.3 | U16: 2.1 | V16: 2.1 | W16: 0 | Y16: 1 | AA16: 3.9
A17: 10-12. | B17: 3.2 | C17: 0.2 | D17: 0 | E17: 0.1 | F17: 0.2 | G17: 0.8 | H17: 0.4 | I17: 0.4 | J17: -0.2 | K17: 0 | L17: 1.3 | M17: -0.8 | N17: 2.2 | P17: -0.1 | Q17: 0.2 | R17: -0.2 | S17: 3 | U17: 1.8 | V17: 1.6 | W17: 0.2 | Y17: 0.8 | AA17: 2.8
A18: 2016/ 1- 3. | B18: 2 | C18: -0.2 | D18: -0.3 | E18: -0.3 | F18: 0.1 | G18: -0.3 | H18: 0.3 | I18: 0.6 | J18: 0.2 | K18: 0 | L18: 1.4 | M18: -1.4 | N18: 2.8 | P18: 0 | Q18: 0.1 | R18: -0.1 | S18: 2 | U18: 0.6 | V18: -0.1 | W18: 0.7 | Y18: 0 | AA18: 1.8
A19: 4- 6. | B19: 1 | C19: -0.7 | D19: -0.8 | E19: -0.7 | F19: 0.1 | G19: 0 | H19: 0 | I19: 0.3 | J19: 0.1 | K19: 0 | L19: 1.3 | M19: -1.5 | N19: 2.9 | P19: -0.5 | Q19: -0.3 | R19: -0.3 | S19: 0.5 | U19: -0.3 | V19: -0.7 | W19: 0.4 | Y19: 0.2 | AA19: 1.1
A20: 7- 9. | B20: 0.5 | C20: -0.9 | D20: -0.9 | E20: -0.9 | F20: 0.2 | G20: -0.3 | H20: -0.1 | I20: 0.2 | J20: 0.1 | K20: 0 | L20: 1.5 | M20: -1.8 | N20: 3.3 | P20: -0.5 | Q20: -0.4 | R20: -0.1 | S20: 0 | U20: -0.9 | V20: -1.2 | W20: 0.2 | Y20: -0.1 | AA20: 0.7
A21: 10-12. | B21: 1.1 | C21: 0 | D21: 0 | E21: 0 | F21: 0.2 | G21: 0.1 | H21: -0.4 | I21: 0 | J21: 0 | K21: 0 | L21: 1.3 | M21: -0.1 | N21: 1.4 | P21: -0.6 | Q21: -0.4 | R21: -0.1 | S21: 0.5 | U21: -0.2 | V21: -0.1 | W21: -0.1 | Y21: 0.2 | AA21: 1.6
... A55: 4- 6. | B55: 4.7 | C55: 1.9 | D55: 1.8 | E55: 1.8 | F55: 0.2 | G55: 0.7 | H55: 0.6 | I55: 0.4 | J55: 0.1 | K55: 0 | L55: 0.9 | M55: 0.2 | N55: 0.7 | P55: -0.3 | Q55: -0.2 | R55: -0.1 | S55: 4.1 | U55: 3.8 | V55: 3.4 | W55: 0.5 | Y55: 1 | AA55: 4.2
A57: ＊国内総生産(支出側)、国民総所得は前年同期比
A58: 국내총생산(지출측), 국민총소득은 전년동기비.
A60: ＊国内総生産(支出側)に対する寄与度、ただし海外からの所得は国民総所得に対する寄与度
A61: 국내총생산(지출측)에 대한 기여도, 다만 해외로부터의 소득은 국민총소득에 대한 기여도.
A63: ＊寄与度は次式により算出した。寄与度＝（当期の実数－前年同期の実数）÷前年同期の国内総生産(支出側)（または国民総所得）×１００
A64: 기여도는 다음 식에 의해 산출되었습니다. 기여도 = (당기의 실수 - 전년 동기의 실수) ÷ 전년 동기의 국내총생산(지출측) (또는 국민총소득) × 100
A66: ＊四捨五入の関係上、各項目の寄与度の合計は必ずしも国内総生産(支出側)、もしくは国民総所得の増加率には一致しない。
A67: =HLOOKUP(A66,'kiyo-jk'!A63:A64,2,0) -> 반올림의 관계상, 각 항목의 기여도 합계는 반드시 국내총생산(지출측) 혹은 국민총소득의 증가율과 일치하지 않습니다.
A69: ＊財貨・サービスの輸入は国内総生産(支出側)、海外からの所得支払は国民総所得の控除項目となるので、寄与度は逆符号で表示した。例えば、財貨・サービスの輸入が増加すると、寄与度はマイナスの符号となる。
A70: =HLOOKUP(A66,'kiyo-jk'!A63:A64,2,0) -> 반올림의 관계상, 각 항목의 기여도 합계는 반드시 국내총생산(지출측) 혹은 국민총소득의 증가율과 일치하지 않습니다.

Sheet gaku-mk
A1: 名目季節調整系列 | P1: <参考> | Y1: (単位:10億円)
A2: =VLOOKUP(A1,目次!B:C,2,0) -> 명목, 계절조정계열 | P2: <참고> | Y2: 단위: 10억엔
B4: 国内総生産 (支出側) | C4: 民間最終 消費支出 | D4: 家計最終 消費支出 | E4: 除く持ち家の 帰属家賃 | F4: 民間住宅 | G4: 民間企業 設備 | H4: 民間在庫 変動 | I4: 政府最終 消費支出 | J4: 公的固定 資本形成 | K4: 公的在庫 変動 | L4: 財貨・サービス | P4: 海外からの所得 | S4: 国民総所得 | U4: 国内需要 | V4: 民間需要 | W4: 公的需要 | Y4: 総固定 資本形成 | AA4: 最終需要
L5: 純輸出 | M5: 輸出 | N5: 輸入 | P5: 純受取 | Q5: 受取 | R5: 支払
B6: =HLOOKUP(B4,'gaku-jg'!4:8,3,0) -> GDP (Expenditure Approach) | C6: =HLOOKUP(C4,'gaku-jg'!4:8,3,0) -> Private Consumption | D6: =HLOOKUP(D4,'gaku-jg'!4:8,3,0) -> Consumption of Households | E6: =HLOOKUP(E4,'gaku-jg'!4:8,3,0) -> Excluding Imputed Rent | F6: =HLOOKUP(F4,'gaku-jg'!4:8,3,0) -> Private Residential Investment | G6: =HLOOKUP(G4,'gaku-jg'!4:8,3,0) -> Private Non-Resi. Investment | H6: =HLOOKUP(H4,'gaku-jg'!4:8,3,0) -> Change in Private Inventories | I6: =HLOOKUP(I4,'gaku-jg'!4:8,3,0) -> Government Consumption | ... L6: =HLOOKUP(L4,'gaku-jg'!4:8,3,0) -> Goods & Services | P6: =HLOOKUP(P4,'gaku-jg'!4:8,3,0) -> Income from /to the Rest of the World | S6: =HLOOKUP(S4,'gaku-jg'!4:8,3,0) -> GNI | U6: =HLOOKUP(U4,'gaku-jg'!4:8,3,0) -> Domestic Demand | V6: =HLOOKUP(V4,'gaku-jg'!4:8,3,0) -> Private Demand | W6: =HLOOKUP(W4,'gaku-jg'!4:8,3,0) -> Public Demand | Y6: =HLOOKUP(Y4,'gaku-jg'!4:8,3,0) -> Gross Fixed Capital Formation | AA6: =HLOOKUP(AA4,'gaku-jg'!4:8,3,0) -> Final Sales of Domestic Product
L7: =HLOOKUP(L5,'gaku-jg'!5:9,3,0) -> Net Exports | M7: =HLOOKUP(M5,'gaku-jg'!5:9,3,0) -> Exports | N7: =HLOOKUP(N5,'gaku-jg'!5:9,3,0) -> Imports | P7: =HLOOKUP(P5,'gaku-jg'!5:9,3,0) -> Net | Q7: =HLOOKUP(Q5,'gaku-jg'!5:9,3,0) -> Receipt | R7: =HLOOKUP(R5,'gaku-jg'!5:9,3,0) -> Payment
B8: =HLOOKUP(B6,'gaku-jg'!6:10,3,0) -> 국내총생산 (지출측) | C8: =HLOOKUP(C6,'gaku-jg'!6:10,3,0) -> 민간최종 소비지출 | D8: =HLOOKUP(D6,'gaku-jg'!6:10,3,0) -> 가계최종 소비지출 | E8: =HLOOKUP(E6,'gaku-jg'!6:10,3,0) -> 주택 의제 임차료 제외 | F8: =HLOOKUP(F6,'gaku-jg'!6:10,3,0) -> 민간주택 | G8: =HLOOKUP(G6,'gaku-jg'!6:10,3,0) -> 민간기업 설비 | H8: =HLOOKUP(H6,'gaku-jg'!6:10,3,0) -> 민간재고 변동 | I8: =HLOOKUP(I6,'gaku-jg'!6:10,3,0) -> 정부최종 소비지출 | ... L8: =HLOOKUP(L6,'gaku-jg'!6:10,3,0) -> 재화 및 서비스 | P8: =HLOOKUP(P6,'gaku-jg'!6:10,3,0) -> 해외로부터의 소득 | S8: =HLOOKUP(S6,'gaku-jg'!6:10,3,0) -> 국민총소득 | U8: =HLOOKUP(U6,'gaku-jg'!6:10,3,0) -> 국내수요 | V8: =HLOOKUP(V6,'gaku-jg'!6:10,3,0) -> 민간수요 | W8: =HLOOKUP(W6,'gaku-jg'!6:10,3,0) -> 공적수요 | Y8: =HLOOKUP(Y6,'gaku-jg'!6:10,3,0) -> 총고정 자본형성 | AA8: =HLOOKUP(AA6,'gaku-jg'!6:10,3,0) -> 최종수요
L9: =HLOOKUP(L7,'gaku-jg'!7:11,3,0) -> 순수출 | M9: =HLOOKUP(M7,'gaku-jg'!7:11,3,0) -> 수출 | N9: =HLOOKUP(N7,'gaku-jg'!7:11,3,0) -> 수입 | P9: =HLOOKUP(P7,'gaku-jg'!7:11,3,0) -> 순수취 | Q9: =HLOOKUP(Q7,'gaku-jg'!7:11,3,0) -> 수취 | R9: =HLOOKUP(R7,'gaku-jg'!7:11,3,0) -> 지불
A10: 2014/ 1- 3. | B10: 516608 | C10: 304589.2 | D10: 297826.6 | E10: 248192.9 | F10: 21682.6 | G10: 82805.8 | H10: -2614.5 | I10: 102076.1 | J10: 27269.1 | K10: 111.5 | L10: -19311.9 | M10: 86689.7 | N10: 106001.6 | P10: 17665.9 | Q10: 24898.1 | R10: 7232.2 | S10: 534273.8 | U10: 535919.9 | V10: 406463.2 | W10: 129456.7 | Y10: 131757.5 | AA10: 519111
A11: 4- 6. | B11: 517941.2 | C11: 295017.4 | D11: 288550.7 | E11: 238989.3 | F11: 20426.4 | G11: 81523.6 | H11: 2920.4 | I11: 103143.1 | J11: 26955.4 | K11: 115.7 | L11: -12160.8 | M11: 87807.9 | N11: 99968.7 | P11: 17872.9 | Q11: 25471.6 | R11: 7598.7 | S11: 535814.1 | U11: 530102 | V11: 399887.9 | W11: 130214.2 | Y11: 128905.5 | AA11: 514905.2
A12: 7- 9. | B12: 518261.7 | C12: 297839.3 | D12: 291611.6 | E12: 242095.3 | F12: 19369 | G12: 82304 | H12: -365.7 | I12: 104005.6 | J12: 27782.2 | K12: 194.6 | L12: -12867.2 | M12: 90911.6 | N12: 103778.8 | P12: 19770.5 | Q12: 27574.6 | R12: 7804.1 | S12: 538032.2 | U12: 531128.9 | V12: 399146.5 | W12: 131982.4 | Y12: 129455.2 | AA12: 518432.8
A13: 10-12. | B13: 522095 | C13: 298086.3 | D13: 291844.7 | E13: 242378.1 | F13: 19403.3 | G13: 83113.2 | H13: -1356.1 | I13: 104372.8 | J13: 27783 | K13: 21.3 | L13: -9328.8 | M13: 95771.5 | N13: 105100.3 | P13: 22334.5 | Q13: 30718.8 | R13: 8384.3 | S13: 544429.5 | U13: 531423.8 | V13: 399246.7 | W13: 132177.1 | Y13: 130299.5 | AA13: 523429.8
A14: 2015/ 1- 3. | B14: 534727.3 | C14: 299214.7 | D14: 292710.8 | E14: 243295.3 | F14: 19960.7 | G14: 87445.5 | H14: -156.7 | I14: 105099.3 | J14: 26757.9 | K14: 89.5 | L14: -3683.5 | M14: 95211.3 | N14: 98894.8 | P14: 20150.2 | Q14: 28541.1 | R14: 8390.9 | S14: 554877.5 | U14: 538410.8 | V14: 406464.2 | W14: 131946.6 | Y14: 134164.1 | AA14: 534794.5
A15: 4- 6. | B15: 538193.5 | C15: 300668.4 | D15: 293875 | E15: 244481.3 | F15: 20331 | G15: 86477.6 | H15: 2683.6 | I15: 104904.7 | J15: 26527.8 | K15: -50.2 | L15: -3349.4 | M15: 93536.1 | N15: 96885.5 | P15: 21416.3 | Q15: 29935.4 | R15: 8519.1 | S15: 559609.7 | U15: 541542.9 | V15: 410160.6 | W15: 131382.3 | Y15: 133336.4 | AA15: 535560.1
A16: 7- 9. | B16: 539902 | C16: 301536.4 | D16: 294553.5 | E16: 245203.5 | F16: 20491.9 | G16: 87811.9 | H16: 756.7 | I16: 105507.3 | J16: 26552.4 | K16: -68.5 | L16: -2686.2 | M16: 95566 | N16: 98252.2 | P16: 21094 | Q16: 30266 | R16: 9172 | S16: 560996 | U16: 542588.1 | V16: 410597 | W16: 131991.2 | Y16: 134856.3 | AA16: 539213.8
A17: 10-12. | B17: 539306.2 | C17: 298961.4 | D17: 291848.6 | E17: 242543 | F17: 20427.9 | G17: 87307.5 | H17: 954.7 | I17: 106732.4 | J17: 27080.4 | K17: -42.5 | L17: -2115.6 | M17: 90902.4 | N17: 93018 | P17: 22003.7 | Q17: 31431.7 | R17: 9428.1 | S17: 561309.9 | U17: 541421.7 | V17: 407651.5 | W17: 133770.3 | Y17: 134815.8 | AA17: 538394
A18: 2016/ 1- 3. | B18: 545302.5 | C18: 298038 | D18: 290857 | E18: 241624.9 | F18: 20353.4 | G18: 86359.9 | H18: 1213.8 | I18: 108012.1 | J18: 27774.8 | K18: -43.9 | L18: 3594.4 | M18: 87959.2 | N18: 84364.8 | P18: 20148.1 | Q18: 29333.2 | R18: 9185.1 | S18: 565450.6 | U18: 541708.1 | V18: 405965.1 | W18: 135743 | Y18: 134488.1 | AA18: 544132.6
A19: 4- 6. | B19: 543366.4 | C19: 296586.9 | D19: 289311.2 | E19: 240150.3 | F19: 20877.9 | G19: 86243 | H19: 2592.2 | I19: 106410.3 | J19: 26814.2 | K19: -187.3 | L19: 4029 | M19: 85585 | N19: 81555.9 | P19: 18952.2 | Q19: 28680 | R19: 9727.7 | S19: 562318.6 | U19: 539337.3 | V19: 406300.1 | W19: 133037.2 | Y19: 133935.2 | AA19: 540961.5
A20: 7- 9. | B20: 543580.2 | C20: 297343.7 | D20: 289950.9 | E20: 240882.2 | F20: 21225.9 | G20: 86407.3 | H20: 134.7 | I20: 106778.8 | J20: 26924 | K20: -282.6 | L20: 5048.4 | M20: 85858.1 | N20: 80809.7 | P20: 18241.3 | Q20: 28274.2 | R20: 10032.8 | S20: 561821.6 | U20: 538531.8 | V20: 405111.6 | W20: 133420.3 | Y20: 134557.2 | AA20: 543728.1
A21: 10-12. | B21: 544543 | C21: 298856.2 | D21: 291403.4 | E21: 242396.2 | F21: 21458.6 | G21: 87291.6 | H21: -1473.6 | I21: 106910 | J21: 27079.3 | K21: -309.4 | L21: 4730.3 | M21: 89829.3 | N21: 85099 | P21: 18474.1 | Q21: 28536.3 | R21: 10062.2 | S21: 563017.1 | U21: 539812.6 | V21: 406132.8 | W21: 133679.9 | Y21: 135829.5 | AA21: 546326
... A55: 4- 6. | B55: 635136.2 | C55: 340194.1 | D55: 331500.8 | E55: 283085.9 | F55: 23651.3 | G55: 109724.7 | H55: 3589.3 | I55: 127750.7 | J55: 32015.5 | K55: -180.4 | L55: -1609 | M55: 141214.5 | N55: 142823.5 | P55: 38682.6 | Q55: 65163.2 | R55: 26480.6 | S55: 673818.8 | U55: 636745.2 | V55: 477159.4 | W55: 159585.8 | Y55: 165391.4 | AA55: 631727.3
A57: ＊年率で表示している。
A58: =HLOOKUP(A57,'gaku-jk'!A57:A58,2,0) -> 연율로 표시하고 있습니다.

Sheet ritu-mk
A1: 名目季節調整系列(前期比) | P1: <参考> | AA1: (単位:％)
A2: =VLOOKUP(A1,目次!B:C,2,0) -> 명목, 계절조정계열, 전기비 | P2: <참고> | AA2: 단위: %
B4: 国内総生産 (支出側) | C4: 民間最終 消費支出 | D4: 家計最終 消費支出 | E4: 除く持ち家の 帰属家賃 | F4: 民間住宅 | G4: 民間企業 設備 | H4: 民間在庫 変動 | I4: 政府最終 消費支出 | J4: 公的固定 資本形成 | K4: 公的在庫 変動 | L4: 財貨・サービス | P4: 海外からの所得 | S4: 国民総所得 | U4: 国内需要 | V4: 民間需要 | W4: 公的需要 | Y4: 総固定 資本形成 | AA4: 最終需要
L5: 純輸出 | M5: 輸出 | N5: 輸入 | P5: 純受取 | Q5: 受取 | R5: 支払
B6: =HLOOKUP(B4,'gaku-jg'!4:8,3,0) -> GDP (Expenditure Approach) | C6: =HLOOKUP(C4,'gaku-jg'!4:8,3,0) -> Private Consumption | D6: =HLOOKUP(D4,'gaku-jg'!4:8,3,0) -> Consumption of Households | E6: =HLOOKUP(E4,'gaku-jg'!4:8,3,0) -> Excluding Imputed Rent | F6: =HLOOKUP(F4,'gaku-jg'!4:8,3,0) -> Private Residential Investment | G6: =HLOOKUP(G4,'gaku-jg'!4:8,3,0) -> Private Non-Resi. Investment | H6: =HLOOKUP(H4,'gaku-jg'!4:8,3,0) -> Change in Private Inventories | I6: =HLOOKUP(I4,'gaku-jg'!4:8,3,0) -> Government Consumption | ... L6: =HLOOKUP(L4,'gaku-jg'!4:8,3,0) -> Goods & Services | P6: =HLOOKUP(P4,'gaku-jg'!4:8,3,0) -> Income from /to the Rest of the World | S6: =HLOOKUP(S4,'gaku-jg'!4:8,3,0) -> GNI | U6: =HLOOKUP(U4,'gaku-jg'!4:8,3,0) -> Domestic Demand | V6: =HLOOKUP(V4,'gaku-jg'!4:8,3,0) -> Private Demand | W6: =HLOOKUP(W4,'gaku-jg'!4:8,3,0) -> Public Demand | Y6: =HLOOKUP(Y4,'gaku-jg'!4:8,3,0) -> Gross Fixed Capital Formation | AA6: =HLOOKUP(AA4,'gaku-jg'!4:8,3,0) -> Final Sales of Domestic Product
L7: =HLOOKUP(L5,'gaku-jg'!5:9,3,0) -> Net Exports | M7: =HLOOKUP(M5,'gaku-jg'!5:9,3,0) -> Exports | N7: =HLOOKUP(N5,'gaku-jg'!5:9,3,0) -> Imports | P7: =HLOOKUP(P5,'gaku-jg'!5:9,3,0) -> Net | Q7: =HLOOKUP(Q5,'gaku-jg'!5:9,3,0) -> Receipt | R7: =HLOOKUP(R5,'gaku-jg'!5:9,3,0) -> Payment
B8: =HLOOKUP(B6,'gaku-jg'!6:10,3,0) -> 국내총생산 (지출측) | C8: =HLOOKUP(C6,'gaku-jg'!6:10,3,0) -> 민간최종 소비지출 | D8: =HLOOKUP(D6,'gaku-jg'!6:10,3,0) -> 가계최종 소비지출 | E8: =HLOOKUP(E6,'gaku-jg'!6:10,3,0) -> 주택 의제 임차료 제외 | F8: =HLOOKUP(F6,'gaku-jg'!6:10,3,0) -> 민간주택 | G8: =HLOOKUP(G6,'gaku-jg'!6:10,3,0) -> 민간기업 설비 | H8: =HLOOKUP(H6,'gaku-jg'!6:10,3,0) -> 민간재고 변동 | I8: =HLOOKUP(I6,'gaku-jg'!6:10,3,0) -> 정부최종 소비지출 | ... L8: =HLOOKUP(L6,'gaku-jg'!6:10,3,0) -> 재화 및 서비스 | P8: =HLOOKUP(P6,'gaku-jg'!6:10,3,0) -> 해외로부터의 소득 | S8: =HLOOKUP(S6,'gaku-jg'!6:10,3,0) -> 국민총소득 | U8: =HLOOKUP(U6,'gaku-jg'!6:10,3,0) -> 국내수요 | V8: =HLOOKUP(V6,'gaku-jg'!6:10,3,0) -> 민간수요 | W8: =HLOOKUP(W6,'gaku-jg'!6:10,3,0) -> 공적수요 | Y8: =HLOOKUP(Y6,'gaku-jg'!6:10,3,0) -> 총고정 자본형성 | AA8: =HLOOKUP(AA6,'gaku-jg'!6:10,3,0) -> 최종수요
L9: =HLOOKUP(L7,'gaku-jg'!7:11,3,0) -> 순수출 | M9: =HLOOKUP(M7,'gaku-jg'!7:11,3,0) -> 수출 | N9: =HLOOKUP(N7,'gaku-jg'!7:11,3,0) -> 수입 | P9: =HLOOKUP(P7,'gaku-jg'!7:11,3,0) -> 순수취 | Q9: =HLOOKUP(Q7,'gaku-jg'!7:11,3,0) -> 수취 | R9: =HLOOKUP(R7,'gaku-jg'!7:11,3,0) -> 지불
A10: 2014/ 1- 3. | B10: 0.8 | C10: 2.2 | D10: 2.3 | E10: 2.8 | F10: 1.5 | G10: 2.7 | H10: *** | I10: 0.9 | J10: -1.5 | K10: *** | L10: *** | M10: 6 | N10: 7.7 | P10: *** | Q10: 4 | R10: 15.7 | S10: 0.8 | U10: 1.3 | V10: 1.6 | W10: 0.4 | Y10: 1.6 | AA10: 1.3
A11: 4- 6. | B11: 0.3 | C11: -3.1 | D11: -3.1 | E11: -3.7 | F11: -5.8 | G11: -1.5 | H11: *** | I11: 1 | J11: -1.2 | K11: *** | L11: *** | M11: 1.3 | N11: -5.7 | P11: *** | Q11: 2.3 | R11: 5.1 | S11: 0.3 | U11: -1.1 | V11: -1.6 | W11: 0.6 | Y11: -2.2 | AA11: -0.8
A12: 7- 9. | B12: 0.1 | C12: 1 | D12: 1.1 | E12: 1.3 | F12: -5.2 | G12: 1 | H12: *** | I12: 0.8 | J12: 3.1 | K12: *** | L12: *** | M12: 3.5 | N12: 3.8 | P12: *** | Q12: 8.3 | R12: 2.7 | S12: 0.4 | U12: 0.2 | V12: -0.2 | W12: 1.4 | Y12: 0.4 | AA12: 0.7
A13: 10-12. | B13: 0.7 | C13: 0.1 | D13: 0.1 | E13: 0.1 | F13: 0.2 | G13: 1 | H13: *** | I13: 0.4 | J13: 0 | K13: *** | L13: *** | M13: 5.3 | N13: 1.3 | P13: *** | Q13: 11.4 | R13: 7.4 | S13: 1.2 | U13: 0.1 | V13: 0 | W13: 0.1 | Y13: 0.7 | AA13: 1
A14: 2015/ 1- 3. | B14: 2.4 | C14: 0.4 | D14: 0.3 | E14: 0.4 | F14: 2.9 | G14: 5.2 | H14: *** | I14: 0.7 | J14: -3.7 | K14: *** | L14: *** | M14: -0.6 | N14: -5.9 | P14: *** | Q14: -7.1 | R14: 0.1 | S14: 1.9 | U14: 1.3 | V14: 1.8 | W14: -0.2 | Y14: 3 | AA14: 2.2
A15: 4- 6. | B15: 0.6 | C15: 0.5 | D15: 0.4 | E15: 0.5 | F15: 1.9 | G15: -1.1 | H15: *** | I15: -0.2 | J15: -0.9 | K15: *** | L15: *** | M15: -1.8 | N15: -2 | P15: *** | Q15: 4.9 | R15: 1.5 | S15: 0.9 | U15: 0.6 | V15: 0.9 | W15: -0.4 | Y15: -0.6 | AA15: 0.1
A16: 7- 9. | B16: 0.3 | C16: 0.3 | D16: 0.2 | E16: 0.3 | F16: 0.8 | G16: 1.5 | H16: *** | I16: 0.6 | J16: 0.1 | K16: *** | L16: *** | M16: 2.2 | N16: 1.4 | P16: *** | Q16: 1.1 | R16: 7.7 | S16: 0.2 | U16: 0.2 | V16: 0.1 | W16: 0.5 | Y16: 1.1 | AA16: 0.7
A17: 10-12. | B17: -0.1 | C17: -0.9 | D17: -0.9 | E17: -1.1 | F17: -0.3 | G17: -0.6 | H17: *** | I17: 1.2 | J17: 2 | K17: *** | L17: *** | M17: -4.9 | N17: -5.3 | P17: *** | Q17: 3.9 | R17: 2.8 | S17: 0.1 | U17: -0.2 | V17: -0.7 | W17: 1.3 | Y17: 0 | AA17: -0.2
A18: 2016/ 1- 3. | B18: 1.1 | C18: -0.3 | D18: -0.3 | E18: -0.4 | F18: -0.4 | G18: -1.1 | H18: *** | I18: 1.2 | J18: 2.6 | K18: *** | L18: *** | M18: -3.2 | N18: -9.3 | P18: *** | Q18: -6.7 | R18: -2.6 | S18: 0.7 | U18: 0.1 | V18: -0.4 | W18: 1.5 | Y18: -0.2 | AA18: 1.1
A19: 4- 6. | B19: -0.4 | C19: -0.5 | D19: -0.5 | E19: -0.6 | F19: 2.6 | G19: -0.1 | H19: *** | I19: -1.5 | J19: -3.5 | K19: *** | L19: *** | M19: -2.7 | N19: -3.3 | P19: *** | Q19: -2.2 | R19: 5.9 | S19: -0.6 | U19: -0.4 | V19: 0.1 | W19: -2 | Y19: -0.4 | AA19: -0.6
A20: 7- 9. | B20: 0 | C20: 0.3 | D20: 0.2 | E20: 0.3 | F20: 1.7 | G20: 0.2 | H20: *** | I20: 0.3 | J20: 0.4 | K20: *** | L20: *** | M20: 0.3 | N20: -0.9 | P20: *** | Q20: -1.4 | R20: 3.1 | S20: -0.1 | U20: -0.1 | V20: -0.3 | W20: 0.3 | Y20: 0.5 | AA20: 0.5
A21: 10-12. | B21: 0.2 | C21: 0.5 | D21: 0.5 | E21: 0.6 | F21: 1.1 | G21: 1 | H21: *** | I21: 0.1 | J21: 0.6 | K21: *** | L21: *** | M21: 4.6 | N21: 5.3 | P21: *** | Q21: 0.9 | R21: 0.3 | S21: 0.2 | U21: 0.2 | V21: 0.3 | W21: 0.2 | Y21: 0.9 | AA21: 0.5
... A55: 4- 6. | B55: 1.6 | C55: 0.4 | D55: 0.4 | E55: 0.5 | F55: 1.8 | G55: 1.3 | H55: *** | I55: 0.5 | J55: 0.3 | K55: *** | L55: *** | M55: -0.8 | N55: -4.8 | P55: *** | Q55: -4.3 | R55: 1.1 | S55: 1 | U55: 0.6 | V55: 0.7 | W55: 0.3 | Y55: 1.2 | AA55: 1.6

Sheet kiyo-mk
A1: 名目季節調整系列(寄与度) | P1: <参考> | AA1: (単位:％)
A2: =VLOOKUP(A1,目次!B:C,2,0) -> 명목, 계절조정계열, 기여도 | P2: <참고> | AA2: 단위: %
B4: 国内総生産 (支出側) | C4: 民間最終 消費支出 | D4: 家計最終 消費支出 | E4: 除く持ち家の 帰属家賃 | F4: 民間住宅 | G4: 民間企業 設備 | H4: 民間在庫 変動 | I4: 政府最終 消費支出 | J4: 公的固定 資本形成 | K4: 公的在庫 変動 | L4: 財貨・サービス | P4: 海外からの所得 | S4: 国民総所得 | U4: 国内需要 | V4: 民間需要 | W4: 公的需要 | Y4: 総固定 資本形成 | AA4: 最終需要
L5: 純輸出 | M5: 輸出 | N5: 輸入 | P5: 純受取 | Q5: 受取 | R5: 支払
B6: =HLOOKUP(B4,'gaku-jg'!4:8,3,0) -> GDP (Expenditure Approach) | C6: =HLOOKUP(C4,'gaku-jg'!4:8,3,0) -> Private Consumption | D6: =HLOOKUP(D4,'gaku-jg'!4:8,3,0) -> Consumption of Households | E6: =HLOOKUP(E4,'gaku-jg'!4:8,3,0) -> Excluding Imputed Rent | F6: =HLOOKUP(F4,'gaku-jg'!4:8,3,0) -> Private Residential Investment | G6: =HLOOKUP(G4,'gaku-jg'!4:8,3,0) -> Private Non-Resi. Investment | H6: =HLOOKUP(H4,'gaku-jg'!4:8,3,0) -> Change in Private Inventories | I6: =HLOOKUP(I4,'gaku-jg'!4:8,3,0) -> Government Consumption | ... L6: =HLOOKUP(L4,'gaku-jg'!4:8,3,0) -> Goods & Services | P6: =HLOOKUP(P4,'gaku-jg'!4:8,3,0) -> Income from /to the Rest of the World | S6: =HLOOKUP(S4,'gaku-jg'!4:8,3,0) -> GNI | U6: =HLOOKUP(U4,'gaku-jg'!4:8,3,0) -> Domestic Demand | V6: =HLOOKUP(V4,'gaku-jg'!4:8,3,0) -> Private Demand | W6: =HLOOKUP(W4,'gaku-jg'!4:8,3,0) -> Public Demand | Y6: =HLOOKUP(Y4,'gaku-jg'!4:8,3,0) -> Gross Fixed Capital Formation | AA6: =HLOOKUP(AA4,'gaku-jg'!4:8,3,0) -> Final Sales of Domestic Product
L7: =HLOOKUP(L5,'gaku-jg'!5:9,3,0) -> Net Exports | M7: =HLOOKUP(M5,'gaku-jg'!5:9,3,0) -> Exports | N7: =HLOOKUP(N5,'gaku-jg'!5:9,3,0) -> Imports | P7: =HLOOKUP(P5,'gaku-jg'!5:9,3,0) -> Net | Q7: =HLOOKUP(Q5,'gaku-jg'!5:9,3,0) -> Receipt | R7: =HLOOKUP(R5,'gaku-jg'!5:9,3,0) -> Payment
B8: =HLOOKUP(B6,'gaku-jg'!6:10,3,0) -> 국내총생산 (지출측) | C8: =HLOOKUP(C6,'gaku-jg'!6:10,3,0) -> 민간최종 소비지출 | D8: =HLOOKUP(D6,'gaku-jg'!6:10,3,0) -> 가계최종 소비지출 | E8: =HLOOKUP(E6,'gaku-jg'!6:10,3,0) -> 주택 의제 임차료 제외 | F8: =HLOOKUP(F6,'gaku-jg'!6:10,3,0) -> 민간주택 | G8: =HLOOKUP(G6,'gaku-jg'!6:10,3,0) -> 민간기업 설비 | H8: =HLOOKUP(H6,'gaku-jg'!6:10,3,0) -> 민간재고 변동 | I8: =HLOOKUP(I6,'gaku-jg'!6:10,3,0) -> 정부최종 소비지출 | ... L8: =HLOOKUP(L6,'gaku-jg'!6:10,3,0) -> 재화 및 서비스 | P8: =HLOOKUP(P6,'gaku-jg'!6:10,3,0) -> 해외로부터의 소득 | S8: =HLOOKUP(S6,'gaku-jg'!6:10,3,0) -> 국민총소득 | U8: =HLOOKUP(U6,'gaku-jg'!6:10,3,0) -> 국내수요 | V8: =HLOOKUP(V6,'gaku-jg'!6:10,3,0) -> 민간수요 | W8: =HLOOKUP(W6,'gaku-jg'!6:10,3,0) -> 공적수요 | Y8: =HLOOKUP(Y6,'gaku-jg'!6:10,3,0) -> 총고정 자본형성 | AA8: =HLOOKUP(AA6,'gaku-jg'!6:10,3,0) -> 최종수요
L9: =HLOOKUP(L7,'gaku-jg'!7:11,3,0) -> 순수출 | M9: =HLOOKUP(M7,'gaku-jg'!7:11,3,0) -> 수출 | N9: =HLOOKUP(N7,'gaku-jg'!7:11,3,0) -> 수입 | P9: =HLOOKUP(P7,'gaku-jg'!7:11,3,0) -> 순수취 | Q9: =HLOOKUP(Q7,'gaku-jg'!7:11,3,0) -> 수취 | R9: =HLOOKUP(R7,'gaku-jg'!7:11,3,0) -> 지불
A10: 2014/ 1- 3. | B10: 0.8 | C10: 1.3 | D10: 1.3 | E10: 1.3 | F10: 0.1 | G10: 0.4 | H10: -0.5 | I10: 0.2 | J10: -0.1 | K10: 0 | L10: -0.5 | M10: 1 | N10: -1.5 | P10: 0 | Q10: 0.2 | R10: -0.2 | S10: 0.8 | U10: 1.3 | V10: 1.2 | W10: 0.1 | Y10: 0.4 | AA10: 1.3
A11: 4- 6. | B11: 0.3 | C11: -1.9 | D11: -1.8 | E11: -1.8 | F11: -0.2 | G11: -0.2 | H11: 1.1 | I11: 0.2 | J11: -0.1 | K11: 0 | L11: 1.4 | M11: 0.2 | N11: 1.2 | P11: 0 | Q11: 0.1 | R11: -0.1 | S11: 0.3 | U11: -1.1 | V11: -1.3 | W11: 0.1 | Y11: -0.6 | AA11: -0.8
A12: 7- 9. | B12: 0.1 | C12: 0.5 | D12: 0.6 | E12: 0.6 | F12: -0.2 | G12: 0.2 | H12: -0.6 | I12: 0.2 | J12: 0.2 | K12: 0 | L12: -0.1 | M12: 0.6 | N12: -0.7 | P12: 0.4 | Q12: 0.4 | R12: 0 | S12: 0.4 | U12: 0.2 | V12: -0.1 | W12: 0.3 | Y12: 0.1 | AA12: 0.7
A13: 10-12. | B13: 0.7 | C13: 0 | D13: 0 | E13: 0.1 | F13: 0 | G13: 0.2 | H13: -0.2 | I13: 0.1 | J13: 0 | K13: 0 | L13: 0.7 | M13: 0.9 | N13: -0.3 | P13: 0.5 | Q13: 0.6 | R13: -0.1 | S13: 1.2 | U13: 0.1 | V13: 0 | W13: 0 | Y13: 0.2 | AA13: 1
A14: 2015/ 1- 3. | B14: 2.4 | C14: 0.2 | D14: 0.2 | E14: 0.2 | F14: 0.1 | G14: 0.8 | H14: 0.2 | I14: 0.1 | J14: -0.2 | K14: 0 | L14: 1.1 | M14: -0.1 | N14: 1.2 | P14: -0.4 | Q14: -0.4 | R14: 0 | S14: 1.9 | U14: 1.3 | V14: 1.4 | W14: 0 | Y14: 0.7 | AA14: 2.2
A15: 4- 6. | B15: 0.6 | C15: 0.3 | D15: 0.2 | E15: 0.2 | F15: 0.1 | G15: -0.2 | H15: 0.5 | I15: 0 | J15: 0 | K15: 0 | L15: 0.1 | M15: -0.3 | N15: 0.4 | P15: 0.2 | Q15: 0.3 | R15: 0 | S15: 0.9 | U15: 0.6 | V15: 0.7 | W15: -0.1 | Y15: -0.2 | AA15: 0.1
A16: 7- 9. | B16: 0.3 | C16: 0.2 | D16: 0.1 | E16: 0.1 | F16: 0 | G16: 0.2 | H16: -0.4 | I16: 0.1 | J16: 0 | K16: 0 | L16: 0.1 | M16: 0.4 | N16: -0.3 | P16: -0.1 | Q16: 0.1 | R16: -0.1 | S16: 0.2 | U16: 0.2 | V16: 0.1 | W16: 0.1 | Y16: 0.3 | AA16: 0.7
A17: 10-12. | B17: -0.1 | C17: -0.5 | D17: -0.5 | E17: -0.5 | F17: 0 | G17: -0.1 | H17: 0 | I17: 0.2 | J17: 0.1 | K17: 0 | L17: 0.1 | M17: -0.9 | N17: 1 | P17: 0.2 | Q17: 0.2 | R17: 0 | S17: 0.1 | U17: -0.2 | V17: -0.5 | W17: 0.3 | Y17: 0 | AA17: -0.2
A18: 2016/ 1- 3. | B18: 1.1 | C18: -0.2 | D18: -0.2 | E18: -0.2 | F18: 0 | G18: -0.2 | H18: 0 | I18: 0.2 | J18: 0.1 | K18: 0 | L18: 1.1 | M18: -0.5 | N18: 1.6 | P18: -0.3 | Q18: -0.4 | R18: 0 | S18: 0.7 | U18: 0.1 | V18: -0.3 | W18: 0.4 | Y18: -0.1 | AA18: 1.1
A19: 4- 6. | B19: -0.4 | C19: -0.3 | D19: -0.3 | E19: -0.3 | F19: 0.1 | G19: 0 | H19: 0.3 | I19: -0.3 | J19: -0.2 | K19: 0 | L19: 0.1 | M19: -0.4 | N19: 0.5 | P19: -0.2 | Q19: -0.1 | R19: -0.1 | S19: -0.6 | U19: -0.4 | V19: 0.1 | W19: -0.5 | Y19: -0.1 | AA19: -0.6
A20: 7- 9. | B20: 0 | C20: 0.1 | D20: 0.1 | E20: 0.1 | F20: 0.1 | G20: 0 | H20: -0.5 | I20: 0.1 | J20: 0 | K20: 0 | L20: 0.2 | M20: 0.1 | N20: 0.1 | P20: -0.1 | Q20: -0.1 | R20: -0.1 | S20: -0.1 | U20: -0.1 | V20: -0.2 | W20: 0.1 | Y20: 0.1 | AA20: 0.5
A21: 10-12. | B21: 0.2 | C21: 0.3 | D21: 0.3 | E21: 0.3 | F21: 0 | G21: 0.2 | H21: -0.3 | I21: 0 | J21: 0 | K21: 0 | L21: -0.1 | M21: 0.7 | N21: -0.8 | P21: 0 | Q21: 0 | R21: 0 | S21: 0.2 | U21: 0.2 | V21: 0.2 | W21: 0 | Y21: 0.2 | AA21: 0.5
... A55: 4- 6. | B55: 1.6 | C55: 0.2 | D55: 0.2 | E55: 0.2 | F55: 0.1 | G55: 0.2 | H55: 0 | I55: 0.1 | J55: 0 | K55: 0 | L55: 1 | M55: -0.2 | N55: 1.2 | P55: -0.5 | Q55: -0.4 | R55: 0 | S55: 1 | U55: 0.6 | V55: 0.5 | W55: 0.1 | Y55: 0.3 | AA55: 1.6
A57: ＊国内総生産(支出側)、国民総所得は前期比
A58: 국내총생산(지출측), 국민총소득은 전기비.
A60: ＊国内総生産(支出側)に対する寄与度、ただし海外からの所得は国民総所得に対する寄与度
A61: =HLOOKUP(A60,'kiyo-mg'!A60:A61,2,0) -> 국내총생산(지출측)에 대한 기여도, 다만 해외로부터의 소득은 국민총소득에 대한 기여도.
A63: ＊寄与度は次式により算出した。寄与度＝（当期の実数－前期の実数）÷前期の国内総生産(支出側)（または国民総所得）×１００
A64: 기여도는 다음 식에 의해 산출되었습니다. 기여도 = (당기의 실수 - 전기의 실수) ÷ 전년 동기의 국내총생산(지출측) (또는 국민총소득) × 100
A66: ＊四捨五入の関係上、各項目の寄与度の合計は必ずしも国内総生産(支出側)、もしくは国民総所得の増加率には一致しない。
A67: =HLOOKUP(A66,'kiyo-mg'!A66:A67,2,0) -> 반올림의 관계상, 각 항목의 기여도 합계는 반드시 국내총생산(지출측) 혹은 국민총소득의 증가율과 일치하지 않습니다.
A69: ＊財貨・サービスの輸入は国内総生産(支出側)、海外からの所得支払は国民総所得の控除項目となるので、寄与度は逆符号で表示した。例えば、財貨・サービスの輸入が増加すると、寄与度はマイナスの符号となる。
A70: =HLOOKUP(A69,'kiyo-mg'!A69:A70,2,0) -> 반올림의 관계상, 각 항목의 기여도 합계는 반드시 국내총생산(지출측) 혹은 국민총소득의 증가율과 일치하지 않습니다.

Sheet nritu-mk
A1: 名目季節調整系列(年率) | P1: <参考> | X1: (単位:％)
A2: =VLOOKUP(A1,目次!B:C,2,0) -> 명목, 계절조정계열, 연율 | P2: <참고> | X2: 단위: %
B4: 国内総生産 (支出側) | C4: 民間最終 消費支出 | D4: 家計最終 消費支出 | E4: 除く持ち家の 帰属家賃 | F4: 民間住宅 | G4: 民間企業 設備 | H4: 民間在庫 変動 | I4: 政府最終 消費支出 | J4: 公的固定 資本形成 | K4: 公的在庫 変動 | L4: 財貨・サービス | P4: 国民総所得 | R4: 国内需要 | S4: 民間需要 | T4: 公的需要 | V4: 総固定 資本形成 | X4: 最終需要
L5: 純輸出 | M5: 輸出 | N5: 輸入
B6: =HLOOKUP(B4,'gaku-jg'!4:8,3,0) -> GDP (Expenditure Approach) | C6: =HLOOKUP(C4,'gaku-jg'!4:8,3,0) -> Private Consumption | D6: =HLOOKUP(D4,'gaku-jg'!4:8,3,0) -> Consumption of Households | E6: =HLOOKUP(E4,'gaku-jg'!4:8,3,0) -> Excluding Imputed Rent | F6: =HLOOKUP(F4,'gaku-jg'!4:8,3,0) -> Private Residential Investment | G6: =HLOOKUP(G4,'gaku-jg'!4:8,3,0) -> Private Non-Resi. Investment | H6: =HLOOKUP(H4,'gaku-jg'!4:8,3,0) -> Change in Private Inventories | I6: =HLOOKUP(I4,'gaku-jg'!4:8,3,0) -> Government Consumption | ... L6: =HLOOKUP(L4,'gaku-jg'!4:8,3,0) -> Goods & Services | P6: =HLOOKUP(P4,'gaku-jg'!4:8,3,0) -> GNI | R6: =HLOOKUP(R4,'gaku-jg'!4:8,3,0) -> Domestic Demand | S6: =HLOOKUP(S4,'gaku-jg'!4:8,3,0) -> Private Demand | T6: =HLOOKUP(T4,'gaku-jg'!4:8,3,0) -> Public Demand | V6: =HLOOKUP(V4,'gaku-jg'!4:8,3,0) -> Gross Fixed Capital Formation | X6: =HLOOKUP(X4,'gaku-jg'!4:8,3,0) -> Final Sales of Domestic Product
L7: =HLOOKUP(L5,'gaku-jg'!5:9,3,0) -> Net Exports | M7: =HLOOKUP(M5,'gaku-jg'!5:9,3,0) -> Exports | N7: =HLOOKUP(N5,'gaku-jg'!5:9,3,0) -> Imports
B8: =HLOOKUP(B6,'gaku-jg'!6:10,3,0) -> 국내총생산 (지출측) | C8: =HLOOKUP(C6,'gaku-jg'!6:10,3,0) -> 민간최종 소비지출 | D8: =HLOOKUP(D6,'gaku-jg'!6:10,3,0) -> 가계최종 소비지출 | E8: =HLOOKUP(E6,'gaku-jg'!6:10,3,0) -> 주택 의제 임차료 제외 | F8: =HLOOKUP(F6,'gaku-jg'!6:10,3,0) -> 민간주택 | G8: =HLOOKUP(G6,'gaku-jg'!6:10,3,0) -> 민간기업 설비 | H8: =HLOOKUP(H6,'gaku-jg'!6:10,3,0) -> 민간재고 변동 | I8: =HLOOKUP(I6,'gaku-jg'!6:10,3,0) -> 정부최종 소비지출 | ... L8: =HLOOKUP(L6,'gaku-jg'!6:10,3,0) -> 재화 및 서비스 | P8: =HLOOKUP(P6,'gaku-jg'!6:10,3,0) -> 국민총소득 | R8: =HLOOKUP(R6,'gaku-jg'!6:10,3,0) -> 국내수요 | S8: =HLOOKUP(S6,'gaku-jg'!6:10,3,0) -> 민간수요 | T8: =HLOOKUP(T6,'gaku-jg'!6:10,3,0) -> 공적수요 | V8: =HLOOKUP(V6,'gaku-jg'!6:10,3,0) -> 총고정 자본형성 | X8: =HLOOKUP(X6,'gaku-jg'!6:10,3,0) -> 최종수요
L9: =HLOOKUP(L7,'gaku-jg'!7:11,3,0) -> 순수출 | M9: =HLOOKUP(M7,'gaku-jg'!7:11,3,0) -> 수출 | N9: =HLOOKUP(N7,'gaku-jg'!7:11,3,0) -> 수입
A10: 2014/ 1- 3. | B10: 3.3 | C10: 9 | D10: 9.5 | E10: 11.6 | F10: 6.3 | G10: 11.4 | H10: *** | I10: 3.5 | J10: -5.9 | K10: *** | L10: *** | M10: 26.5 | N10: 34.7 | P10: 3.1 | R10: 5.2 | S10: 6.5 | T10: 1.5 | V10: 6.7 | X10: 5.4
A11: 4- 6. | B11: 1 | C11: -12 | D11: -11.9 | E11: -14 | F11: -21.2 | G11: -6.1 | H11: *** | I11: 4.2 | J11: -4.5 | K11: *** | L11: *** | M11: 5.3 | N11: -20.9 | P11: 1.2 | R11: -4.3 | S11: -6.3 | T11: 2.4 | V11: -8.4 | X11: -3.2
A12: 7- 9. | B12: 0.2 | C12: 3.9 | D12: 4.3 | E12: 5.3 | F12: -19.2 | G12: 3.9 | H12: *** | I12: 3.4 | J12: 12.8 | K12: *** | L12: *** | M12: 14.9 | N12: 16.1 | P12: 1.7 | R12: 0.8 | S12: -0.7 | T12: 5.5 | V12: 1.7 | X12: 2.8
A13: 10-12. | B13: 3 | C13: 0.3 | D13: 0.3 | E13: 0.5 | F13: 0.7 | G13: 4 | H13: *** | I13: 1.4 | J13: 0 | K13: *** | L13: *** | M13: 23.2 | N13: 5.2 | P13: 4.8 | R13: 0.2 | S13: 0.1 | T13: 0.6 | V13: 2.6 | X13: 3.9
A14: 2015/ 1- 3. | B14: 10 | C14: 1.5 | D14: 1.2 | E14: 1.5 | F14: 12 | G14: 22.5 | H14: *** | I14: 2.8 | J14: -14 | K14: *** | L14: *** | M14: -2.3 | N14: -21.6 | P14: 7.9 | R14: 5.4 | S14: 7.4 | T14: -0.7 | V14: 12.4 | X14: 9
A15: 4- 6. | B15: 2.6 | C15: 2 | D15: 1.6 | E15: 2 | F15: 7.6 | G15: -4.4 | H15: *** | I15: -0.7 | J15: -3.4 | K15: *** | L15: *** | M15: -6.9 | N15: -7.9 | P15: 3.5 | R15: 2.3 | S15: 3.7 | T15: -1.7 | V15: -2.4 | X15: 0.6
A16: 7- 9. | B16: 1.3 | C16: 1.2 | D16: 0.9 | E16: 1.2 | F16: 3.2 | G16: 6.3 | H16: *** | I16: 2.3 | J16: 0.4 | K16: *** | L16: *** | M16: 9 | N16: 5.8 | P16: 1 | R16: 0.8 | S16: 0.4 | T16: 1.9 | V16: 4.6 | X16: 2.8
A17: 10-12. | B17: -0.4 | C17: -3.4 | D17: -3.6 | E17: -4.3 | F17: -1.2 | G17: -2.3 | H17: *** | I17: 4.7 | J17: 8.2 | K17: *** | L17: *** | M17: -18.1 | N17: -19.7 | P17: 0.2 | R17: -0.9 | S17: -2.8 | T17: 5.5 | V17: -0.1 | X17: -0.6
A18: 2016/ 1- 3. | B18: 4.5 | C18: -1.2 | D18: -1.4 | E18: -1.5 | F18: -1.5 | G18: -4.3 | H18: *** | I18: 4.9 | J18: 10.7 | K18: *** | L18: *** | M18: -12.3 | N18: -32.3 | P18: 3 | R18: 0.2 | S18: -1.6 | T18: 6 | V18: -1 | X18: 4.3
A19: 4- 6. | B19: -1.4 | C19: -1.9 | D19: -2.1 | E19: -2.4 | F19: 10.7 | G19: -0.5 | H19: *** | I19: -5.8 | J19: -13.1 | K19: *** | L19: *** | M19: -10.4 | N19: -12.7 | P19: -2.2 | R19: -1.7 | S19: 0.3 | T19: -7.7 | V19: -1.6 | X19: -2.3
A20: 7- 9. | B20: 0.2 | C20: 1 | D20: 0.9 | E20: 1.2 | F20: 6.8 | G20: 0.8 | H20: *** | I20: 1.4 | J20: 1.6 | K20: *** | L20: *** | M20: 1.3 | N20: -3.6 | P20: -0.4 | R20: -0.6 | S20: -1.2 | T20: 1.2 | V20: 1.9 | X20: 2.1
A21: 10-12. | B21: 0.7 | C21: 2.1 | D21: 2 | E21: 2.5 | F21: 4.5 | G21: 4.2 | H21: *** | I21: 0.5 | J21: 2.3 | K21: *** | L21: *** | M21: 19.8 | N21: 23 | P21: 0.9 | R21: 1 | S21: 1 | T21: 0.8 | V21: 3.8 | X21: 1.9
... A55: 4- 6. | B55: 6.6 | C55: 1.7 | D55: 1.6 | E55: 1.9 | F55: 7.5 | G55: 5.1 | H55: *** | I55: 2 | J55: 1.4 | K55: *** | L55: *** | M55: -3.3 | N55: -18 | P55: 4.1 | R55: 2.5 | S55: 2.9 | T55: 1.4 | V55: 4.7 | X55: 6.6
A57: ＊年率表示の成長率は、名目季節調整値を用いて次式により算出した。年率表示の成長率＝｛(当期の実数÷前期の実数)の4乗－１｝×１００
A58: 연율 표시의 성장률은 명목 계절조정치를 이용하여 다음의 식에 의해 산출되었습니다. 연율 표시의 성장률 = {(당기의 실수 ÷ 전기의 실수)⁴ - 1} × 100

Sheet def-qg
A1: 四半期デフレーター原系列 | P1: <参考> | Y1: (2015暦年＝100)
A2: =VLOOKUP(A1,目次!B:C,2,0) -> 사분기 디플레이터, 원계열 | P2: <참고> | Y2: 2015년 = 100
B4: 国内総生産 (支出側) | C4: 民間最終 消費支出 | D4: 家計最終 消費支出 | E4: 除く持ち家の 帰属家賃 | F4: 民間住宅 | G4: 民間企業 設備 | H4: 民間在庫 変動 | I4: 政府最終 消費支出 | J4: 公的固定 資本形成 | K4: 公的在庫 変動 | L4: 財貨・サービス | P4: 海外からの所得 | S4: 国民総所得 | U4: 国内需要 | V4: 民間需要 | W4: 公的需要 | Y4: 総固定 資本形成 | AA4: 最終需要
L5: 純輸出 | M5: 輸出 | N5: 輸入 | P5: 純受取 | Q5: 受取 | R5: 支払
B6: =HLOOKUP(B4,'gaku-jg'!4:8,3,0) -> GDP (Expenditure Approach) | C6: =HLOOKUP(C4,'gaku-jg'!4:8,3,0) -> Private Consumption | D6: =HLOOKUP(D4,'gaku-jg'!4:8,3,0) -> Consumption of Households | E6: =HLOOKUP(E4,'gaku-jg'!4:8,3,0) -> Excluding Imputed Rent | F6: =HLOOKUP(F4,'gaku-jg'!4:8,3,0) -> Private Residential Investment | G6: =HLOOKUP(G4,'gaku-jg'!4:8,3,0) -> Private Non-Resi. Investment | H6: =HLOOKUP(H4,'gaku-jg'!4:8,3,0) -> Change in Private Inventories | I6: =HLOOKUP(I4,'gaku-jg'!4:8,3,0) -> Government Consumption | ... L6: =HLOOKUP(L4,'gaku-jg'!4:8,3,0) -> Goods & Services | P6: =HLOOKUP(P4,'gaku-jg'!4:8,3,0) -> Income from /to the Rest of the World | S6: =HLOOKUP(S4,'gaku-jg'!4:8,3,0) -> GNI | U6: =HLOOKUP(U4,'gaku-jg'!4:8,3,0) -> Domestic Demand | V6: =HLOOKUP(V4,'gaku-jg'!4:8,3,0) -> Private Demand | W6: =HLOOKUP(W4,'gaku-jg'!4:8,3,0) -> Public Demand | Y6: =HLOOKUP(Y4,'gaku-jg'!4:8,3,0) -> Gross Fixed Capital Formation | AA6: =HLOOKUP(AA4,'gaku-jg'!4:8,3,0) -> Final Sales of Domestic Product
L7: =HLOOKUP(L5,'gaku-jg'!5:9,3,0) -> Net Exports | M7: =HLOOKUP(M5,'gaku-jg'!5:9,3,0) -> Exports | N7: =HLOOKUP(N5,'gaku-jg'!5:9,3,0) -> Imports | P7: =HLOOKUP(P5,'gaku-jg'!5:9,3,0) -> Net | Q7: =HLOOKUP(Q5,'gaku-jg'!5:9,3,0) -> Receipt | R7: =HLOOKUP(R5,'gaku-jg'!5:9,3,0) -> Payment
B8: =HLOOKUP(B6,'gaku-jg'!6:10,3,0) -> 국내총생산 (지출측) | C8: =HLOOKUP(C6,'gaku-jg'!6:10,3,0) -> 민간최종 소비지출 | D8: =HLOOKUP(D6,'gaku-jg'!6:10,3,0) -> 가계최종 소비지출 | E8: =HLOOKUP(E6,'gaku-jg'!6:10,3,0) -> 주택 의제 임차료 제외 | F8: =HLOOKUP(F6,'gaku-jg'!6:10,3,0) -> 민간주택 | G8: =HLOOKUP(G6,'gaku-jg'!6:10,3,0) -> 민간기업 설비 | H8: =HLOOKUP(H6,'gaku-jg'!6:10,3,0) -> 민간재고 변동 | I8: =HLOOKUP(I6,'gaku-jg'!6:10,3,0) -> 정부최종 소비지출 | ... L8: =HLOOKUP(L6,'gaku-jg'!6:10,3,0) -> 재화 및 서비스 | P8: =HLOOKUP(P6,'gaku-jg'!6:10,3,0) -> 해외로부터의 소득 | S8: =HLOOKUP(S6,'gaku-jg'!6:10,3,0) -> 국민총소득 | U8: =HLOOKUP(U6,'gaku-jg'!6:10,3,0) -> 국내수요 | V8: =HLOOKUP(V6,'gaku-jg'!6:10,3,0) -> 민간수요 | W8: =HLOOKUP(W6,'gaku-jg'!6:10,3,0) -> 공적수요 | Y8: =HLOOKUP(Y6,'gaku-jg'!6:10,3,0) -> 총고정 자본형성 | AA8: =HLOOKUP(AA6,'gaku-jg'!6:10,3,0) -> 최종수요
L9: =HLOOKUP(L7,'gaku-jg'!7:11,3,0) -> 순수출 | M9: =HLOOKUP(M7,'gaku-jg'!7:11,3,0) -> 수출 | N9: =HLOOKUP(N7,'gaku-jg'!7:11,3,0) -> 수입 | P9: =HLOOKUP(P7,'gaku-jg'!7:11,3,0) -> 순수취 | Q9: =HLOOKUP(Q7,'gaku-jg'!7:11,3,0) -> 수취 | R9: =HLOOKUP(R7,'gaku-jg'!7:11,3,0) -> 지불
A10: 2014/ 1- 3. | B10: 95.1 | C10: 97.6 | D10: 97.7 | E10: 97.1 | F10: 96.8 | G10: 98.6 | H10: *** | I10: 92.7 | J10: 96.7 | K10: *** | L10: *** | M10: 98.7 | N10: 107.8 | P10: *** | Q10: 96.8 | R10: 96.8 | S10: 96.5 | U10: 96.8 | V10: 97.8 | W10: 93.7 | Y10: 97.9 | AA10: 95.1
A11: 4- 6. | B11: 99.6 | C11: 100.2 | D11: 100.1 | E11: 100.1 | F11: 99.8 | G11: 99.1 | H11: *** | I11: 106.2 | J11: 99.4 | K11: *** | L11: *** | M11: 97.8 | N11: 106.6 | P11: *** | Q11: 101.1 | R11: 101.1 | S11: 101.1 | U11: 101.1 | V11: 99.9 | W11: 104.9 | Y11: 99.3 | AA11: 99.6
A12: 7- 9. | B12: 96.8 | C12: 99.7 | D12: 99.9 | E12: 99.8 | F12: 99.8 | G12: 99.3 | H12: *** | I12: 93.4 | J12: 99.5 | K12: *** | L12: *** | M12: 98.4 | N12: 107.3 | P12: *** | Q12: 98.4 | R12: 98.4 | S12: 98.3 | U12: 98.4 | V12: 99.6 | W12: 94.7 | Y12: 99.4 | AA12: 96.8
A13: 10-12. | B13: 100.3 | C13: 100.3 | D13: 100.1 | E13: 100 | F13: 100 | G13: 99.8 | H13: *** | I13: 107 | J13: 99.8 | K13: *** | L13: *** | M13: 102.5 | N13: 109.2 | P13: *** | Q13: 101.5 | R13: 101.5 | S13: 101.4 | U13: 101.5 | V13: 100.2 | W13: 105.4 | Y13: 99.9 | AA13: 100.3
A14: 2015/ 1- 3. | B14: 98.2 | C14: 99.2 | D14: 99.3 | E14: 99.2 | F14: 99.7 | G14: 99.8 | H14: *** | I14: 94.1 | J14: 99.7 | K14: *** | L14: *** | M14: 100.7 | N14: 101.8 | P14: *** | Q14: 98.4 | R14: 98.4 | S14: 98.4 | U14: 98.4 | V14: 99.4 | W14: 95.4 | Y14: 99.7 | AA14: 98.2
A15: 4- 6. | B15: 101.2 | C15: 100.5 | D15: 100.4 | E15: 100.5 | F15: 99.8 | G15: 100.1 | H15: *** | I15: 105.9 | J15: 100.1 | K15: *** | L15: *** | M15: 101.2 | N15: 102.3 | P15: *** | Q15: 101.4 | R15: 101.4 | S15: 101.4 | U15: 101.4 | V15: 100.3 | W15: 104.9 | Y15: 100 | AA15: 101.3
A16: 7- 9. | B16: 98.7 | C16: 99.9 | D16: 100 | E16: 100 | F16: 100.2 | G16: 100.1 | H16: *** | I16: 93.1 | J16: 100.1 | K16: *** | L16: *** | M16: 100.2 | N16: 99.8 | P16: *** | Q16: 98.6 | R16: 98.6 | S16: 98.6 | U16: 98.6 | V16: 99.9 | W16: 94.5 | Y16: 100.1 | AA16: 98.7
A17: 10-12. | B17: 101.9 | C17: 100.5 | D17: 100.2 | E17: 100.3 | F17: 100.3 | G17: 100.1 | H17: *** | I17: 106.8 | J17: 100.2 | K17: *** | L17: *** | M17: 97.9 | N17: 96.3 | P17: *** | Q17: 101.6 | R17: 101.6 | S17: 101.6 | U17: 101.6 | V17: 100.3 | W17: 105.4 | Y17: 100.1 | AA17: 102
A18: 2016/ 1- 3. | B18: 99.2 | C18: 99 | D18: 99.2 | E18: 99.1 | F18: 99.4 | G18: 99.2 | H18: *** | I18: 94.4 | J18: 98.9 | K18: *** | L18: *** | M18: 94 | N18: 87.9 | P18: *** | Q18: 98.1 | R18: 98.1 | S18: 98.1 | U18: 98.1 | V18: 99.1 | W18: 95.4 | Y18: 99.2 | AA18: 99.2
A19: 4- 6. | B19: 101.7 | C19: 100 | D19: 100 | E19: 100.1 | F19: 99.2 | G19: 99 | H19: *** | I19: 105.7 | J19: 98.9 | K19: *** | L19: *** | M19: 91.2 | N19: 86.1 | P19: *** | Q19: 100.8 | R19: 100.8 | S19: 100.7 | U19: 100.8 | V19: 99.6 | W19: 104.6 | Y19: 99 | AA19: 101.9
A20: 7- 9. | B20: 98.7 | C20: 99.2 | D20: 99.4 | E20: 99.4 | F20: 99.2 | G20: 98.7 | H20: *** | I20: 92.8 | J20: 98.9 | K20: *** | L20: *** | M20: 88.9 | N20: 84.3 | P20: *** | Q20: 97.9 | R20: 97.9 | S20: 97.8 | U20: 97.9 | V20: 99.1 | W20: 93.9 | Y20: 98.8 | AA20: 98.6
A21: 10-12. | B21: 102 | C21: 100.5 | D21: 100.2 | E21: 100.4 | F21: 100.2 | G21: 99.3 | H21: *** | I21: 106.2 | J21: 100 | K21: *** | L21: *** | M21: 92.6 | N21: 88.8 | P21: *** | Q21: 101.3 | R21: 101.3 | S21: 101.3 | U21: 101.3 | V21: 100.2 | W21: 104.9 | Y21: 99.6 | AA21: 102
... A55: 4- 6. | B55: 113.7 | C55: 113.3 | D55: 113.3 | E55: 116.8 | F55: 125.4 | G55: 117.3 | H55: *** | I55: 112.8 | J55: 123.4 | K55: *** | L55: *** | M55: 120.3 | N55: 125.9 | P55: *** | Q55: 114.8 | R55: 114.8 | S55: 114.8 | U55: 114.8 | V55: 114.7 | W55: 115.1 | Y55: 119.7 | AA55: 113.8
A57: ＊四半期デフレーター原系列＝（名目原系列 / 実質原系列）×１００
A58: 사분기 디플레이터 원계열 = (명목 원계열 / 실질 원계열) × 100

Sheet rdef-qg
A1: 四半期デフレーター原系列(前年同期比) | P1: <参考> | W1: (2015暦年＝100) | AA1: (単位:％)
A2: =VLOOKUP(A1,目次!B:C,2,0) -> 사분기 디플레이터, 원계열, 전년동기비 | P2: <참고> | W2: 2015년 = 100 | AA2: 단위: %
B4: 国内総生産 (支出側) | C4: 民間最終 消費支出 | D4: 家計最終 消費支出 | E4: 除く持ち家の 帰属家賃 | F4: 民間住宅 | G4: 民間企業 設備 | H4: 民間在庫 変動 | I4: 政府最終 消費支出 | J4: 公的固定 資本形成 | K4: 公的在庫 変動 | L4: 財貨・サービス | P4: 海外からの所得 | S4: 国民総所得 | U4: 国内需要 | V4: 民間需要 | W4: 公的需要 | Y4: 総固定 資本形成 | AA4: 最終需要
L5: 純輸出 | M5: 輸出 | N5: 輸入 | P5: 純受取 | Q5: 受取 | R5: 支払
B6: =HLOOKUP(B4,'gaku-jg'!4:8,3,0) -> GDP (Expenditure Approach) | C6: =HLOOKUP(C4,'gaku-jg'!4:8,3,0) -> Private Consumption | D6: =HLOOKUP(D4,'gaku-jg'!4:8,3,0) -> Consumption of Households | E6: =HLOOKUP(E4,'gaku-jg'!4:8,3,0) -> Excluding Imputed Rent | F6: =HLOOKUP(F4,'gaku-jg'!4:8,3,0) -> Private Residential Investment | G6: =HLOOKUP(G4,'gaku-jg'!4:8,3,0) -> Private Non-Resi. Investment | H6: =HLOOKUP(H4,'gaku-jg'!4:8,3,0) -> Change in Private Inventories | I6: =HLOOKUP(I4,'gaku-jg'!4:8,3,0) -> Government Consumption | ... L6: =HLOOKUP(L4,'gaku-jg'!4:8,3,0) -> Goods & Services | P6: =HLOOKUP(P4,'gaku-jg'!4:8,3,0) -> Income from /to the Rest of the World | S6: =HLOOKUP(S4,'gaku-jg'!4:8,3,0) -> GNI | U6: =HLOOKUP(U4,'gaku-jg'!4:8,3,0) -> Domestic Demand | V6: =HLOOKUP(V4,'gaku-jg'!4:8,3,0) -> Private Demand | W6: =HLOOKUP(W4,'gaku-jg'!4:8,3,0) -> Public Demand | Y6: =HLOOKUP(Y4,'gaku-jg'!4:8,3,0) -> Gross Fixed Capital Formation | AA6: =HLOOKUP(AA4,'gaku-jg'!4:8,3,0) -> Final Sales of Domestic Product
L7: =HLOOKUP(L5,'gaku-jg'!5:9,3,0) -> Net Exports | M7: =HLOOKUP(M5,'gaku-jg'!5:9,3,0) -> Exports | N7: =HLOOKUP(N5,'gaku-jg'!5:9,3,0) -> Imports | P7: =HLOOKUP(P5,'gaku-jg'!5:9,3,0) -> Net | Q7: =HLOOKUP(Q5,'gaku-jg'!5:9,3,0) -> Receipt | R7: =HLOOKUP(R5,'gaku-jg'!5:9,3,0) -> Payment
B8: =HLOOKUP(B6,'gaku-jg'!6:10,3,0) -> 국내총생산 (지출측) | C8: =HLOOKUP(C6,'gaku-jg'!6:10,3,0) -> 민간최종 소비지출 | D8: =HLOOKUP(D6,'gaku-jg'!6:10,3,0) -> 가계최종 소비지출 | E8: =HLOOKUP(E6,'gaku-jg'!6:10,3,0) -> 주택 의제 임차료 제외 | F8: =HLOOKUP(F6,'gaku-jg'!6:10,3,0) -> 민간주택 | G8: =HLOOKUP(G6,'gaku-jg'!6:10,3,0) -> 민간기업 설비 | H8: =HLOOKUP(H6,'gaku-jg'!6:10,3,0) -> 민간재고 변동 | I8: =HLOOKUP(I6,'gaku-jg'!6:10,3,0) -> 정부최종 소비지출 | ... L8: =HLOOKUP(L6,'gaku-jg'!6:10,3,0) -> 재화 및 서비스 | P8: =HLOOKUP(P6,'gaku-jg'!6:10,3,0) -> 해외로부터의 소득 | S8: =HLOOKUP(S6,'gaku-jg'!6:10,3,0) -> 국민총소득 | U8: =HLOOKUP(U6,'gaku-jg'!6:10,3,0) -> 국내수요 | V8: =HLOOKUP(V6,'gaku-jg'!6:10,3,0) -> 민간수요 | W8: =HLOOKUP(W6,'gaku-jg'!6:10,3,0) -> 공적수요 | Y8: =HLOOKUP(Y6,'gaku-jg'!6:10,3,0) -> 총고정 자본형성 | AA8: =HLOOKUP(AA6,'gaku-jg'!6:10,3,0) -> 최종수요
L9: =HLOOKUP(L7,'gaku-jg'!7:11,3,0) -> 순수출 | M9: =HLOOKUP(M7,'gaku-jg'!7:11,3,0) -> 수출 | N9: =HLOOKUP(N7,'gaku-jg'!7:11,3,0) -> 수입 | P9: =HLOOKUP(P7,'gaku-jg'!7:11,3,0) -> 순수취 | Q9: =HLOOKUP(Q7,'gaku-jg'!7:11,3,0) -> 수취 | R9: =HLOOKUP(R7,'gaku-jg'!7:11,3,0) -> 지불
A10: 2014/ 1- 3. | B10: 0.3 | C10: 0.8 | D10: 0.8 | E10: 1.1 | F10: 2.5 | G10: 1 | H10: *** | I10: -0.2 | J10: 1.9 | K10: *** | L10: *** | M10: 4.1 | N10: 6.2 | P10: *** | Q10: 0.8 | R10: 0.8 | S10: 0.7 | U10: 0.8 | V10: 1 | W10: 0.3 | Y10: 1.4 | AA10: 0.2
A11: 4- 6. | B11: 2.1 | C11: 2.7 | D11: 2.8 | E11: 3.6 | F11: 4.7 | G11: 1.2 | H11: *** | I11: 1.8 | J11: 4.2 | K11: *** | L11: *** | M11: 0.8 | N11: 2.3 | P11: *** | Q11: 2.4 | R11: 2.4 | S11: 2.5 | U11: 2.4 | V11: 2.5 | W11: 2.2 | Y11: 2.4 | AA11: 2.2
A12: 7- 9. | B12: 2 | C12: 2.6 | D12: 2.6 | E12: 3.3 | F12: 3.9 | G12: 1.3 | H12: *** | I12: 1.8 | J12: 3.9 | K12: *** | L12: *** | M12: 1.9 | N12: 3.3 | P12: *** | Q12: 2.3 | R12: 2.3 | S12: 2.4 | U12: 2.3 | V12: 2.4 | W12: 2.2 | Y12: 2.2 | AA12: 2.1
A13: 10-12. | B13: 2.3 | C13: 2.1 | D13: 2.1 | E13: 2.7 | F13: 3 | G13: 1.3 | H13: *** | I13: 2.1 | J13: 3 | K13: *** | L13: *** | M13: 4.8 | N13: 3.3 | P13: *** | Q13: 2.1 | R13: 2.1 | S13: 2.2 | U13: 2.1 | V13: 1.9 | W13: 2.3 | Y13: 1.9 | AA13: 2.4
A14: 2015/ 1- 3. | B14: 3.3 | C14: 1.7 | D14: 1.7 | E14: 2.2 | F14: 3 | G14: 1.2 | H14: *** | I14: 1.5 | J14: 3.1 | K14: *** | L14: *** | M14: 2 | N14: -5.6 | P14: *** | Q14: 1.7 | R14: 1.7 | S14: 1.9 | U14: 1.7 | V14: 1.7 | W14: 1.8 | Y14: 1.8 | AA14: 3.3
A15: 4- 6. | B15: 1.6 | C15: 0.3 | D15: 0.3 | E15: 0.4 | F15: 0 | G15: 1 | H15: *** | I15: -0.3 | J15: 0.8 | K15: *** | L15: *** | M15: 3.4 | N15: -4.1 | P15: *** | Q15: 0.3 | R15: 0.3 | S15: 0.3 | U15: 0.3 | V15: 0.4 | W15: 0 | Y15: 0.8 | AA15: 1.6
A16: 7- 9. | B16: 1.9 | C16: 0.1 | D16: 0.1 | E16: 0.3 | F16: 0.4 | G16: 0.8 | H16: *** | I16: -0.3 | J16: 0.6 | K16: *** | L16: *** | M16: 1.8 | N16: -6.9 | P16: *** | Q16: 0.2 | R16: 0.2 | S16: 0.3 | U16: 0.2 | V16: 0.3 | W16: -0.2 | Y16: 0.7 | AA16: 1.9
A17: 10-12. | B17: 1.6 | C17: 0.2 | D17: 0.1 | E17: 0.3 | F17: 0.3 | G17: 0.3 | H17: *** | I17: -0.2 | J17: 0.4 | K17: *** | L17: *** | M17: -4.4 | N17: -11.8 | P17: *** | Q17: 0.1 | R17: 0.1 | S17: 0.2 | U17: 0.1 | V17: 0.2 | W17: 0 | Y17: 0.3 | AA17: 1.7
A18: 2016/ 1- 3. | B18: 1 | C18: -0.2 | D18: -0.2 | E18: -0.1 | F18: -0.4 | G18: -0.5 | H18: *** | I18: 0.3 | J18: -0.7 | K18: *** | L18: *** | M18: -6.7 | N18: -13.7 | P18: *** | Q18: -0.3 | R18: -0.3 | S18: -0.3 | U18: -0.3 | V18: -0.3 | W18: 0 | Y18: -0.6 | AA18: 1.1
A19: 4- 6. | B19: 0.6 | C19: -0.4 | D19: -0.4 | E19: -0.4 | F19: -0.6 | G19: -1.1 | H19: *** | I19: -0.2 | J19: -1.3 | K19: *** | L19: *** | M19: -9.9 | N19: -15.8 | P19: *** | Q19: -0.5 | R19: -0.5 | S19: -0.6 | U19: -0.5 | V19: -0.6 | W19: -0.4 | Y19: -1 | AA19: 0.6
A20: 7- 9. | B20: 0 | C20: -0.7 | D20: -0.7 | E20: -0.6 | F20: -1 | G20: -1.4 | H20: *** | I20: -0.3 | J20: -1.2 | K20: *** | L20: *** | M20: -11.3 | N20: -15.6 | P20: *** | Q20: -0.8 | R20: -0.8 | S20: -0.9 | U20: -0.8 | V20: -0.8 | W20: -0.6 | Y20: -1.3 | AA20: 0
A21: 10-12. | B21: 0.1 | C21: 0 | D21: 0 | E21: 0.1 | F21: -0.1 | G21: -0.7 | H21: *** | I21: -0.5 | J21: -0.2 | K21: *** | L21: *** | M21: -5.4 | N21: -7.8 | P21: *** | Q21: -0.2 | R21: -0.2 | S21: -0.3 | U21: -0.2 | V21: -0.2 | W21: -0.5 | Y21: -0.5 | AA21: 0.1
... A55: 4- 6. | B55: 3 | C55: 2.3 | D55: 2.4 | E55: 2.8 | F55: 2.7 | G55: 2.5 | H55: *** | I55: 2.1 | J55: 2.9 | K55: *** | L55: *** | M55: -3.8 | N55: -6.5 | P55: *** | Q55: 2.3 | R55: 2.3 | S55: 2.4 | U55: 2.3 | V55: 2.3 | W55: 2.3 | Y55: 2.6 | AA55: 3.1

Sheet def-qk
A1: 四半期デフレーター季節調整系列 | P1: <参考> | Y1: (2015暦年＝100)
A2: =VLOOKUP(A1,目次!B:C,2,0) -> 사분기 디플레이터, 계절조정계열 | P2: <참고> | Y2: 2015년 = 100
B4: 国内総生産 (支出側) | C4: 民間最終 消費支出 | D4: 家計最終 消費支出 | E4: 除く持ち家の 帰属家賃 | F4: 民間住宅 | G4: 民間企業 設備 | H4: 民間在庫 変動 | I4: 政府最終 消費支出 | J4: 公的固定 資本形成 | K4: 公的在庫 変動 | L4: 財貨・サービス | P4: 海外からの所得 | S4: 国民総所得 | U4: 国内需要 | V4: 民間需要 | W4: 公的需要 | Y4: 総固定 資本形成 | AA4: 最終需要
L5: 純輸出 | M5: 輸出 | N5: 輸入 | P5: 純受取 | Q5: 受取 | R5: 支払
B6: =HLOOKUP(B4,'gaku-jg'!4:8,3,0) -> GDP (Expenditure Approach) | C6: =HLOOKUP(C4,'gaku-jg'!4:8,3,0) -> Private Consumption | D6: =HLOOKUP(D4,'gaku-jg'!4:8,3,0) -> Consumption of Households | E6: =HLOOKUP(E4,'gaku-jg'!4:8,3,0) -> Excluding Imputed Rent | F6: =HLOOKUP(F4,'gaku-jg'!4:8,3,0) -> Private Residential Investment | G6: =HLOOKUP(G4,'gaku-jg'!4:8,3,0) -> Private Non-Resi. Investment | H6: =HLOOKUP(H4,'gaku-jg'!4:8,3,0) -> Change in Private Inventories | I6: =HLOOKUP(I4,'gaku-jg'!4:8,3,0) -> Government Consumption | ... L6: =HLOOKUP(L4,'gaku-jg'!4:8,3,0) -> Goods & Services | P6: =HLOOKUP(P4,'gaku-jg'!4:8,3,0) -> Income from /to the Rest of the World | S6: =HLOOKUP(S4,'gaku-jg'!4:8,3,0) -> GNI | U6: =HLOOKUP(U4,'gaku-jg'!4:8,3,0) -> Domestic Demand | V6: =HLOOKUP(V4,'gaku-jg'!4:8,3,0) -> Private Demand | W6: =HLOOKUP(W4,'gaku-jg'!4:8,3,0) -> Public Demand | Y6: =HLOOKUP(Y4,'gaku-jg'!4:8,3,0) -> Gross Fixed Capital Formation | AA6: =HLOOKUP(AA4,'gaku-jg'!4:8,3,0) -> Final Sales of Domestic Product
L7: =HLOOKUP(L5,'gaku-jg'!5:9,3,0) -> Net Exports | M7: =HLOOKUP(M5,'gaku-jg'!5:9,3,0) -> Exports | N7: =HLOOKUP(N5,'gaku-jg'!5:9,3,0) -> Imports | P7: =HLOOKUP(P5,'gaku-jg'!5:9,3,0) -> Net | Q7: =HLOOKUP(Q5,'gaku-jg'!5:9,3,0) -> Receipt | R7: =HLOOKUP(R5,'gaku-jg'!5:9,3,0) -> Payment
B8: =HLOOKUP(B6,'gaku-jg'!6:10,3,0) -> 국내총생산 (지출측) | C8: =HLOOKUP(C6,'gaku-jg'!6:10,3,0) -> 민간최종 소비지출 | D8: =HLOOKUP(D6,'gaku-jg'!6:10,3,0) -> 가계최종 소비지출 | E8: =HLOOKUP(E6,'gaku-jg'!6:10,3,0) -> 주택 의제 임차료 제외 | F8: =HLOOKUP(F6,'gaku-jg'!6:10,3,0) -> 민간주택 | G8: =HLOOKUP(G6,'gaku-jg'!6:10,3,0) -> 민간기업 설비 | H8: =HLOOKUP(H6,'gaku-jg'!6:10,3,0) -> 민간재고 변동 | I8: =HLOOKUP(I6,'gaku-jg'!6:10,3,0) -> 정부최종 소비지출 | ... L8: =HLOOKUP(L6,'gaku-jg'!6:10,3,0) -> 재화 및 서비스 | P8: =HLOOKUP(P6,'gaku-jg'!6:10,3,0) -> 해외로부터의 소득 | S8: =HLOOKUP(S6,'gaku-jg'!6:10,3,0) -> 국민총소득 | U8: =HLOOKUP(U6,'gaku-jg'!6:10,3,0) -> 국내수요 | V8: =HLOOKUP(V6,'gaku-jg'!6:10,3,0) -> 민간수요 | W8: =HLOOKUP(W6,'gaku-jg'!6:10,3,0) -> 공적수요 | Y8: =HLOOKUP(Y6,'gaku-jg'!6:10,3,0) -> 총고정 자본형성 | AA8: =HLOOKUP(AA6,'gaku-jg'!6:10,3,0) -> 최종수요
L9: =HLOOKUP(L7,'gaku-jg'!7:11,3,0) -> 순수출 | M9: =HLOOKUP(M7,'gaku-jg'!7:11,3,0) -> 수출 | N9: =HLOOKUP(N7,'gaku-jg'!7:11,3,0) -> 수입 | P9: =HLOOKUP(P7,'gaku-jg'!7:11,3,0) -> 순수취 | Q9: =HLOOKUP(Q7,'gaku-jg'!7:11,3,0) -> 수취 | R9: =HLOOKUP(R7,'gaku-jg'!7:11,3,0) -> 지불
A10: 2014/ 1- 3. | B10: 96.4 | C10: 98.1 | D10: 98.1 | E10: 97.5 | F10: 97 | G10: 98.6 | H10: *** | I10: 98.7 | J10: 97.1 | K10: *** | L10: *** | M10: 97.8 | N10: 107.6 | P10: *** | Q10: 98.2 | R10: 98.6 | S10: 98 | U10: 98.2 | V10: 98.1 | W10: 98.4 | Y10: 98.1 | AA10: 96.4
A11: 4- 6. | B11: 98.4 | C11: 99.9 | D11: 99.9 | E11: 99.8 | F11: 99.9 | G11: 99.1 | H11: *** | I11: 100.1 | J11: 99.4 | K11: *** | L11: *** | M11: 97.7 | N11: 105.9 | P11: *** | Q11: 99.6 | R11: 100 | S11: 99.8 | U11: 99.8 | V11: 99.8 | W11: 99.9 | Y11: 99.3 | AA11: 98.3
A12: 7- 9. | B12: 98.4 | C12: 100 | D12: 100 | E12: 99.9 | F12: 99.8 | G12: 99.4 | H12: *** | I12: 100.2 | J12: 99.7 | K12: *** | L12: *** | M12: 99.7 | N12: 108 | P12: *** | Q12: 99.9 | R12: 100.4 | S12: 99.8 | U12: 99.9 | V12: 99.8 | W12: 100.1 | Y12: 99.5 | AA12: 98.4
A13: 10-12. | B13: 98.7 | C13: 99.9 | D13: 99.9 | E13: 99.8 | F13: 99.8 | G13: 99.6 | H13: *** | I13: 100.3 | J13: 99.1 | K13: *** | L13: *** | M13: 102 | N13: 108.9 | P13: *** | Q13: 99.8 | R13: 100.3 | S13: 99.8 | U13: 99.9 | V13: 99.8 | W13: 100.1 | Y13: 99.5 | AA13: 98.6
A14: 2015/ 1- 3. | B14: 99.5 | C14: 99.8 | D14: 99.8 | E14: 99.7 | F14: 100 | G14: 99.8 | H14: *** | I14: 100.1 | J14: 100.1 | K14: *** | L14: *** | M14: 99.9 | N14: 101.9 | P14: *** | Q14: 99.9 | R14: 100.2 | S14: 99.8 | U14: 99.8 | V14: 99.8 | W14: 100.1 | Y14: 99.9 | AA14: 99.5
A15: 4- 6. | B15: 100 | C15: 100.1 | D15: 100.1 | E15: 100.2 | F15: 99.9 | G15: 100.1 | H15: *** | I15: 99.8 | J15: 100.1 | K15: *** | L15: *** | M15: 101.6 | N15: 102 | P15: *** | Q15: 99.9 | R15: 100.3 | S15: 100 | U15: 100.1 | V15: 100.2 | W15: 99.9 | Y15: 100 | AA15: 99.9
A16: 7- 9. | B16: 100.2 | C16: 100.1 | D16: 100.1 | E16: 100.2 | F16: 100.2 | G16: 100.2 | H16: *** | I16: 99.9 | J16: 100.2 | K16: *** | L16: *** | M16: 101.2 | N16: 100.5 | P16: *** | Q16: 100.1 | R16: 100.6 | S16: 100.1 | U16: 100.1 | V16: 100.1 | W16: 100 | Y16: 100.2 | AA16: 100.2
A17: 10-12. | B17: 100.3 | C17: 99.9 | D17: 99.9 | E17: 100 | F17: 100 | G17: 99.8 | H17: *** | I17: 100.2 | J17: 99.6 | K17: *** | L17: *** | M17: 97.3 | N17: 95.7 | P17: *** | Q17: 99.9 | R17: 100.4 | S17: 100 | U17: 100 | V17: 99.9 | W17: 100.1 | Y17: 99.8 | AA17: 100.3
A18: 2016/ 1- 3. | B18: 100.6 | C18: 99.5 | D18: 99.5 | E18: 99.5 | F18: 99.6 | G18: 99.4 | H18: *** | I18: 100.2 | J18: 99.4 | K18: *** | L18: *** | M18: 93.4 | N18: 88 | P18: *** | Q18: 99.6 | R18: 99.8 | S18: 99.6 | U18: 99.6 | V18: 99.5 | W18: 100 | Y18: 99.4 | AA18: 100.6
A19: 4- 6. | B19: 100.4 | C19: 99.7 | D19: 99.7 | E19: 99.8 | F19: 99.3 | G19: 99 | H19: *** | I19: 99.6 | J19: 98.8 | K19: *** | L19: *** | M19: 91.5 | N19: 86.1 | P19: *** | Q19: 99.3 | R19: 99.8 | S19: 99.4 | U19: 99.5 | V19: 99.5 | W19: 99.5 | Y19: 99 | AA19: 100.5
A20: 7- 9. | B20: 100.3 | C20: 99.6 | D20: 99.6 | E20: 99.6 | F20: 99.3 | G20: 98.7 | H20: *** | I20: 99.6 | J20: 99 | K20: *** | L20: *** | M20: 89.8 | N20: 84.8 | P20: *** | Q20: 99.3 | R20: 99.8 | S20: 99.3 | U20: 99.4 | V20: 99.4 | W20: 99.5 | Y20: 98.9 | AA20: 100.3
A21: 10-12. | B21: 100.3 | C21: 99.8 | D21: 99.8 | E21: 100 | F21: 99.8 | G21: 99 | H21: *** | I21: 99.7 | J21: 99.5 | K21: *** | L21: *** | M21: 91.9 | N21: 88.1 | P21: *** | Q21: 99.6 | R21: 100.1 | S21: 99.6 | U21: 99.6 | V21: 99.6 | W21: 99.7 | Y21: 99.3 | AA21: 100.3
... A55: 4- 6. | B55: 112.6 | C55: 113.1 | D55: 113.2 | E55: 116.7 | F55: 125.7 | G55: 117.1 | H55: *** | I55: 107.1 | J55: 123.2 | K55: *** | L55: *** | M55: 119.9 | N55: 124.5 | P55: *** | Q55: 113.3 | R55: 113.6 | S55: 113.4 | U55: 113.5 | V55: 114.6 | W55: 110.1 | Y55: 119.6 | AA55: 112.5
A57: ＊四半期デフレーター季節調整系列＝（名目季節調整系列 / 実質季節調整系列）×１００
A58: 사분기 디플레이터 계절조정계열 = (명목 계절조정계열 / 실질 계절조정계열) × 100

Sheet rdef-qk
A1: 四半期デフレーター季節調整系列(前期比) | P1: <参考> | W1: (2015暦年＝100) | AA1: (単位:％)
A2: =VLOOKUP(A1,目次!B:C,2,0) -> 사분기 디플레이터, 계절조정계열, 전기비 | P2: <참고> | W2: 2015년 = 100 | AA2: 단위: %
B4: 国内総生産 (支出側) | C4: 民間最終 消費支出 | D4: 家計最終 消費支出 | E4: 除く持ち家の 帰属家賃 | F4: 民間住宅 | G4: 民間企業 設備 | H4: 民間在庫 変動 | I4: 政府最終 消費支出 | J4: 公的固定 資本形成 | K4: 公的在庫 変動 | L4: 財貨・サービス | P4: 海外からの所得 | S4: 国民総所得 | U4: 国内需要 | V4: 民間需要 | W4: 公的需要 | Y4: 総固定 資本形成 | AA4: 最終需要
L5: 純輸出 | M5: 輸出 | N5: 輸入 | P5: 純受取 | Q5: 受取 | R5: 支払
B6: =HLOOKUP(B4,'gaku-jg'!4:8,3,0) -> GDP (Expenditure Approach) | C6: =HLOOKUP(C4,'gaku-jg'!4:8,3,0) -> Private Consumption | D6: =HLOOKUP(D4,'gaku-jg'!4:8,3,0) -> Consumption of Households | E6: =HLOOKUP(E4,'gaku-jg'!4:8,3,0) -> Excluding Imputed Rent | F6: =HLOOKUP(F4,'gaku-jg'!4:8,3,0) -> Private Residential Investment | G6: =HLOOKUP(G4,'gaku-jg'!4:8,3,0) -> Private Non-Resi. Investment | H6: =HLOOKUP(H4,'gaku-jg'!4:8,3,0) -> Change in Private Inventories | I6: =HLOOKUP(I4,'gaku-jg'!4:8,3,0) -> Government Consumption | ... L6: =HLOOKUP(L4,'gaku-jg'!4:8,3,0) -> Goods & Services | P6: =HLOOKUP(P4,'gaku-jg'!4:8,3,0) -> Income from /to the Rest of the World | S6: =HLOOKUP(S4,'gaku-jg'!4:8,3,0) -> GNI | U6: =HLOOKUP(U4,'gaku-jg'!4:8,3,0) -> Domestic Demand | V6: =HLOOKUP(V4,'gaku-jg'!4:8,3,0) -> Private Demand | W6: =HLOOKUP(W4,'gaku-jg'!4:8,3,0) -> Public Demand | Y6: =HLOOKUP(Y4,'gaku-jg'!4:8,3,0) -> Gross Fixed Capital Formation | AA6: =HLOOKUP(AA4,'gaku-jg'!4:8,3,0) -> Final Sales of Domestic Product
L7: =HLOOKUP(L5,'gaku-jg'!5:9,3,0) -> Net Exports | M7: =HLOOKUP(M5,'gaku-jg'!5:9,3,0) -> Exports | N7: =HLOOKUP(N5,'gaku-jg'!5:9,3,0) -> Imports | P7: =HLOOKUP(P5,'gaku-jg'!5:9,3,0) -> Net | Q7: =HLOOKUP(Q5,'gaku-jg'!5:9,3,0) -> Receipt | R7: =HLOOKUP(R5,'gaku-jg'!5:9,3,0) -> Payment
B8: =HLOOKUP(B6,'gaku-jg'!6:10,3,0) -> 국내총생산 (지출측) | C8: =HLOOKUP(C6,'gaku-jg'!6:10,3,0) -> 민간최종 소비지출 | D8: =HLOOKUP(D6,'gaku-jg'!6:10,3,0) -> 가계최종 소비지출 | E8: =HLOOKUP(E6,'gaku-jg'!6:10,3,0) -> 주택 의제 임차료 제외 | F8: =HLOOKUP(F6,'gaku-jg'!6:10,3,0) -> 민간주택 | G8: =HLOOKUP(G6,'gaku-jg'!6:10,3,0) -> 민간기업 설비 | H8: =HLOOKUP(H6,'gaku-jg'!6:10,3,0) -> 민간재고 변동 | I8: =HLOOKUP(I6,'gaku-jg'!6:10,3,0) -> 정부최종 소비지출 | ... L8: =HLOOKUP(L6,'gaku-jg'!6:10,3,0) -> 재화 및 서비스 | P8: =HLOOKUP(P6,'gaku-jg'!6:10,3,0) -> 해외로부터의 소득 | S8: =HLOOKUP(S6,'gaku-jg'!6:10,3,0) -> 국민총소득 | U8: =HLOOKUP(U6,'gaku-jg'!6:10,3,0) -> 국내수요 | V8: =HLOOKUP(V6,'gaku-jg'!6:10,3,0) -> 민간수요 | W8: =HLOOKUP(W6,'gaku-jg'!6:10,3,0) -> 공적수요 | Y8: =HLOOKUP(Y6,'gaku-jg'!6:10,3,0) -> 총고정 자본형성 | AA8: =HLOOKUP(AA6,'gaku-jg'!6:10,3,0) -> 최종수요
L9: =HLOOKUP(L7,'gaku-jg'!7:11,3,0) -> 순수출 | M9: =HLOOKUP(M7,'gaku-jg'!7:11,3,0) -> 수출 | N9: =HLOOKUP(N7,'gaku-jg'!7:11,3,0) -> 수입 | P9: =HLOOKUP(P7,'gaku-jg'!7:11,3,0) -> 순수취 | Q9: =HLOOKUP(Q7,'gaku-jg'!7:11,3,0) -> 수취 | R9: =HLOOKUP(R7,'gaku-jg'!7:11,3,0) -> 지불
A10: 2014/ 1- 3. | B10: 0 | C10: 0.2 | D10: 0.2 | E10: 0.3 | F10: 0.1 | G10: 0.2 | H10: *** | I10: 0.6 | J10: 0.8 | K10: *** | L10: *** | M10: -0.1 | N10: 1.5 | P10: *** | Q10: 0.4 | R10: 0.3 | S10: 0.3 | U10: 0.3 | V10: 0.1 | W10: 0.6 | Y10: 0.3 | AA10: 0
A11: 4- 6. | B11: 2.1 | C11: 1.8 | D11: 1.9 | E11: 2.3 | F11: 3 | G11: 0.5 | H11: *** | I11: 1.4 | J11: 2.4 | K11: *** | L11: *** | M11: 0 | N11: -1.6 | P11: *** | Q11: 1.4 | R11: 1.4 | S11: 1.8 | U11: 1.7 | V11: 1.7 | W11: 1.5 | Y11: 1.2 | AA11: 2
A12: 7- 9. | B12: 0 | C12: 0.1 | D12: 0.1 | E12: 0.1 | F12: -0.1 | G12: 0.4 | H12: *** | I12: 0.2 | J12: 0.3 | K12: *** | L12: *** | M12: 2 | N12: 2 | P12: *** | Q12: 0.3 | R12: 0.4 | S12: 0 | U12: 0 | V12: 0 | W12: 0.2 | Y12: 0.3 | AA12: 0.1
A13: 10-12. | B13: 0.3 | C13: -0.1 | D13: -0.1 | E13: -0.1 | F13: 0 | G13: 0.2 | H13: *** | I13: 0.1 | J13: -0.6 | K13: *** | L13: *** | M13: 2.3 | N13: 0.9 | P13: *** | Q13: 0 | R13: 0 | S13: 0 | U13: 0 | V13: 0 | W13: 0 | Y13: 0 | AA13: 0.2
A14: 2015/ 1- 3. | B14: 0.8 | C14: -0.1 | D14: -0.1 | E14: -0.1 | F14: 0.2 | G14: 0.2 | H14: *** | I14: -0.3 | J14: 1.1 | K14: *** | L14: *** | M14: -2.1 | N14: -6.5 | P14: *** | Q14: 0.1 | R14: -0.2 | S14: 0 | U14: -0.1 | V14: -0.1 | W14: 0 | Y14: 0.4 | AA14: 0.9
A15: 4- 6. | B15: 0.5 | C15: 0.4 | D15: 0.4 | E15: 0.5 | F15: -0.1 | G15: 0.2 | H15: *** | I15: -0.3 | J15: 0 | K15: *** | L15: *** | M15: 1.7 | N15: 0.1 | P15: *** | Q15: 0 | R15: 0.1 | S15: 0.2 | U15: 0.3 | V15: 0.4 | W15: -0.2 | Y15: 0.1 | AA15: 0.4
A16: 7- 9. | B16: 0.2 | C16: 0 | D16: 0 | E16: 0 | F16: 0.3 | G16: 0.2 | H16: *** | I16: 0.1 | J16: 0.1 | K16: *** | L16: *** | M16: -0.4 | N16: -1.5 | P16: *** | Q16: 0.2 | R16: 0.3 | S16: 0 | U16: 0 | V16: 0 | W16: 0.1 | Y16: 0.2 | AA16: 0.3
A17: 10-12. | B17: 0.1 | C17: -0.2 | D17: -0.2 | E17: -0.2 | F17: -0.2 | G17: -0.4 | H17: *** | I17: 0.3 | J17: -0.6 | K17: *** | L17: *** | M17: -3.8 | N17: -4.8 | P17: *** | Q17: -0.2 | R17: -0.2 | S17: -0.1 | U17: -0.1 | V17: -0.2 | W17: 0.1 | Y17: -0.4 | AA17: 0
A18: 2016/ 1- 3. | B18: 0.3 | C18: -0.4 | D18: -0.4 | E18: -0.4 | F18: -0.3 | G18: -0.5 | H18: *** | I18: 0 | J18: -0.2 | K18: *** | L18: *** | M18: -4 | N18: -8 | P18: *** | Q18: -0.3 | R18: -0.6 | S18: -0.4 | U18: -0.3 | V18: -0.4 | W18: -0.1 | Y18: -0.4 | AA18: 0.3
A19: 4- 6. | B19: -0.2 | C19: 0.2 | D19: 0.2 | E19: 0.2 | F19: -0.3 | G19: -0.3 | H19: *** | I19: -0.6 | J19: -0.5 | K19: *** | L19: *** | M19: -2.1 | N19: -2.2 | P19: *** | Q19: -0.3 | R19: 0 | S19: -0.2 | U19: -0.2 | V19: 0 | W19: -0.6 | Y19: -0.4 | AA19: -0.1
A20: 7- 9. | B20: -0.2 | C20: -0.1 | D20: -0.1 | E20: -0.1 | F20: -0.1 | G20: -0.3 | H20: *** | I20: 0 | J20: 0.2 | K20: *** | L20: *** | M20: -1.8 | N20: -1.5 | P20: *** | Q20: 0 | R20: 0 | S20: -0.1 | U20: -0.1 | V20: -0.1 | W20: 0 | Y20: -0.2 | AA20: -0.2
A21: 10-12. | B21: 0 | C21: 0.3 | D21: 0.3 | E21: 0.4 | F21: 0.6 | G21: 0.3 | H21: *** | I21: 0.1 | J21: 0.5 | K21: *** | L21: *** | M21: 2.4 | N21: 3.9 | P21: *** | Q21: 0.3 | R21: 0.3 | S21: 0.3 | U21: 0.3 | V21: 0.3 | W21: 0.2 | Y21: 0.4 | AA21: 0.1
... A55: 4- 6. | B55: 1.1 | C55: 0 | D55: 0 | E55: 0 | F55: 1.3 | G55: 0.6 | H55: *** | I55: 0.5 | J55: 0.9 | K55: *** | L55: *** | M55: -2.7 | N55: -5.4 | P55: *** | Q55: 0.4 | R55: 0.4 | S55: 0.5 | U55: 0.4 | V55: 0.3 | W55: 0.6 | Y55: 0.8 | AA55: 1

Sheet 출처
B2: 四半期別GDP速報
B3: 자료 원본: | C3: https://www.esri.cao.go.jp/jp/sna/data/data_list/sokuhou/files/2025/qe252_2/pdf/jikei_1.pdf
